Workbook
Name _____________________________________________________TEP44: #N/A
Name _____________________________________________________TEP44: #N/A
Name _____________________________________________________TEP44: #N/A
Name _____________________________________________________TZ216: #N/A
Name _____________________________________________________TZ216: #N/A
Name _____________________________________________________TZ216: #N/A
Name ____________________________________________________ADM4: [1]BASE!$D$120
Name ____________________________________________________ADM4: [2]BASE!$D$120
Name ____________________________________________________AIU1: #REF!
Name ____________________________________________________AIU1: #REF!
Name ____________________________________________________AIU1: #REF!
Name ____________________________________________________TPE1132: #N/A
Name ____________________________________________________TPE1132: #N/A
Name ____________________________________________________TPE1132: #N/A
Name ____________________________________________________TPE12: #REF!
Name ____________________________________________________TPE12: #REF!
Name ____________________________________________________TPE12: #REF!
Name ____________________________________________________TPE1331: #N/A
Name ____________________________________________________TPE1331: #N/A
Name ____________________________________________________TPE1331: #N/A
Name ____________________________________________________TPE1702: #N/A
Name ____________________________________________________TPE1702: #N/A
Name ____________________________________________________TPE1702: #N/A
Name ____________________________________________________TPE1703: #N/A
Name ____________________________________________________TPE1703: #N/A
Name ____________________________________________________TPE1703: #N/A
Name ____________________________________________________TPE1704: #N/A
Name ____________________________________________________TPE1704: #N/A
Name ____________________________________________________TPE1704: #N/A
Name ____________________________________________________TPE1706: #N/A
Name ____________________________________________________TPE1706: #N/A
Name ____________________________________________________TPE1706: #N/A
Name ____________________________________________________TPE1708: #N/A
Name ____________________________________________________TPE1708: #N/A
Name ____________________________________________________TPE1708: #N/A
Name ____________________________________________________TPE1710: #N/A
Name ____________________________________________________TPE1710: #N/A
Name ____________________________________________________TPE1710: #N/A
Name ____________________________________________________TPE1735: #N/A
Name ____________________________________________________TPE1735: #N/A
Name ____________________________________________________TPE1735: #N/A
Name ____________________________________________________TPE1763: #N/A
Name ____________________________________________________TPE1763: #N/A
Name ____________________________________________________TPE1763: #N/A
Name ____________________________________________________TPE1790: #N/A
Name ____________________________________________________TPE1790: #N/A
Name ____________________________________________________TPE1790: #N/A
Name ____________________________________________________TUZ22: '[3]BASE ORIGINAL'!#REF!
Name ____________________________________________________TUZ22: '[3]BASE ORIGINAL'!#REF!
Name ____________________________________________________TUZ22: '[4]BASE ORIGINAL'!#REF!
Name ____________________________________________________TUZ22: '[3]BASE ORIGINAL'!#REF!
Name ____________________________________________________TUZ36: '[3]BASE ORIGINAL'!#REF!
Name ____________________________________________________TUZ36: '[3]BASE ORIGINAL'!#REF!
Name ____________________________________________________TUZ36: '[4]BASE ORIGINAL'!#REF!
Name ____________________________________________________TUZ36: '[3]BASE ORIGINAL'!#REF!
Name ____________________________________________________TZ214: #N/A
Name ____________________________________________________TZ214: #N/A
Name ____________________________________________________TZ214: #N/A
Name ____________________________________________________TZ323: '[3]BASE ORIGINAL'!#REF!
Name ____________________________________________________TZ323: '[3]BASE ORIGINAL'!#REF!

Sheet PPTO
A1: SUMINISTRO, TRANSPORTE, INSTALACIÓN, PUESTA EN FUNCIONAMIENTO Y CAPACITACIÓN PARA LA OPERACIÓN DE SISTEMAS SÉPTICOS INDIVIDUALES PARA EL TRATAMIENTO DE AGUAS RESIDUALES DOMÉSTICAS EN LA ZONA RURAL DEL MUNICIPIO DE ANGELÓPOLIS, EN EL MARCO DEL CONVENIO INTERADMINISTRATIVO NO. 040-COV2509-33 SUSCRITO CON CORANTIOQUIA
A3: SAMC-004-2026 | G3: MUN_ANG
A4: VALOR INICIAL ($162.719.385) | G4: SEG_OBRA_
A5: ITEM | B5: DESCRIPCION | C5: CANTIDADES CONTRACTUALES | G5: CANTIDADES ACUMULADAS
C6: UND | D6: CANTIDAD | E6: VL UNITARIO | F6: VALOR TOTAL
B7: Subtotal instalación | C7: TOTAL | E7: =SUM(F8:F49) -> 21592046 | G7: TOTAL
A8: 1 | B8: Excavación manual en material común y/o suelo rocoso hasta 4 m de profundidad, bajo cualquier grado de humedad | C8: m3 | D8: 99 | E8: 43551.375 | F8: =D8*E8 -> 4311586.1
A9: 1.1 | B9: Excavación en roca a cualquier profundidad | C9: m3 | D9: 0.8 | E9: 228176.86 | F9: =D9*E9 -> 182541.49
A10: 1.2 | B10: Lleno y apisonado de zanjas y apiques con material selecto de la excavación, incluye acarreo interno | C10: m3 | D10: 57.9 | E10: 29034.25 | F10: =D10*E10 -> 1681083.1
A11: 1.3 | B11: Regada de material proveniente de la excavación y conformación del terreno | C11: m3 | D11: 41.1 | E11: 3484.11 | F11: =D11*E11 -> 143196.92
A12: 1.4 | B12: I. Tubería pvc-s de ø2" (50 mm). Efluente+purga. incluye accesorios. | C12: m | D12: 166.5 | E12: 5061.42 | F12: =D12*E12 -> 842726.43
A13: 1.5 | B13: I. Tubería pvc-s de ø3" (75 mm). Incluye accesorios | C13: m | D13: 129 | E13: 6326.775 | F13: =D13*E13 -> 816153.97
A14: 1.6 | B14: I. Tubería pvc-s de ø4" (100 mm). Incluye accesorios | C14: m | D14: 0 | E14: 6326.775 | F14: =D14*E14 -> 0
A15: 1.7 | B15: I. Tubería pvc-s de ø2" (50 mm). Trampa de grasas.Incluye accesorios | C15: m | D15: 96 | E15: 5061.42 | F15: =D15*E15 -> 485896.32
A16: 1.8 | B16: I. De sifón S.R. De 135° en pvc-s ø3" para control de olores (pozo) | C16: un | D16: 15 | E16: 8298.4125 | F16: =D16*E16 -> 124476.19
A17: 1.9 | B17: I. De sifón S.R. De 135° en pvc-s ø3" para control de olores (trampa grasa) | C17: un | D17: 15 | E17: 8298.4125 | F17: =D17*E17 -> 124476.19
A18: 2 | B18: I. De sifón S.R. De 135° en pvc-s ø4" para control de olores | C18: un | D18: 0 | E18: 11064.55 | F18: =D18*E18 -> 0
A19: 2.1 | B19: I. Sistema séptico y FAFA prefabricado en P.R.F.V (Poliéster Reforzado Con Fibra De Vidrio) con capacidad para atender una población entre tres a nueve (3 a 9) habitantes, (incluye: accesorios internos, material filtrante para el FAFA que garanticen un área superficial de contacto ≥ 90m2/m3, tubería de PVC-S ø2" con accesorios y malla mosquitera doble. Volumen de 1,500-1,800 litros. | C19: un | D19: 15 | E19: 566956.25 | F19: =D19*E19 -> 8504343.8
... A49: 5.1 | B49: S.T.I Caja de inspección | C49: un | D49: 0 | E49: 275919.45 | F49: =D49*E49 -> 0
B50: Subtotal suministros | C50: TOTAL | E50: =SUM(F51:F89) -> 1.1197469e+08
A51: 5.3 | B51: S.T. Tubería pvc-s de ø2" (50 mm) incluye accesorios. (ver A.P.U) | C51: m | D51: 166.5 | E51: 43157.043 | F51: =D51*E51 -> 7185647.7
A52: 5.4 | B52: S.T. Tubería pvc-s de ø3" (75 mm). Incluye accesorios (ver A.P.U) | C52: m | D52: 129 | E52: 35769.792 | F52: =D52*E52 -> 4614303.2
A53: 5.5 | B53: S.T. Tubería pvc-s de ø4" (100 mm). Incluye accesorios (ver A.P.U) | C53: m | D53: 0 | E53: 46954.374 | F53: =D53*E53 -> 0
A54: 5.6 | B54: S.T. Tubería pvc-s de ø2" (50 mm). Trampa de grasa. Incluye accesorios | C54: m | D54: 96 | E54: 26674.057 | F54: =D54*E54 -> 2560709.4
A55: 5.7 | B55: S.T. De sifón s.r. De 135° en pvc-s ø3" para control de olores (ver A.P.U) (pozo) | C55: un | D55: 15 | E55: 48964.829 | F55: =D55*E55 -> 734472.44
A56: 5.8 | B56: S.T. De sifón s.r. De 135° en pvc-s ø3" para control de olores (ver A.P.U) (trampa grasa) | C56: un | D56: 15 | E56: 48964.829 | F56: =D56*E56 -> 734472.44
A57: 5.9 | B57: S.T. De sifón s.r. De 135° en pvc-s ø4" para control de olores (ver A.P.U) | C57: un | D57: 0 | E57: 91315.927 | F57: =D57*E57 -> 0
A58: 6 | B58: S.T. Sistema séptico y FAFA prefabricado en P.R.F.V (Poliéster Reforzado Con Fibra De Vidrio) con capacidad para atender una población entre 3 a nueve (3 a 9) habitantes, (incluye: accesorios internos, material filtrante para el FAFA que garanticen un área superficial de contacto ≥ 90m2/m3, tubería de PVC-S ø2" con accesorios y malla mosquitera doble. Volumen de 1,500-1,800 litros. | C58: un | D58: 15 | E58: 4284983.7 | F58: =D58*E58 -> 64274756
A59: 6.1 | B59: S.T trampa de grasas prefabricada en P.R.F.V (Poliéster Reforzado con Fibra De Vidrio) con capacidad para atender una población de tres a nueve (3 a 9) habitantes | C59: un | D59: 15 | E59: 842599.2 | F59: =D59*E59 -> 12638988
A60: 6.2 | B60: S.T. Sistema séptico y FAFA prefabricado en P.R.F.V (Poliéster Reforzado Con Fibra De Vidrio) con capacidad para atender una población de diez a quince (10 a 15) habitantes, (incluye: accesorios internos, material filtrante para el FAFA que garanticen un área superficial de contacto ≥ 90m2/m3, tubería de PVC-S ø2" con accesorios y malla mosquitera doble. Volumen de 2,300-2,500 litros. | C60: un | D60: 0 | E60: 5486288.7 | F60: =D60*E60 -> 0
A61: 6.3 | B61: S.T trampa de grasas prefabricado en P.R.F.V(Poliéster Reforzado con Fibra De Vidrio) con capacidad para atender una población de diez a quince (10 a 15) habitantes | C61: un | D61: 0 | E61: 1057862.3 | F61: =D61*E61 -> 0
A62: 6.4 | B62: S.T. Sistema séptico y FAFA prefabricado en P.R.F.V (Poliéster Reforzado Con Fibra De Vidrio) con capacidad para atender una población de dieciséis a veinte (16 a 20) habitantes, (incluye: accesorios internos, material filtrante para el FAFA que garanticen un área superficial de contacto ≥ 90m2/m3, tubería de PVC-S ø2" con accesorios y malla mosquitera doble. Volumen de 3,000-3,300 litros. | C62: un | D62: 0 | E62: 7005383.2 | F62: =D62*E62 -> 0
... A89: 9.1 | B89: S.T.I Caja de inspección | C89: un | D89: 0 | E89: 184604.83 | F89: =D89*E89 -> 0
A90: SUBTOTAL COSTOS DIRECTOS + MANO DE OBRA NO CALIFICADA | E90: =E7+E50 -> 1.3356674e+08
A91: IVA EXCLUIBLE | E91: =E90*12.6948838280482% -> 16956142
A92: TOTAL COSTOS DIRECTOS SIN IVA EXCLUIBLE | E92: =E90-E91 -> 1.1661059e+08
A93: AU | D93: ='Vr. A.U.'!K54 -> 0.21737828 | E93: ='Vr. A.U.'!J54 -> 29034507
A94: SUBTOTAL ( Costos Directos) CON IVA EXCLUIBLE | E94: =E90+E93 -> 1.6260124e+08
A95: APORTES EN DINERO CORANTIOQUIA | E95: 1.4771939e+08
A96: APORTES EN DINERO CORANTIOQUIA SIN IVA EXCLUIBLE | E96: 1.3076324e+08
A97: PERMISO VERTIMIENTOS | E97: 0
A98: TOTAL CON IVA EXCLUIBLE | E98: =E94+E97 -> 1.6260124e+08
A99: TOTAL SIN IVA EXCLUIBLE | E99: =E98-E91 -> 1.456451e+08

Sheet Vr. A.U.
F3: DISCRIMINACION DE LOS COSTOS DE ADMINISTRACION, LOS IMPREVISTOS Y LA UTILIDAD
C5: COSTO DIRECTO SIN IVA EXCLUIBLE | G5: PLAZO | I5: ANTICIPO SOLICITADO
C6: =PPTO!E90 -> 1.3356674e+08 | G6: 4 | I6: 0 | J6: =+C6*I6 -> 0
C8: Descripción | D8: Unidad | E8: Cantidad | F8: Duracion | G8: Dedicacion | H8: Valor Unitario | I8: S. Social | J8: Valor Total | K8: %
B10: 1. | C10: Personal de obra | J10: =SUM(J11:J17) -> 2389572 | K10: =+J10/$C$6 -> 0.017890472
B11: 1.1 | C11: Director de obra | D11: Mes | E11: 0 | F11: 4 | G11: 0.51627714 | H11: 7493940 | J11: =F11*E11*G11*H11*(1+I11) -> 0 | K11: =+J11/$C$6 -> 0
B12: 1.2 | C12: Residente(s) de obra | D12: Mes | E12: 1 | F12: 3 | G12: 0.14732172 | H12: 5406697.5 | J12: =F12*E12*G12*H12*(1+I12) -> 2389572 | K12: =+J12/$C$6 -> 0.017890472
B13: 1.3 | C13: Ingeniero ambiental / SST | D13: Mes | E13: 0 | F13: 0 | G13: 1 | H13: 4500000 | J13: =F13*E13*G13*H13*(1+I13) -> 0 | K13: =+J13/$C$6 -> 0
B15: 1.8 | C15: Almacenista(s) | D15: Mes | E15: 0 | F15: =+$G$6 -> 4 | G15: 1 | H15: 1100000 | I15: =+'[76]IV. MANO DE OBRA'!$G$15 -> 0.6929 | J15: =F15*E15*G15*H15*(1+I15) -> 0 | K15: =+J15/$C$6 -> 0
B16: 1.9 | C16: Vigilante(s) | D16: Mes | F16: =+$G$6 -> 4 | G16: 1 | H16: 750000 | I16: =+'[76]IV. MANO DE OBRA'!$G$15 -> 0.6929 | J16: =F16*E16*G16*H16*(1+I16) -> 0 | K16: =+J16/$C$6 -> 0
B18: 2. | C18: Costos de servicios públicos y telecomunicaciones | J18: =SUM(J19:J20) -> 552000 | K18: =+J18/$C$6 -> 0.0041327655
B19: 2.2 | C19: Servicios publicos | D19: Mes | E19: 1 | F19: 2 | G19: 1 | H19: 150000 | J19: =+F19*E19*G19*H19 -> 300000 | K19: =+J19/$C$6 -> 0.0022460682
B20: 2.2 | C20: Comunicaciones | D20: Mes | E20: 1 | F20: 2 | G20: 1 | H20: 126000 | J20: =+F20*E20*G20*H20 -> 252000 | K20: =+J20/$C$6 -> 0.0018866973
B21: 3. | C21: Costos de dotación campamento e instalaciones provisionales | J21: =SUM(J22:J22) -> 0 | K21: =+J21/$C$6 -> 0
B22: 3.1 | C22: Campamento/oficinas/almacén | D22: glb | E22: 0 | F22: 4 | G22: 1 | H22: 550000 | J22: =+F22*E22*G22*H22 -> 0 | K22: =+J22/$C$6 -> 0
B23: 4. | C23: Otros gastos generales | J23: =SUM(J24:J27) -> 0 | K23: =SUM(K24:K27) -> 0
B24: 4.1 | C24: Viaticos personal profesional | D24: mes | E24: 0 | F24: 4 | G24: 1 | H24: 1300000 | J24: =+F24*E24*G24*H24 -> 0 | K24: =+J24/$C$6 -> 0
B25: 4.2 | C25: Papelería, planos, permisos e insumos oficina | D25: mes | E25: 0 | F25: 4 | G25: 1 | H25: 200000 | J25: =+F25*E25*G25*H25 -> 0 | K25: =+J25/$C$6 -> 0
B26: 4.3 | C26: Valla informativa | D26: un | E26: 0 | F26: 1 | G26: 1 | H26: 1800000 | J26: =+F26*E26*G26*H26 -> 0 | K26: =+J26/$C$6 -> 0
B27: 4.4 | C27: Dotacion EPPS | D27: un | E27: 0 | F27: 1 | G27: 1 | H27: =+[76]EPPS!G14 -> 476745.36 | J27: =+F27*E27*G27*H27 -> 0 | K27: =+J27/$C$6 -> 0
B28: 5. | C28: Garantias y gastos de legalizacion | J28: =SUM(J30:J36) -> 715255.09 | K28: =+J28/$C$6 -> 0.0053550391
C29: Tipo de Garantia | F29: Valores Asegurados | H29: Cobertura | I29: Tasa | J29: Prima (Incluido IVA)
B30: 5.1 | C30: Cumplimiento | E30: 0.2 | G30: =+E30*$C$6 -> 26713347 | H30: =$G$6*30+(6*30) -> 300 | I30: 0.003 | J30: =+H30/365*(G30*I30)*(1+16%) -> 76407.492 | K30: =+J30/$C$6 -> 0.00057205479
B31: 5.2 | C31: Buen Manejo y Correcta Inversión del Anticipo | E31: 100% del anticipo | G31: =100%*J6 -> 0 | H31: =$G$6*30+(6*30) -> 300 | I31: 0.002 | J31: =+H31/365*(G31*I31)*(1+16%) -> 0 | K31: =+J31/$C$6 -> 0
B32: 5.3 | C32: Salarios y Prestaciones Sociales | E32: 0.1 | G32: =+E32*$C$6 -> 13356674 | H32: =$G$6*30+(3*360) -> 1200 | I32: 0.002 | J32: =+H32/365*(G32*I32)*(1+16%) -> 101876.66 | K32: =+J32/$C$6 -> 0.00076273973
B33: 5.4 | C33: Estabilidad y Calidad de la Obras | E33: 0.2 | G33: =+E33*$C$6 -> 26713347 | H33: =$G$6*30+(5*360) -> 1920 | I33: 0.003 | J33: =+H33/365*(G33*I33)*(1+16%) -> 489007.95 | K33: =+J33/$C$6 -> 0.0036611507
B34: 5.5 | C34: Responsabilidad Civil | E34: 0.2 | G34: =+E34*$C$6 -> 26713347 | H34: =$G$6*30 -> 120 | I34: 0.003 | J34: =+H34/365*(G34*I34)*(1+16%) -> 30562.997 | K34: =+J34/$C$6 -> 0.00022882192
B35: 5.6 | C35: Todo Riesgo en Construcción | E35: * | G35: * | H35: * | I35: * | J35: =+IFERROR(H35/365*(G35*I35)*(1+16%),0) -> 0 | K35: =+J35/$C$6 -> 0
B36: 5.7 | C36: Gastos de expedición | J36: =15000*(1+16%) -> 17400 | K36: =+J36/$C$6 -> 0.00013027196
C37: *Debido al riesgo moderado para la comunidad, no se considera necesario tener en cuenta la póliza Todo Riesgo en Construcción.
B38: 6. | C38: Costos de impuestos o carga impositiva | J38: =SUM(J39:J44) -> 20035010 | K38: =+J38/$C$6 -> 0.15
B39: 6.1 | C39: CONTRATO OBRA PUBLICA - RETENCION EN LA FUENTE POR RENTA | D39: % | E39: 1 | G39: 0.02 | J39: =G39*$C$6 -> 2671334.7 | K39: =+J39/$C$6 -> 0.02
B40: 6.2 | C40: IMPUESTO DE SEGURIDAD - FONSET | D40: % | E40: 1 | G40: 0.05 | J40: =G40*$C$6 -> 6678336.8 | K40: =+J40/$C$6 -> 0.05
B41: 6.3 | C41: INDUSTRIA Y COMERCIO | D41: % | E41: 1 | G41: 0.01 | J41: =G41*$C$6 -> 1335667.4 | K41: =+J41/$C$6 -> 0.01
B42: 6.4 | C42: ESTAMPILLA PRO ADULTO MAYOR | D42: % | E42: 1 | G42: 0.04 | J42: =G42*$C$6 -> 5342669.5 | K42: =+J42/$C$6 -> 0.04
B43: 6.5 | C43: ESTAMPILLA PRO HOSPITAL | D43: % | E43: 1 | G43: 0.01 | J43: =G43*$C$6 -> 1335667.4 | K43: =+J43/$C$6 -> 0.01
B44: 6.6 | C44: TASA PRO RECREACION Y DEPORTE | D44: % | E44: 1 | G44: 0.02 | J44: =G44*$C$6 -> 2671334.7 | K44: =+J44/$C$6 -> 0.02
B45: 6.7 | C45: ESTAMPILLA PRO CULTURA | D45: % | E45: 1 | G45: 0.01 | J45: =G45*$C$6 -> 1335667.4 | K45: =+J45/$C$6 -> 0.01
B46: 6.8 | C46: ESTAMPILLA PRO JUSTICIA FAMILIAR | D46: % | E46: 1 | G46: 0.02 | J46: =G46*$C$6 -> 2671334.7 | K46: =+J46/$C$6 -> 0.02
C48: ADMINISTRACION | J48: =SUM(J10,J18,J21,J23,J28,J38) -> 23691838 | K48: =SUM(K38+K28+K23+K21+K18+K10) -> 0.17737828
C50: IMPREVISTO | J50: =+K50*C6 -> 0 | K50: 0
C52: UTILIDAD | J52: =+$K$52*C6 -> 5342669.5 | K52: 0.04
C54: TOTAL A.U. | J54: =SUM(J48:J52) -> 29034507 | K54: =SUM(K48:K52) -> 0.21737828

Sheet  BENEFICIARIOS
A1: LISTADO DE USUARIOS BENEFICIARIOS SEGÚN LA INFORMACIÓN REPORTADA EN LAS "FICHAS DE ASIGNACIÓN Y UBICACIÓN DE TANQUES SÉPTICOS" - (AUNAR ESFUERZOS AUNAR ESFUERZOS PARA CONTRIBUÍR AL SANEAMIENTO HÍDRICO RURAL EN MUNICIPIOS DE LA JURISDICCIÓN DE CORANTIQOUIA 2018)
P2: OCULTAR
A3: FICHA No. | B3: Usuario | C3: Municipio | D3: Vereda / Resguardo Indígena | E3: No. de viviendas beneficiadas | F3: No personas atendidas | G3: Fuente Hídrica mas cercana | H3: Vivienda? SI/NO | I3: Distancia Horizontal Vivienda - T. Séptico (3") en metros lineales | J3: Distancia Horizontal vivienda aTrampa de grasa y trampa de grasas al postratamiento (2") (metros lineales) | K3: Distancia Horizontal T.Séptico-Sitio descarga (m) | L3: Disposición Efluente en Pozo de Absorción | M3: SITIIO DE DESCARGA | N3: Distancia Municipio - Vereda (Km) | P3: CAPACIDAD DE LOS SISTEMAS SEGÚN POBLACIÓN (P) | Y3: Distancia Horizontal Vivienda - T. Séptico (3") en metros lineales | AH3: Distancia Horizontal vivienda aTrampa de grasa y trampa de grasas al postratamiento (2") (metros lineales) | AQ3: Distancia Horizontal T. Séptico - Fuente (m) | AZ3: Distancia Horizontal T. Séptico - Pozo de Absorcion (m) | BJ3: Futuro Sitio de descarga | BL3: DISPOSICIÓN EFLUENTE | BU3: CAPACIDAD TRAMPA DE GRASAS PARA VIVIENDAS | BW3: CAPACIDAD TRAMPA DE GRASAS PARA MULTIUSOS
P4: 3≤ 9 PERS. | Q4: 10<P≤15 | R4: 16<P≤20 | S4: 21<P≤30 | T4: 31<P≤40 | U4: 41<P≤50 | V4: 51<P≤70 | W4: 71<P≤90 | Y4: 3≤ 9 PERS. | Z4: 10<P≤15 | AA4: 16<P≤20 | AB4: 21<P≤30 | AC4: 31<P≤40 | AD4: 41<P≤50 | AE4: 51<P≤70 | AF4: 71<P≤90 | AH4: 3≤ 9 PERS. | AI4: 10<P≤15 | AJ4: 16<P≤20 | AK4: 21<P≤30 | AL4: 31<P≤40 | AM4: 41<P≤50 | AN4: 51<P≤70 | AO4: 71<P≤90 | AQ4: 3≤ 9 PERS. | AR4: 10<P≤15 | AS4: 16<P≤20 | AT4: 21<P≤30 | AU4: 31<P≤40 | AV4: 41<P≤50 | AW4: 51<P≤70 | AX4: 71<P≤90 | AZ4: 3≤ 9 PERS. | BA4: 10<P≤15 | BB4: 16<P≤20 | BC4: 21<P≤30 | BD4: 31<P≤40 | BE4: 41<P≤50 | BF4: 51<P≤70 | BG4: 71<P≤90 | BL4: 3≤ 9 PERS. | BM4: 10<P≤15 | BN4: 16<P≤20 | BO4: 21<P≤30 | BP4: 31<P≤40 | BQ4: 41<P≤50 | BR4: 51<P≤70 | BS4: 71<P≤90 | BU4: 3≤ 9 PERS. | BW4: 3≤ 9 PERS. | BX4: 10<P≤15 | BY4: 16<P≤20 | BZ4: 21<P≤30 | CA4: 31<P≤40 | CB4: 41<P≤50 | CC4: 51<P≤70 | CD4: 71<P≤90
P5: 1500-1800 | Q5: 2300-2500 | R5: 3000-3300 | S5: 4500-5000 | T5: 6000-6500 | U5: 7500-8000 | V5: 10000-12000 | W5: >12500 | Y5: 1500-1800 | Z5: 2300-2500 | AA5: 3000-3300 | AB5: 4500-5000 | AC5: 6000-6500 | AD5: 7500-8000 | AE5: 10000-12000 | AF5: >12500 | AH5: 1500-1800 | AI5: 2300-2500 | AJ5: 3000-3300 | AK5: 4500-5000 | AL5: 6000-6500 | AM5: 7500-8000 | AN5: 10000-12000 | AO5: >12500 | AQ5: 1500-1800 | AR5: 2300-2500 | AS5: 3000-3300 | AT5: 4500-5000 | AU5: 6000-6500 | AV5: 7500-8000 | AW5: 10000-12000 | AX5: >12500 | AZ5: 1500-1800 | BA5: 2300-2500 | BB5: 3000-3300 | BC5: 4500-5000 | BD5: 6000-6500 | BE5: 7500-8000 | BF5: 10000-12000 | BG5: >12500 | BJ5: F = Fuente P = Pozo | BL5: 1500-1800 | BM5: 2300-2500 | BN5: 3000-3300 | BO5: 4500-5000 | BP5: 6000-6500 | BQ5: 7500-8000 | BR5: 10000-12000 | BS5: >12500 | BU5: 1500-1800 | BW5: 1500-1800 | BX5: 2300-2500 | BY5: 3000-3300 | BZ5: 4500-5000 | CA5: 6000-6500 | CB5: 7500-8000 | CC5: 10000-12000 | CD5: >12500
A6: 1 | B6: juan esteban mejia marin | C6: Angelópolis | D6: cascajala | E6: 1 | F6: 3 | G6: N/A | H6: SI | I6: 9 | J6: 5 | K6: 8 | L6: SI | M6: =+IF(L6="","ERROR",IF(L6="SI","SUELO","FUENTE")) -> SUELO | N6: 15 | P6: =IF(F6<10,IF(F6>=1,"X",""),"") -> X | Q6: =IF(F6>=10,IF(F6<=15,"X",""),"") | R6: =IF(F6>15,IF(F6<=20,"X",""),"") | S6: =IF(F6>20,IF(F6<=30,"X",""),"") | T6: =IF(F6>30,IF(F6<=40,"X",""),"") | U6: =IF(F6>40,IF(F6<=50,"X",""),"") | V6: =IF(F6>50,IF(F6<=70,"X",""),"") | W6: =IF(F6>70,IF(F6<=100,"X",""),"") | Y6: =IF(P6="X",$I6,"") -> 9 | Z6: =IF(Q6="X",$I6,"") | AA6: =IF(R6="X",$I6,"") | AB6: =IF(S6="X",$I6,"") | AC6: =IF(T6="X",$I6,"") | AD6: =IF(U6="X",$I6,"") | AE6: =IF(V6="X",$I6,"") | AF6: =IF(W6="X",$I6,"") | AH6: =IF(P6="X",$J6,"") -> 5 | AI6: =IF(Q6="X",$J6,"") | AJ6: =IF(R6="X",$J6,"") | AK6: =IF(S6="X",$J6,"") | AL6: =IF(T6="X",$J6,"") | AM6: =IF(U6="X",$J6,"") | AN6: =IF(V6="X",$J6,"") | AO6: =IF(W6="X",$J6,"") | AQ6: =IF(AND(P6="X",$BJ6="F"),$K6,"") | AR6: =IF(AND(Q6="X",$BJ6="F"),$K6,"") | AS6: =IF(AND(R6="X",$BJ6="F"),$K6,"") | AT6: =IF(AND(S6="X",$BJ6="F"),$K6,"") | AU6: =IF(AND(T6="X",$BJ6="F"),$K6,"") | AV6: =IF(AND(U6="X",$BJ6="F"),$K6,"") | AW6: =IF(AND(V6="X",$BJ6="F"),$K6,"") | AX6: =IF(AND(W6="X",$BJ6="F"),$K6,"") | AZ6: =IF(AND(P6="X",$BJ6="P"),$K6,"") -> 8 | BA6: =IF(AND(Q6="X",$BJ6="P"),$K6,"") | BB6: =IF(AND(R6="X",$BJ6="P"),$K6,"") | BC6: =IF(AND(S6="X",$BJ6="P"),$K6,"") | BD6: =IF(AND(T6="X",$BJ6="P"),$K6,"") | BE6: =IF(AND(U6="X",$BJ6="P"),$K6,"") | BF6: =IF(AND(V6="X",$BJ6="P"),$K6,"") | BG6: =IF(AND(W6="X",$BJ6="P"),$K6,"") | BJ6: =IF(L6="","",IF(L6="SI","P","F")) -> P | BL6: =IF(P6="X",$BJ6,"") -> P | BM6: =IF(Q6="X",$BJ6,"") | BN6: =IF(R6="X",$BJ6,"") | BO6: =IF(S6="X",$BJ6,"") | BP6: =IF(T6="X",$BJ6,"") | BQ6: =IF(U6="X",$BJ6,"") | BR6: =IF(V6="X",$BJ6,"") | BS6: =IF(W6="X",$BJ6,"") | BU6: =IF(H6="SI",E6,"") -> 1 | BW6: =IF(H6="SI",IF(F6<=9,"X",""),"") -> X | BX6: =IF(H6="SI",IF(F6>=10,IF(F6<=15,"X",""),"")) | BY6: =IF(H6="SI",IF(F6>=16,IF(F6<=20,"X",""),"")) | BZ6: =IF(H6="SI",IF(F6>=21,IF(F6<=30,"X",""),"")) | CA6: =IF(H6="SI",IF(F6>=31,IF(F6<=40,"X",""),"")) | CB6: =IF(H6="SI",IF(F6>=41,IF(F6<=50,"X",""),"")) | CC6: =IF(H6="SI",IF(F6>=51,IF(F6<=70,"X",""),"")) | CD6: =IF(H6="SI",IF(F6>=71,IF(F6<=90,"X",""),""))
A7: 2 | B7: luz helena salgado mejia | C7: =C6 -> Angelópolis | D7: cascajala | E7: 1 | F7: 3 | G7: N/A | H7: SI | I7: 8 | J7: 5 | K7: 7 | L7: SI | M7: =+IF(L7="","ERROR",IF(L7="SI","SUELO","FUENTE")) -> SUELO | N7: 16 | P7: =IF(F7<10,IF(F7>=1,"X",""),"") -> X | Q7: =IF(F7>=10,IF(F7<=15,"X",""),"") | R7: =IF(F7>15,IF(F7<=20,"X",""),"") | S7: =IF(F7>20,IF(F7<=30,"X",""),"") | T7: =IF(F7>30,IF(F7<=40,"X",""),"") | U7: =IF(F7>40,IF(F7<=50,"X",""),"") | V7: =IF(F7>50,IF(F7<=70,"X",""),"") | W7: =IF(F7>70,IF(F7<=100,"X",""),"") | Y7: =IF(P7="X",$I7,"") -> 8 | Z7: =IF(Q7="X",$I7,"") | AA7: =IF(R7="X",$I7,"") | AB7: =IF(S7="X",$I7,"") | AC7: =IF(T7="X",$I7,"") | AD7: =IF(U7="X",$I7,"") | AE7: =IF(V7="X",$I7,"") | AF7: =IF(W7="X",$I7,"") | AH7: =IF(P7="X",$J7,"") -> 5 | AI7: =IF(Q7="X",$J7,"") | AJ7: =IF(R7="X",$J7,"") | AK7: =IF(S7="X",$J7,"") | AL7: =IF(T7="X",$J7,"") | AM7: =IF(U7="X",$J7,"") | AN7: =IF(V7="X",$J7,"") | AO7: =IF(W7="X",$J7,"") | AQ7: =IF(AND(P7="X",$BJ7="F"),$K7,"") | AR7: =IF(AND(Q7="X",$BJ7="F"),$K7,"") | AS7: =IF(AND(R7="X",$BJ7="F"),$K7,"") | AT7: =IF(AND(S7="X",$BJ7="F"),$K7,"") | AU7: =IF(AND(T7="X",$BJ7="F"),$K7,"") | AV7: =IF(AND(U7="X",$BJ7="F"),$K7,"") | AW7: =IF(AND(V7="X",$BJ7="F"),$K7,"") | AX7: =IF(AND(W7="X",$BJ7="F"),$K7,"") | AZ7: =IF(AND(P7="X",$BJ7="P"),$K7,"") -> 7 | BA7: =IF(AND(Q7="X",$BJ7="P"),$K7,"") | BB7: =IF(AND(R7="X",$BJ7="P"),$K7,"") | BC7: =IF(AND(S7="X",$BJ7="P"),$K7,"") | BD7: =IF(AND(T7="X",$BJ7="P"),$K7,"") | BE7: =IF(AND(U7="X",$BJ7="P"),$K7,"") | BF7: =IF(AND(V7="X",$BJ7="P"),$K7,"") | BG7: =IF(AND(W7="X",$BJ7="P"),$K7,"") | BJ7: =IF(L7="","",IF(L7="SI","P","F")) -> P | BL7: =IF(P7="X",$BJ7,"") -> P | BM7: =IF(Q7="X",$BJ7,"") | BN7: =IF(R7="X",$BJ7,"") | BO7: =IF(S7="X",$BJ7,"") | BP7: =IF(T7="X",$BJ7,"") | BQ7: =IF(U7="X",$BJ7,"") | BR7: =IF(V7="X",$BJ7,"") | BS7: =IF(W7="X",$BJ7,"") | BU7: =IF(H7="SI",E7,"") -> 1 | BW7: =IF(H7="SI",IF(F7<=9,"X",""),"") -> X | BX7: =IF(H7="SI",IF(F7>=10,IF(F7<=15,"X",""),"")) | BY7: =IF(H7="SI",IF(F7>=16,IF(F7<=20,"X",""),"")) | BZ7: =IF(H7="SI",IF(F7>=21,IF(F7<=30,"X",""),"")) | CA7: =IF(H7="SI",IF(F7>=31,IF(F7<=40,"X",""),"")) | CB7: =IF(H7="SI",IF(F7>=41,IF(F7<=50,"X",""),"")) | CC7: =IF(H7="SI",IF(F7>=51,IF(F7<=70,"X",""),"")) | CD7: =IF(H7="SI",IF(F7>=71,IF(F7<=90,"X",""),""))
A8: 3 | B8: victor hugo parra posada | C8: =C7 -> Angelópolis | D8: cienaguita | E8: 1 | F8: 3 | G8: N/A | H8: SI | I8: 5 | J8: 5 | K8: 4 | L8: SI | M8: =+IF(L8="","ERROR",IF(L8="SI","SUELO","FUENTE")) -> SUELO | N8: 5 | P8: =IF(F8<10,IF(F8>=1,"X",""),"") -> X | Q8: =IF(F8>=10,IF(F8<=15,"X",""),"") | R8: =IF(F8>15,IF(F8<=20,"X",""),"") | S8: =IF(F8>20,IF(F8<=30,"X",""),"") | T8: =IF(F8>30,IF(F8<=40,"X",""),"") | U8: =IF(F8>40,IF(F8<=50,"X",""),"") | V8: =IF(F8>50,IF(F8<=70,"X",""),"") | W8: =IF(F8>70,IF(F8<=100,"X",""),"") | Y8: =IF(P8="X",$I8,"") -> 5 | Z8: =IF(Q8="X",$I8,"") | AA8: =IF(R8="X",$I8,"") | AB8: =IF(S8="X",$I8,"") | AC8: =IF(T8="X",$I8,"") | AD8: =IF(U8="X",$I8,"") | AE8: =IF(V8="X",$I8,"") | AF8: =IF(W8="X",$I8,"") | AH8: =IF(P8="X",$J8,"") -> 5 | AI8: =IF(Q8="X",$J8,"") | AJ8: =IF(R8="X",$J8,"") | AK8: =IF(S8="X",$J8,"") | AL8: =IF(T8="X",$J8,"") | AM8: =IF(U8="X",$J8,"") | AN8: =IF(V8="X",$J8,"") | AO8: =IF(W8="X",$J8,"") | AQ8: =IF(AND(P8="X",$BJ8="F"),$K8,"") | AR8: =IF(AND(Q8="X",$BJ8="F"),$K8,"") | AS8: =IF(AND(R8="X",$BJ8="F"),$K8,"") | AT8: =IF(AND(S8="X",$BJ8="F"),$K8,"") | AU8: =IF(AND(T8="X",$BJ8="F"),$K8,"") | AV8: =IF(AND(U8="X",$BJ8="F"),$K8,"") | AW8: =IF(AND(V8="X",$BJ8="F"),$K8,"") | AX8: =IF(AND(W8="X",$BJ8="F"),$K8,"") | AZ8: =IF(AND(P8="X",$BJ8="P"),$K8,"") -> 4 | BA8: =IF(AND(Q8="X",$BJ8="P"),$K8,"") | BB8: =IF(AND(R8="X",$BJ8="P"),$K8,"") | BC8: =IF(AND(S8="X",$BJ8="P"),$K8,"") | BD8: =IF(AND(T8="X",$BJ8="P"),$K8,"") | BE8: =IF(AND(U8="X",$BJ8="P"),$K8,"") | BF8: =IF(AND(V8="X",$BJ8="P"),$K8,"") | BG8: =IF(AND(W8="X",$BJ8="P"),$K8,"") | BJ8: =IF(L8="","",IF(L8="SI","P","F")) -> P | BL8: =IF(P8="X",$BJ8,"") -> P | BM8: =IF(Q8="X",$BJ8,"") | BN8: =IF(R8="X",$BJ8,"") | BO8: =IF(S8="X",$BJ8,"") | BP8: =IF(T8="X",$BJ8,"") | BQ8: =IF(U8="X",$BJ8,"") | BR8: =IF(V8="X",$BJ8,"") | BS8: =IF(W8="X",$BJ8,"") | BU8: =IF(H8="SI",E8,"") -> 1 | BW8: =IF(H8="SI",IF(F8<=9,"X",""),"") -> X | BX8: =IF(H8="SI",IF(F8>=10,IF(F8<=15,"X",""),"")) | BY8: =IF(H8="SI",IF(F8>=16,IF(F8<=20,"X",""),"")) | BZ8: =IF(H8="SI",IF(F8>=21,IF(F8<=30,"X",""),"")) | CA8: =IF(H8="SI",IF(F8>=31,IF(F8<=40,"X",""),"")) | CB8: =IF(H8="SI",IF(F8>=41,IF(F8<=50,"X",""),"")) | CC8: =IF(H8="SI",IF(F8>=51,IF(F8<=70,"X",""),"")) | CD8: =IF(H8="SI",IF(F8>=71,IF(F8<=90,"X",""),""))
A9: 4 | B9: leidy yuliet ortiz colorado | C9: =C8 -> Angelópolis | D9: barro | E9: 1 | F9: 3 | G9: N/A | H9: SI | I9: 7 | J9: 8 | K9: 8.5 | L9: SI | M9: =+IF(L9="","ERROR",IF(L9="SI","SUELO","FUENTE")) -> SUELO | N9: 13 | P9: =IF(F9<10,IF(F9>=1,"X",""),"") -> X | Q9: =IF(F9>=10,IF(F9<=15,"X",""),"") | R9: =IF(F9>15,IF(F9<=20,"X",""),"") | S9: =IF(F9>20,IF(F9<=30,"X",""),"") | T9: =IF(F9>30,IF(F9<=40,"X",""),"") | U9: =IF(F9>40,IF(F9<=50,"X",""),"") | V9: =IF(F9>50,IF(F9<=70,"X",""),"") | W9: =IF(F9>70,IF(F9<=100,"X",""),"") | Y9: =IF(P9="X",$I9,"") -> 7 | Z9: =IF(Q9="X",$I9,"") | AA9: =IF(R9="X",$I9,"") | AB9: =IF(S9="X",$I9,"") | AC9: =IF(T9="X",$I9,"") | AD9: =IF(U9="X",$I9,"") | AE9: =IF(V9="X",$I9,"") | AF9: =IF(W9="X",$I9,"") | AH9: =IF(P9="X",$J9,"") -> 8 | AI9: =IF(Q9="X",$J9,"") | AJ9: =IF(R9="X",$J9,"") | AK9: =IF(S9="X",$J9,"") | AL9: =IF(T9="X",$J9,"") | AM9: =IF(U9="X",$J9,"") | AN9: =IF(V9="X",$J9,"") | AO9: =IF(W9="X",$J9,"") | AQ9: =IF(AND(P9="X",$BJ9="F"),$K9,"") | AR9: =IF(AND(Q9="X",$BJ9="F"),$K9,"") | AS9: =IF(AND(R9="X",$BJ9="F"),$K9,"") | AT9: =IF(AND(S9="X",$BJ9="F"),$K9,"") | AU9: =IF(AND(T9="X",$BJ9="F"),$K9,"") | AV9: =IF(AND(U9="X",$BJ9="F"),$K9,"") | AW9: =IF(AND(V9="X",$BJ9="F"),$K9,"") | AX9: =IF(AND(W9="X",$BJ9="F"),$K9,"") | AZ9: =IF(AND(P9="X",$BJ9="P"),$K9,"") -> 8.5 | BA9: =IF(AND(Q9="X",$BJ9="P"),$K9,"") | BB9: =IF(AND(R9="X",$BJ9="P"),$K9,"") | BC9: =IF(AND(S9="X",$BJ9="P"),$K9,"") | BD9: =IF(AND(T9="X",$BJ9="P"),$K9,"") | BE9: =IF(AND(U9="X",$BJ9="P"),$K9,"") | BF9: =IF(AND(V9="X",$BJ9="P"),$K9,"") | BG9: =IF(AND(W9="X",$BJ9="P"),$K9,"") | BJ9: =IF(L9="","",IF(L9="SI","P","F")) -> P | BL9: =IF(P9="X",$BJ9,"") -> P | BM9: =IF(Q9="X",$BJ9,"") | BN9: =IF(R9="X",$BJ9,"") | BO9: =IF(S9="X",$BJ9,"") | BP9: =IF(T9="X",$BJ9,"") | BQ9: =IF(U9="X",$BJ9,"") | BR9: =IF(V9="X",$BJ9,"") | BS9: =IF(W9="X",$BJ9,"") | BU9: =IF(H9="SI",E9,"") -> 1 | BW9: =IF(H9="SI",IF(F9<=9,"X",""),"") -> X | BX9: =IF(H9="SI",IF(F9>=10,IF(F9<=15,"X",""),"")) | BY9: =IF(H9="SI",IF(F9>=16,IF(F9<=20,"X",""),"")) | BZ9: =IF(H9="SI",IF(F9>=21,IF(F9<=30,"X",""),"")) | CA9: =IF(H9="SI",IF(F9>=31,IF(F9<=40,"X",""),"")) | CB9: =IF(H9="SI",IF(F9>=41,IF(F9<=50,"X",""),"")) | CC9: =IF(H9="SI",IF(F9>=51,IF(F9<=70,"X",""),"")) | CD9: =IF(H9="SI",IF(F9>=71,IF(F9<=90,"X",""),""))
A10: 5 | B10: francisco luis ortiz betancur | C10: =C9 -> Angelópolis | D10: barro | E10: 1 | F10: 4 | G10: N/A | H10: SI | I10: 8 | J10: 5 | K10: 9 | L10: SI | M10: =+IF(L10="","ERROR",IF(L10="SI","SUELO","FUENTE")) -> SUELO | N10: 13 | P10: =IF(F10<10,IF(F10>=1,"X",""),"") -> X | Q10: =IF(F10>=10,IF(F10<=15,"X",""),"") | R10: =IF(F10>15,IF(F10<=20,"X",""),"") | S10: =IF(F10>20,IF(F10<=30,"X",""),"") | T10: =IF(F10>30,IF(F10<=40,"X",""),"") | U10: =IF(F10>40,IF(F10<=50,"X",""),"") | V10: =IF(F10>50,IF(F10<=70,"X",""),"") | W10: =IF(F10>70,IF(F10<=100,"X",""),"") | Y10: =IF(P10="X",$I10,"") -> 8 | Z10: =IF(Q10="X",$I10,"") | AA10: =IF(R10="X",$I10,"") | AB10: =IF(S10="X",$I10,"") | AC10: =IF(T10="X",$I10,"") | AD10: =IF(U10="X",$I10,"") | AE10: =IF(V10="X",$I10,"") | AF10: =IF(W10="X",$I10,"") | AH10: =IF(P10="X",$J10,"") -> 5 | AI10: =IF(Q10="X",$J10,"") | AJ10: =IF(R10="X",$J10,"") | AK10: =IF(S10="X",$J10,"") | AL10: =IF(T10="X",$J10,"") | AM10: =IF(U10="X",$J10,"") | AN10: =IF(V10="X",$J10,"") | AO10: =IF(W10="X",$J10,"") | AQ10: =IF(AND(P10="X",$BJ10="F"),$K10,"") | AR10: =IF(AND(Q10="X",$BJ10="F"),$K10,"") | AS10: =IF(AND(R10="X",$BJ10="F"),$K10,"") | AT10: =IF(AND(S10="X",$BJ10="F"),$K10,"") | AU10: =IF(AND(T10="X",$BJ10="F"),$K10,"") | AV10: =IF(AND(U10="X",$BJ10="F"),$K10,"") | AW10: =IF(AND(V10="X",$BJ10="F"),$K10,"") | AX10: =IF(AND(W10="X",$BJ10="F"),$K10,"") | AZ10: =IF(AND(P10="X",$BJ10="P"),$K10,"") -> 9 | BA10: =IF(AND(Q10="X",$BJ10="P"),$K10,"") | BB10: =IF(AND(R10="X",$BJ10="P"),$K10,"") | BC10: =IF(AND(S10="X",$BJ10="P"),$K10,"") | BD10: =IF(AND(T10="X",$BJ10="P"),$K10,"") | BE10: =IF(AND(U10="X",$BJ10="P"),$K10,"") | BF10: =IF(AND(V10="X",$BJ10="P"),$K10,"") | BG10: =IF(AND(W10="X",$BJ10="P"),$K10,"") | BJ10: =IF(L10="","",IF(L10="SI","P","F")) -> P | BL10: =IF(P10="X",$BJ10,"") -> P | BM10: =IF(Q10="X",$BJ10,"") | BN10: =IF(R10="X",$BJ10,"") | BO10: =IF(S10="X",$BJ10,"") | BP10: =IF(T10="X",$BJ10,"") | BQ10: =IF(U10="X",$BJ10,"") | BR10: =IF(V10="X",$BJ10,"") | BS10: =IF(W10="X",$BJ10,"") | BU10: =IF(H10="SI",E10,"") -> 1 | BW10: =IF(H10="SI",IF(F10<=9,"X",""),"") -> X | BX10: =IF(H10="SI",IF(F10>=10,IF(F10<=15,"X",""),"")) | BY10: =IF(H10="SI",IF(F10>=16,IF(F10<=20,"X",""),"")) | BZ10: =IF(H10="SI",IF(F10>=21,IF(F10<=30,"X",""),"")) | CA10: =IF(H10="SI",IF(F10>=31,IF(F10<=40,"X",""),"")) | CB10: =IF(H10="SI",IF(F10>=41,IF(F10<=50,"X",""),"")) | CC10: =IF(H10="SI",IF(F10>=51,IF(F10<=70,"X",""),"")) | CD10: =IF(H10="SI",IF(F10>=71,IF(F10<=90,"X",""),""))
A11: 6 | B11: germin alberto gonzalez ortiz | C11: =C10 -> Angelópolis | D11: barro | E11: 1 | F11: 3 | G11: N/A | H11: SI | I11: 9 | J11: 6 | K11: 9 | L11: SI | M11: =+IF(L11="","ERROR",IF(L11="SI","SUELO","FUENTE")) -> SUELO | N11: 13 | P11: =IF(F11<10,IF(F11>=1,"X",""),"") -> X | Q11: =IF(F11>=10,IF(F11<=15,"X",""),"") | R11: =IF(F11>15,IF(F11<=20,"X",""),"") | S11: =IF(F11>20,IF(F11<=30,"X",""),"") | T11: =IF(F11>30,IF(F11<=40,"X",""),"") | U11: =IF(F11>40,IF(F11<=50,"X",""),"") | V11: =IF(F11>50,IF(F11<=70,"X",""),"") | W11: =IF(F11>70,IF(F11<=100,"X",""),"") | Y11: =IF(P11="X",$I11,"") -> 9 | Z11: =IF(Q11="X",$I11,"") | AA11: =IF(R11="X",$I11,"") | AB11: =IF(S11="X",$I11,"") | AC11: =IF(T11="X",$I11,"") | AD11: =IF(U11="X",$I11,"") | AE11: =IF(V11="X",$I11,"") | AF11: =IF(W11="X",$I11,"") | AH11: =IF(P11="X",$J11,"") -> 6 | AI11: =IF(Q11="X",$J11,"") | AJ11: =IF(R11="X",$J11,"") | AK11: =IF(S11="X",$J11,"") | AL11: =IF(T11="X",$J11,"") | AM11: =IF(U11="X",$J11,"") | AN11: =IF(V11="X",$J11,"") | AO11: =IF(W11="X",$J11,"") | AQ11: =IF(AND(P11="X",$BJ11="F"),$K11,"") | AR11: =IF(AND(Q11="X",$BJ11="F"),$K11,"") | AS11: =IF(AND(R11="X",$BJ11="F"),$K11,"") | AT11: =IF(AND(S11="X",$BJ11="F"),$K11,"") | AU11: =IF(AND(T11="X",$BJ11="F"),$K11,"") | AV11: =IF(AND(U11="X",$BJ11="F"),$K11,"") | AW11: =IF(AND(V11="X",$BJ11="F"),$K11,"") | AX11: =IF(AND(W11="X",$BJ11="F"),$K11,"") | AZ11: =IF(AND(P11="X",$BJ11="P"),$K11,"") -> 9 | BA11: =IF(AND(Q11="X",$BJ11="P"),$K11,"") | BB11: =IF(AND(R11="X",$BJ11="P"),$K11,"") | BC11: =IF(AND(S11="X",$BJ11="P"),$K11,"") | BD11: =IF(AND(T11="X",$BJ11="P"),$K11,"") | BE11: =IF(AND(U11="X",$BJ11="P"),$K11,"") | BF11: =IF(AND(V11="X",$BJ11="P"),$K11,"") | BG11: =IF(AND(W11="X",$BJ11="P"),$K11,"") | BJ11: =IF(L11="","",IF(L11="SI","P","F")) -> P | BL11: =IF(P11="X",$BJ11,"") -> P | BM11: =IF(Q11="X",$BJ11,"") | BN11: =IF(R11="X",$BJ11,"") | BO11: =IF(S11="X",$BJ11,"") | BP11: =IF(T11="X",$BJ11,"") | BQ11: =IF(U11="X",$BJ11,"") | BR11: =IF(V11="X",$BJ11,"") | BS11: =IF(W11="X",$BJ11,"") | BU11: =IF(H11="SI",E11,"") -> 1 | BW11: =IF(H11="SI",IF(F11<=9,"X",""),"") -> X | BX11: =IF(H11="SI",IF(F11>=10,IF(F11<=15,"X",""),"")) | BY11: =IF(H11="SI",IF(F11>=16,IF(F11<=20,"X",""),"")) | BZ11: =IF(H11="SI",IF(F11>=21,IF(F11<=30,"X",""),"")) | CA11: =IF(H11="SI",IF(F11>=31,IF(F11<=40,"X",""),"")) | CB11: =IF(H11="SI",IF(F11>=41,IF(F11<=50,"X",""),"")) | CC11: =IF(H11="SI",IF(F11>=51,IF(F11<=70,"X",""),"")) | CD11: =IF(H11="SI",IF(F11>=71,IF(F11<=90,"X",""),""))
A12: 7 | B12: luz marina arboleda deossa | C12: =C11 -> Angelópolis | D12: barro | E12: 1 | F12: 4 | G12: N/A | H12: SI | I12: 12 | J12: 8 | K12: 12 | L12: SI | M12: =+IF(L12="","ERROR",IF(L12="SI","SUELO","FUENTE")) -> SUELO | N12: 13 | P12: =IF(F12<10,IF(F12>=1,"X",""),"") -> X | Q12: =IF(F12>=10,IF(F12<=15,"X",""),"") | R12: =IF(F12>15,IF(F12<=20,"X",""),"") | S12: =IF(F12>20,IF(F12<=30,"X",""),"") | T12: =IF(F12>30,IF(F12<=40,"X",""),"") | U12: =IF(F12>40,IF(F12<=50,"X",""),"") | V12: =IF(F12>50,IF(F12<=70,"X",""),"") | W12: =IF(F12>70,IF(F12<=100,"X",""),"") | Y12: =IF(P12="X",$I12,"") -> 12 | Z12: =IF(Q12="X",$I12,"") | AA12: =IF(R12="X",$I12,"") | AB12: =IF(S12="X",$I12,"") | AC12: =IF(T12="X",$I12,"") | AD12: =IF(U12="X",$I12,"") | AE12: =IF(V12="X",$I12,"") | AF12: =IF(W12="X",$I12,"") | AH12: =IF(P12="X",$J12,"") -> 8 | AI12: =IF(Q12="X",$J12,"") | AJ12: =IF(R12="X",$J12,"") | AK12: =IF(S12="X",$J12,"") | AL12: =IF(T12="X",$J12,"") | AM12: =IF(U12="X",$J12,"") | AN12: =IF(V12="X",$J12,"") | AO12: =IF(W12="X",$J12,"") | AQ12: =IF(AND(P12="X",$BJ12="F"),$K12,"") | AR12: =IF(AND(Q12="X",$BJ12="F"),$K12,"") | AS12: =IF(AND(R12="X",$BJ12="F"),$K12,"") | AT12: =IF(AND(S12="X",$BJ12="F"),$K12,"") | AU12: =IF(AND(T12="X",$BJ12="F"),$K12,"") | AV12: =IF(AND(U12="X",$BJ12="F"),$K12,"") | AW12: =IF(AND(V12="X",$BJ12="F"),$K12,"") | AX12: =IF(AND(W12="X",$BJ12="F"),$K12,"") | AZ12: =IF(AND(P12="X",$BJ12="P"),$K12,"") -> 12 | BA12: =IF(AND(Q12="X",$BJ12="P"),$K12,"") | BB12: =IF(AND(R12="X",$BJ12="P"),$K12,"") | BC12: =IF(AND(S12="X",$BJ12="P"),$K12,"") | BD12: =IF(AND(T12="X",$BJ12="P"),$K12,"") | BE12: =IF(AND(U12="X",$BJ12="P"),$K12,"") | BF12: =IF(AND(V12="X",$BJ12="P"),$K12,"") | BG12: =IF(AND(W12="X",$BJ12="P"),$K12,"") | BJ12: =IF(L12="","",IF(L12="SI","P","F")) -> P | BL12: =IF(P12="X",$BJ12,"") -> P | BM12: =IF(Q12="X",$BJ12,"") | BN12: =IF(R12="X",$BJ12,"") | BO12: =IF(S12="X",$BJ12,"") | BP12: =IF(T12="X",$BJ12,"") | BQ12: =IF(U12="X",$BJ12,"") | BR12: =IF(V12="X",$BJ12,"") | BS12: =IF(W12="X",$BJ12,"") | BU12: =IF(H12="SI",E12,"") -> 1 | BW12: =IF(H12="SI",IF(F12<=9,"X",""),"") -> X | BX12: =IF(H12="SI",IF(F12>=10,IF(F12<=15,"X",""),"")) | BY12: =IF(H12="SI",IF(F12>=16,IF(F12<=20,"X",""),"")) | BZ12: =IF(H12="SI",IF(F12>=21,IF(F12<=30,"X",""),"")) | CA12: =IF(H12="SI",IF(F12>=31,IF(F12<=40,"X",""),"")) | CB12: =IF(H12="SI",IF(F12>=41,IF(F12<=50,"X",""),"")) | CC12: =IF(H12="SI",IF(F12>=51,IF(F12<=70,"X",""),"")) | CD12: =IF(H12="SI",IF(F12>=71,IF(F12<=90,"X",""),""))
A13: 8 | B13: francisco luis pareja diez | C13: =C12 -> Angelópolis | D13: santa barbara | E13: 1 | F13: 5 | G13: N/A | H13: SI | I13: 13 | J13: 5 | K13: 10 | L13: SI | M13: =+IF(L13="","ERROR",IF(L13="SI","SUELO","FUENTE")) -> SUELO | N13: 5 | P13: =IF(F13<10,IF(F13>=1,"X",""),"") -> X | Q13: =IF(F13>=10,IF(F13<=15,"X",""),"") | R13: =IF(F13>15,IF(F13<=20,"X",""),"") | S13: =IF(F13>20,IF(F13<=30,"X",""),"") | T13: =IF(F13>30,IF(F13<=40,"X",""),"") | U13: =IF(F13>40,IF(F13<=50,"X",""),"") | V13: =IF(F13>50,IF(F13<=70,"X",""),"") | W13: =IF(F13>70,IF(F13<=100,"X",""),"") | Y13: =IF(P13="X",$I13,"") -> 13 | Z13: =IF(Q13="X",$I13,"") | AA13: =IF(R13="X",$I13,"") | AB13: =IF(S13="X",$I13,"") | AC13: =IF(T13="X",$I13,"") | AD13: =IF(U13="X",$I13,"") | AE13: =IF(V13="X",$I13,"") | AF13: =IF(W13="X",$I13,"") | AH13: =IF(P13="X",$J13,"") -> 5 | AI13: =IF(Q13="X",$J13,"") | AJ13: =IF(R13="X",$J13,"") | AK13: =IF(S13="X",$J13,"") | AL13: =IF(T13="X",$J13,"") | AM13: =IF(U13="X",$J13,"") | AN13: =IF(V13="X",$J13,"") | AO13: =IF(W13="X",$J13,"") | AQ13: =IF(AND(P13="X",$BJ13="F"),$K13,"") | AR13: =IF(AND(Q13="X",$BJ13="F"),$K13,"") | AS13: =IF(AND(R13="X",$BJ13="F"),$K13,"") | AT13: =IF(AND(S13="X",$BJ13="F"),$K13,"") | AU13: =IF(AND(T13="X",$BJ13="F"),$K13,"") | AV13: =IF(AND(U13="X",$BJ13="F"),$K13,"") | AW13: =IF(AND(V13="X",$BJ13="F"),$K13,"") | AX13: =IF(AND(W13="X",$BJ13="F"),$K13,"") | AZ13: =IF(AND(P13="X",$BJ13="P"),$K13,"") -> 10 | BA13: =IF(AND(Q13="X",$BJ13="P"),$K13,"") | BB13: =IF(AND(R13="X",$BJ13="P"),$K13,"") | BC13: =IF(AND(S13="X",$BJ13="P"),$K13,"") | BD13: =IF(AND(T13="X",$BJ13="P"),$K13,"") | BE13: =IF(AND(U13="X",$BJ13="P"),$K13,"") | BF13: =IF(AND(V13="X",$BJ13="P"),$K13,"") | BG13: =IF(AND(W13="X",$BJ13="P"),$K13,"") | BJ13: =IF(L13="","",IF(L13="SI","P","F")) -> P | BL13: =IF(P13="X",$BJ13,"") -> P | BM13: =IF(Q13="X",$BJ13,"") | BN13: =IF(R13="X",$BJ13,"") | BO13: =IF(S13="X",$BJ13,"") | BP13: =IF(T13="X",$BJ13,"") | BQ13: =IF(U13="X",$BJ13,"") | BR13: =IF(V13="X",$BJ13,"") | BS13: =IF(W13="X",$BJ13,"") | BU13: =IF(H13="SI",E13,"") -> 1 | BW13: =IF(H13="SI",IF(F13<=9,"X",""),"") -> X | BX13: =IF(H13="SI",IF(F13>=10,IF(F13<=15,"X",""),"")) | BY13: =IF(H13="SI",IF(F13>=16,IF(F13<=20,"X",""),"")) | BZ13: =IF(H13="SI",IF(F13>=21,IF(F13<=30,"X",""),"")) | CA13: =IF(H13="SI",IF(F13>=31,IF(F13<=40,"X",""),"")) | CB13: =IF(H13="SI",IF(F13>=41,IF(F13<=50,"X",""),"")) | CC13: =IF(H13="SI",IF(F13>=51,IF(F13<=70,"X",""),"")) | CD13: =IF(H13="SI",IF(F13>=71,IF(F13<=90,"X",""),""))
A14: 9 | B14: yeny lorena arredondo rodriguez | C14: =C13 -> Angelópolis | D14: pajonal | E14: 1 | F14: 4 | G14: N/A | H14: SI | I14: 6 | J14: 8 | K14: 9 | L14: SI | M14: =+IF(L14="","ERROR",IF(L14="SI","SUELO","FUENTE")) -> SUELO | N14: 6 | P14: =IF(F14<10,IF(F14>=1,"X",""),"") -> X | Q14: =IF(F14>=10,IF(F14<=15,"X",""),"") | R14: =IF(F14>15,IF(F14<=20,"X",""),"") | S14: =IF(F14>20,IF(F14<=30,"X",""),"") | T14: =IF(F14>30,IF(F14<=40,"X",""),"") | U14: =IF(F14>40,IF(F14<=50,"X",""),"") | V14: =IF(F14>50,IF(F14<=70,"X",""),"") | W14: =IF(F14>70,IF(F14<=100,"X",""),"") | Y14: =IF(P14="X",$I14,"") -> 6 | Z14: =IF(Q14="X",$I14,"") | AA14: =IF(R14="X",$I14,"") | AB14: =IF(S14="X",$I14,"") | AC14: =IF(T14="X",$I14,"") | AD14: =IF(U14="X",$I14,"") | AE14: =IF(V14="X",$I14,"") | AF14: =IF(W14="X",$I14,"") | AH14: =IF(P14="X",$J14,"") -> 8 | AI14: =IF(Q14="X",$J14,"") | AJ14: =IF(R14="X",$J14,"") | AK14: =IF(S14="X",$J14,"") | AL14: =IF(T14="X",$J14,"") | AM14: =IF(U14="X",$J14,"") | AN14: =IF(V14="X",$J14,"") | AO14: =IF(W14="X",$J14,"") | AQ14: =IF(AND(P14="X",$BJ14="F"),$K14,"") | AR14: =IF(AND(Q14="X",$BJ14="F"),$K14,"") | AS14: =IF(AND(R14="X",$BJ14="F"),$K14,"") | AT14: =IF(AND(S14="X",$BJ14="F"),$K14,"") | AU14: =IF(AND(T14="X",$BJ14="F"),$K14,"") | AV14: =IF(AND(U14="X",$BJ14="F"),$K14,"") | AW14: =IF(AND(V14="X",$BJ14="F"),$K14,"") | AX14: =IF(AND(W14="X",$BJ14="F"),$K14,"") | AZ14: =IF(AND(P14="X",$BJ14="P"),$K14,"") -> 9 | BA14: =IF(AND(Q14="X",$BJ14="P"),$K14,"") | BB14: =IF(AND(R14="X",$BJ14="P"),$K14,"") | BC14: =IF(AND(S14="X",$BJ14="P"),$K14,"") | BD14: =IF(AND(T14="X",$BJ14="P"),$K14,"") | BE14: =IF(AND(U14="X",$BJ14="P"),$K14,"") | BF14: =IF(AND(V14="X",$BJ14="P"),$K14,"") | BG14: =IF(AND(W14="X",$BJ14="P"),$K14,"") | BJ14: =IF(L14="","",IF(L14="SI","P","F")) -> P | BL14: =IF(P14="X",$BJ14,"") -> P | BM14: =IF(Q14="X",$BJ14,"") | BN14: =IF(R14="X",$BJ14,"") | BO14: =IF(S14="X",$BJ14,"") | BP14: =IF(T14="X",$BJ14,"") | BQ14: =IF(U14="X",$BJ14,"") | BR14: =IF(V14="X",$BJ14,"") | BS14: =IF(W14="X",$BJ14,"") | BU14: =IF(H14="SI",E14,"") -> 1 | BW14: =IF(H14="SI",IF(F14<=9,"X",""),"") -> X | BX14: =IF(H14="SI",IF(F14>=10,IF(F14<=15,"X",""),"")) | BY14: =IF(H14="SI",IF(F14>=16,IF(F14<=20,"X",""),"")) | BZ14: =IF(H14="SI",IF(F14>=21,IF(F14<=30,"X",""),"")) | CA14: =IF(H14="SI",IF(F14>=31,IF(F14<=40,"X",""),"")) | CB14: =IF(H14="SI",IF(F14>=41,IF(F14<=50,"X",""),"")) | CC14: =IF(H14="SI",IF(F14>=51,IF(F14<=70,"X",""),"")) | CD14: =IF(H14="SI",IF(F14>=71,IF(F14<=90,"X",""),""))
A15: 10 | B15: lina maria cardenas toro | C15: =C14 -> Angelópolis | D15: pajonal | E15: 1 | F15: 4 | G15: N/A | H15: SI | I15: 8 | J15: 8 | K15: 8 | L15: SI | M15: =+IF(L15="","ERROR",IF(L15="SI","SUELO","FUENTE")) -> SUELO | N15: 6 | P15: =IF(F15<10,IF(F15>=1,"X",""),"") -> X | Q15: =IF(F15>=10,IF(F15<=15,"X",""),"") | R15: =IF(F15>15,IF(F15<=20,"X",""),"") | S15: =IF(F15>20,IF(F15<=30,"X",""),"") | T15: =IF(F15>30,IF(F15<=40,"X",""),"") | U15: =IF(F15>40,IF(F15<=50,"X",""),"") | V15: =IF(F15>50,IF(F15<=70,"X",""),"") | W15: =IF(F15>70,IF(F15<=100,"X",""),"") | Y15: =IF(P15="X",$I15,"") -> 8 | Z15: =IF(Q15="X",$I15,"") | AA15: =IF(R15="X",$I15,"") | AB15: =IF(S15="X",$I15,"") | AC15: =IF(T15="X",$I15,"") | AD15: =IF(U15="X",$I15,"") | AE15: =IF(V15="X",$I15,"") | AF15: =IF(W15="X",$I15,"") | AH15: =IF(P15="X",$J15,"") -> 8 | AI15: =IF(Q15="X",$J15,"") | AJ15: =IF(R15="X",$J15,"") | AK15: =IF(S15="X",$J15,"") | AL15: =IF(T15="X",$J15,"") | AM15: =IF(U15="X",$J15,"") | AN15: =IF(V15="X",$J15,"") | AO15: =IF(W15="X",$J15,"") | AQ15: =IF(AND(P15="X",$BJ15="F"),$K15,"") | AR15: =IF(AND(Q15="X",$BJ15="F"),$K15,"") | AS15: =IF(AND(R15="X",$BJ15="F"),$K15,"") | AT15: =IF(AND(S15="X",$BJ15="F"),$K15,"") | AU15: =IF(AND(T15="X",$BJ15="F"),$K15,"") | AV15: =IF(AND(U15="X",$BJ15="F"),$K15,"") | AW15: =IF(AND(V15="X",$BJ15="F"),$K15,"") | AX15: =IF(AND(W15="X",$BJ15="F"),$K15,"") | AZ15: =IF(AND(P15="X",$BJ15="P"),$K15,"") -> 8 | BA15: =IF(AND(Q15="X",$BJ15="P"),$K15,"") | BB15: =IF(AND(R15="X",$BJ15="P"),$K15,"") | BC15: =IF(AND(S15="X",$BJ15="P"),$K15,"") | BD15: =IF(AND(T15="X",$BJ15="P"),$K15,"") | BE15: =IF(AND(U15="X",$BJ15="P"),$K15,"") | BF15: =IF(AND(V15="X",$BJ15="P"),$K15,"") | BG15: =IF(AND(W15="X",$BJ15="P"),$K15,"") | BJ15: =IF(L15="","",IF(L15="SI","P","F")) -> P | BL15: =IF(P15="X",$BJ15,"") -> P | BM15: =IF(Q15="X",$BJ15,"") | BN15: =IF(R15="X",$BJ15,"") | BO15: =IF(S15="X",$BJ15,"") | BP15: =IF(T15="X",$BJ15,"") | BQ15: =IF(U15="X",$BJ15,"") | BR15: =IF(V15="X",$BJ15,"") | BS15: =IF(W15="X",$BJ15,"") | BU15: =IF(H15="SI",E15,"") -> 1 | BW15: =IF(H15="SI",IF(F15<=9,"X",""),"") -> X | BX15: =IF(H15="SI",IF(F15>=10,IF(F15<=15,"X",""),"")) | BY15: =IF(H15="SI",IF(F15>=16,IF(F15<=20,"X",""),"")) | BZ15: =IF(H15="SI",IF(F15>=21,IF(F15<=30,"X",""),"")) | CA15: =IF(H15="SI",IF(F15>=31,IF(F15<=40,"X",""),"")) | CB15: =IF(H15="SI",IF(F15>=41,IF(F15<=50,"X",""),"")) | CC15: =IF(H15="SI",IF(F15>=51,IF(F15<=70,"X",""),"")) | CD15: =IF(H15="SI",IF(F15>=71,IF(F15<=90,"X",""),""))
A16: 11 | B16: luis alberto zapata blandon | C16: =C15 -> Angelópolis | D16: pajonal | E16: 1 | F16: 3 | G16: N/A | H16: SI | I16: 8 | J16: 9 | K16: 4 | L16: SI | M16: =+IF(L16="","ERROR",IF(L16="SI","SUELO","FUENTE")) -> SUELO | N16: 9 | P16: =IF(F16<10,IF(F16>=1,"X",""),"") -> X | Q16: =IF(F16>=10,IF(F16<=15,"X",""),"") | R16: =IF(F16>15,IF(F16<=20,"X",""),"") | S16: =IF(F16>20,IF(F16<=30,"X",""),"") | T16: =IF(F16>30,IF(F16<=40,"X",""),"") | U16: =IF(F16>40,IF(F16<=50,"X",""),"") | V16: =IF(F16>50,IF(F16<=70,"X",""),"") | W16: =IF(F16>70,IF(F16<=100,"X",""),"") | Y16: =IF(P16="X",$I16,"") -> 8 | Z16: =IF(Q16="X",$I16,"") | AA16: =IF(R16="X",$I16,"") | AB16: =IF(S16="X",$I16,"") | AC16: =IF(T16="X",$I16,"") | AD16: =IF(U16="X",$I16,"") | AE16: =IF(V16="X",$I16,"") | AF16: =IF(W16="X",$I16,"") | AH16: =IF(P16="X",$J16,"") -> 9 | AI16: =IF(Q16="X",$J16,"") | AJ16: =IF(R16="X",$J16,"") | AK16: =IF(S16="X",$J16,"") | AL16: =IF(T16="X",$J16,"") | AM16: =IF(U16="X",$J16,"") | AN16: =IF(V16="X",$J16,"") | AO16: =IF(W16="X",$J16,"") | AQ16: =IF(AND(P16="X",$BJ16="F"),$K16,"") | AR16: =IF(AND(Q16="X",$BJ16="F"),$K16,"") | AS16: =IF(AND(R16="X",$BJ16="F"),$K16,"") | AT16: =IF(AND(S16="X",$BJ16="F"),$K16,"") | AU16: =IF(AND(T16="X",$BJ16="F"),$K16,"") | AV16: =IF(AND(U16="X",$BJ16="F"),$K16,"") | AW16: =IF(AND(V16="X",$BJ16="F"),$K16,"") | AX16: =IF(AND(W16="X",$BJ16="F"),$K16,"") | AZ16: =IF(AND(P16="X",$BJ16="P"),$K16,"") -> 4 | BA16: =IF(AND(Q16="X",$BJ16="P"),$K16,"") | BB16: =IF(AND(R16="X",$BJ16="P"),$K16,"") | BC16: =IF(AND(S16="X",$BJ16="P"),$K16,"") | BD16: =IF(AND(T16="X",$BJ16="P"),$K16,"") | BE16: =IF(AND(U16="X",$BJ16="P"),$K16,"") | BF16: =IF(AND(V16="X",$BJ16="P"),$K16,"") | BG16: =IF(AND(W16="X",$BJ16="P"),$K16,"") | BJ16: =IF(L16="","",IF(L16="SI","P","F")) -> P | BL16: =IF(P16="X",$BJ16,"") -> P | BM16: =IF(Q16="X",$BJ16,"") | BN16: =IF(R16="X",$BJ16,"") | BO16: =IF(S16="X",$BJ16,"") | BP16: =IF(T16="X",$BJ16,"") | BQ16: =IF(U16="X",$BJ16,"") | BR16: =IF(V16="X",$BJ16,"") | BS16: =IF(W16="X",$BJ16,"") | BU16: =IF(H16="SI",E16,"") -> 1 | BW16: =IF(H16="SI",IF(F16<=9,"X",""),"") -> X | BX16: =IF(H16="SI",IF(F16>=10,IF(F16<=15,"X",""),"")) | BY16: =IF(H16="SI",IF(F16>=16,IF(F16<=20,"X",""),"")) | BZ16: =IF(H16="SI",IF(F16>=21,IF(F16<=30,"X",""),"")) | CA16: =IF(H16="SI",IF(F16>=31,IF(F16<=40,"X",""),"")) | CB16: =IF(H16="SI",IF(F16>=41,IF(F16<=50,"X",""),"")) | CC16: =IF(H16="SI",IF(F16>=51,IF(F16<=70,"X",""),"")) | CD16: =IF(H16="SI",IF(F16>=71,IF(F16<=90,"X",""),""))
A17: 12 | B17: fabio david zapata blandon | C17: =C16 -> Angelópolis | D17: pajonal | E17: 1 | F17: 4 | G17: N/A | H17: SI | I17: 12 | J17: 8 | K17: 9 | L17: SI | M17: =+IF(L17="","ERROR",IF(L17="SI","SUELO","FUENTE")) -> SUELO | N17: 9 | P17: =IF(F17<10,IF(F17>=1,"X",""),"") -> X | Q17: =IF(F17>=10,IF(F17<=15,"X",""),"") | R17: =IF(F17>15,IF(F17<=20,"X",""),"") | S17: =IF(F17>20,IF(F17<=30,"X",""),"") | T17: =IF(F17>30,IF(F17<=40,"X",""),"") | U17: =IF(F17>40,IF(F17<=50,"X",""),"") | V17: =IF(F17>50,IF(F17<=70,"X",""),"") | W17: =IF(F17>70,IF(F17<=100,"X",""),"") | Y17: =IF(P17="X",$I17,"") -> 12 | Z17: =IF(Q17="X",$I17,"") | AA17: =IF(R17="X",$I17,"") | AB17: =IF(S17="X",$I17,"") | AC17: =IF(T17="X",$I17,"") | AD17: =IF(U17="X",$I17,"") | AE17: =IF(V17="X",$I17,"") | AF17: =IF(W17="X",$I17,"") | AH17: =IF(P17="X",$J17,"") -> 8 | AI17: =IF(Q17="X",$J17,"") | AJ17: =IF(R17="X",$J17,"") | AK17: =IF(S17="X",$J17,"") | AL17: =IF(T17="X",$J17,"") | AM17: =IF(U17="X",$J17,"") | AN17: =IF(V17="X",$J17,"") | AO17: =IF(W17="X",$J17,"") | AQ17: =IF(AND(P17="X",$BJ17="F"),$K17,"") | AR17: =IF(AND(Q17="X",$BJ17="F"),$K17,"") | AS17: =IF(AND(R17="X",$BJ17="F"),$K17,"") | AT17: =IF(AND(S17="X",$BJ17="F"),$K17,"") | AU17: =IF(AND(T17="X",$BJ17="F"),$K17,"") | AV17: =IF(AND(U17="X",$BJ17="F"),$K17,"") | AW17: =IF(AND(V17="X",$BJ17="F"),$K17,"") | AX17: =IF(AND(W17="X",$BJ17="F"),$K17,"") | AZ17: =IF(AND(P17="X",$BJ17="P"),$K17,"") -> 9 | BA17: =IF(AND(Q17="X",$BJ17="P"),$K17,"") | BB17: =IF(AND(R17="X",$BJ17="P"),$K17,"") | BC17: =IF(AND(S17="X",$BJ17="P"),$K17,"") | BD17: =IF(AND(T17="X",$BJ17="P"),$K17,"") | BE17: =IF(AND(U17="X",$BJ17="P"),$K17,"") | BF17: =IF(AND(V17="X",$BJ17="P"),$K17,"") | BG17: =IF(AND(W17="X",$BJ17="P"),$K17,"") | BJ17: =IF(L17="","",IF(L17="SI","P","F")) -> P | BL17: =IF(P17="X",$BJ17,"") -> P | BM17: =IF(Q17="X",$BJ17,"") | BN17: =IF(R17="X",$BJ17,"") | BO17: =IF(S17="X",$BJ17,"") | BP17: =IF(T17="X",$BJ17,"") | BQ17: =IF(U17="X",$BJ17,"") | BR17: =IF(V17="X",$BJ17,"") | BS17: =IF(W17="X",$BJ17,"") | BU17: =IF(H17="SI",E17,"") -> 1 | BW17: =IF(H17="SI",IF(F17<=9,"X",""),"") -> X | BX17: =IF(H17="SI",IF(F17>=10,IF(F17<=15,"X",""),"")) | BY17: =IF(H17="SI",IF(F17>=16,IF(F17<=20,"X",""),"")) | BZ17: =IF(H17="SI",IF(F17>=21,IF(F17<=30,"X",""),"")) | CA17: =IF(H17="SI",IF(F17>=31,IF(F17<=40,"X",""),"")) | CB17: =IF(H17="SI",IF(F17>=41,IF(F17<=50,"X",""),"")) | CC17: =IF(H17="SI",IF(F17>=51,IF(F17<=70,"X",""),"")) | CD17: =IF(H17="SI",IF(F17>=71,IF(F17<=90,"X",""),""))
A18: 13 | B18: rosa julia blandon granados | C18: =C17 -> Angelópolis | D18: pajonal | E18: 1 | F18: 3 | G18: N/A | H18: SI | I18: 8 | J18: 4 | K18: 7 | L18: SI | M18: =+IF(L18="","ERROR",IF(L18="SI","SUELO","FUENTE")) -> SUELO | N18: 8 | P18: =IF(F18<10,IF(F18>=1,"X",""),"") -> X | Q18: =IF(F18>=10,IF(F18<=15,"X",""),"") | R18: =IF(F18>15,IF(F18<=20,"X",""),"") | S18: =IF(F18>20,IF(F18<=30,"X",""),"") | T18: =IF(F18>30,IF(F18<=40,"X",""),"") | U18: =IF(F18>40,IF(F18<=50,"X",""),"") | V18: =IF(F18>50,IF(F18<=70,"X",""),"") | W18: =IF(F18>70,IF(F18<=100,"X",""),"") | Y18: =IF(P18="X",$I18,"") -> 8 | Z18: =IF(Q18="X",$I18,"") | AA18: =IF(R18="X",$I18,"") | AB18: =IF(S18="X",$I18,"") | AC18: =IF(T18="X",$I18,"") | AD18: =IF(U18="X",$I18,"") | AE18: =IF(V18="X",$I18,"") | AF18: =IF(W18="X",$I18,"") | AH18: =IF(P18="X",$J18,"") -> 4 | AI18: =IF(Q18="X",$J18,"") | AJ18: =IF(R18="X",$J18,"") | AK18: =IF(S18="X",$J18,"") | AL18: =IF(T18="X",$J18,"") | AM18: =IF(U18="X",$J18,"") | AN18: =IF(V18="X",$J18,"") | AO18: =IF(W18="X",$J18,"") | AQ18: =IF(AND(P18="X",$BJ18="F"),$K18,"") | AR18: =IF(AND(Q18="X",$BJ18="F"),$K18,"") | AS18: =IF(AND(R18="X",$BJ18="F"),$K18,"") | AT18: =IF(AND(S18="X",$BJ18="F"),$K18,"") | AU18: =IF(AND(T18="X",$BJ18="F"),$K18,"") | AV18: =IF(AND(U18="X",$BJ18="F"),$K18,"") | AW18: =IF(AND(V18="X",$BJ18="F"),$K18,"") | AX18: =IF(AND(W18="X",$BJ18="F"),$K18,"") | AZ18: =IF(AND(P18="X",$BJ18="P"),$K18,"") -> 7 | BA18: =IF(AND(Q18="X",$BJ18="P"),$K18,"") | BB18: =IF(AND(R18="X",$BJ18="P"),$K18,"") | BC18: =IF(AND(S18="X",$BJ18="P"),$K18,"") | BD18: =IF(AND(T18="X",$BJ18="P"),$K18,"") | BE18: =IF(AND(U18="X",$BJ18="P"),$K18,"") | BF18: =IF(AND(V18="X",$BJ18="P"),$K18,"") | BG18: =IF(AND(W18="X",$BJ18="P"),$K18,"") | BJ18: =IF(L18="","",IF(L18="SI","P","F")) -> P | BL18: =IF(P18="X",$BJ18,"") -> P | BM18: =IF(Q18="X",$BJ18,"") | BN18: =IF(R18="X",$BJ18,"") | BO18: =IF(S18="X",$BJ18,"") | BP18: =IF(T18="X",$BJ18,"") | BQ18: =IF(U18="X",$BJ18,"") | BR18: =IF(V18="X",$BJ18,"") | BS18: =IF(W18="X",$BJ18,"") | BU18: =IF(H18="SI",E18,"") -> 1 | BW18: =IF(H18="SI",IF(F18<=9,"X",""),"") -> X | BX18: =IF(H18="SI",IF(F18>=10,IF(F18<=15,"X",""),"")) | BY18: =IF(H18="SI",IF(F18>=16,IF(F18<=20,"X",""),"")) | BZ18: =IF(H18="SI",IF(F18>=21,IF(F18<=30,"X",""),"")) | CA18: =IF(H18="SI",IF(F18>=31,IF(F18<=40,"X",""),"")) | CB18: =IF(H18="SI",IF(F18>=41,IF(F18<=50,"X",""),"")) | CC18: =IF(H18="SI",IF(F18>=51,IF(F18<=70,"X",""),"")) | CD18: =IF(H18="SI",IF(F18>=71,IF(F18<=90,"X",""),""))
A19: 14 | B19: ruben dario blandon agudelo | C19: =C18 -> Angelópolis | D19: santa barbara | E19: 1 | F19: 4 | G19: N/A | H19: SI | I19: 9 | J19: 8 | K19: 9 | L19: SI | M19: =+IF(L19="","ERROR",IF(L19="SI","SUELO","FUENTE")) -> SUELO | N19: 5 | P19: =IF(F19<10,IF(F19>=1,"X",""),"") -> X | Q19: =IF(F19>=10,IF(F19<=15,"X",""),"") | R19: =IF(F19>15,IF(F19<=20,"X",""),"") | S19: =IF(F19>20,IF(F19<=30,"X",""),"") | T19: =IF(F19>30,IF(F19<=40,"X",""),"") | U19: =IF(F19>40,IF(F19<=50,"X",""),"") | V19: =IF(F19>50,IF(F19<=70,"X",""),"") | W19: =IF(F19>70,IF(F19<=100,"X",""),"") | Y19: =IF(P19="X",$I19,"") -> 9 | Z19: =IF(Q19="X",$I19,"") | AA19: =IF(R19="X",$I19,"") | AB19: =IF(S19="X",$I19,"") | AC19: =IF(T19="X",$I19,"") | AD19: =IF(U19="X",$I19,"") | AE19: =IF(V19="X",$I19,"") | AF19: =IF(W19="X",$I19,"") | AH19: =IF(P19="X",$J19,"") -> 8 | AI19: =IF(Q19="X",$J19,"") | AJ19: =IF(R19="X",$J19,"") | AK19: =IF(S19="X",$J19,"") | AL19: =IF(T19="X",$J19,"") | AM19: =IF(U19="X",$J19,"") | AN19: =IF(V19="X",$J19,"") | AO19: =IF(W19="X",$J19,"") | AQ19: =IF(AND(P19="X",$BJ19="F"),$K19,"") | AR19: =IF(AND(Q19="X",$BJ19="F"),$K19,"") | AS19: =IF(AND(R19="X",$BJ19="F"),$K19,"") | AT19: =IF(AND(S19="X",$BJ19="F"),$K19,"") | AU19: =IF(AND(T19="X",$BJ19="F"),$K19,"") | AV19: =IF(AND(U19="X",$BJ19="F"),$K19,"") | AW19: =IF(AND(V19="X",$BJ19="F"),$K19,"") | AX19: =IF(AND(W19="X",$BJ19="F"),$K19,"") | AZ19: =IF(AND(P19="X",$BJ19="P"),$K19,"") -> 9 | BA19: =IF(AND(Q19="X",$BJ19="P"),$K19,"") | BB19: =IF(AND(R19="X",$BJ19="P"),$K19,"") | BC19: =IF(AND(S19="X",$BJ19="P"),$K19,"") | BD19: =IF(AND(T19="X",$BJ19="P"),$K19,"") | BE19: =IF(AND(U19="X",$BJ19="P"),$K19,"") | BF19: =IF(AND(V19="X",$BJ19="P"),$K19,"") | BG19: =IF(AND(W19="X",$BJ19="P"),$K19,"") | BJ19: =IF(L19="","",IF(L19="SI","P","F")) -> P | BL19: =IF(P19="X",$BJ19,"") -> P | BM19: =IF(Q19="X",$BJ19,"") | BN19: =IF(R19="X",$BJ19,"") | BO19: =IF(S19="X",$BJ19,"") | BP19: =IF(T19="X",$BJ19,"") | BQ19: =IF(U19="X",$BJ19,"") | BR19: =IF(V19="X",$BJ19,"") | BS19: =IF(W19="X",$BJ19,"") | BU19: =IF(H19="SI",E19,"") -> 1 | BW19: =IF(H19="SI",IF(F19<=9,"X",""),"") -> X | BX19: =IF(H19="SI",IF(F19>=10,IF(F19<=15,"X",""),"")) | BY19: =IF(H19="SI",IF(F19>=16,IF(F19<=20,"X",""),"")) | BZ19: =IF(H19="SI",IF(F19>=21,IF(F19<=30,"X",""),"")) | CA19: =IF(H19="SI",IF(F19>=31,IF(F19<=40,"X",""),"")) | CB19: =IF(H19="SI",IF(F19>=41,IF(F19<=50,"X",""),"")) | CC19: =IF(H19="SI",IF(F19>=51,IF(F19<=70,"X",""),"")) | CD19: =IF(H19="SI",IF(F19>=71,IF(F19<=90,"X",""),""))
A20: 15 | B20: clara ines zapata blandon | C20: Angelópolis | D20: pajonal | E20: 1 | F20: 4 | G20: N/A | H20: SI | I20: 7 | J20: 4 | K20: 8 | L20: SI | M20: SUELO | N20: 8 | P20: =IF(F20<10,IF(F20>=1,"X",""),"") -> X | Q20: =IF(F20>=10,IF(F20<=15,"X",""),"") | R20: =IF(F20>15,IF(F20<=20,"X",""),"") | S20: =IF(F20>20,IF(F20<=30,"X",""),"") | T20: =IF(F20>30,IF(F20<=40,"X",""),"") | U20: =IF(F20>40,IF(F20<=50,"X",""),"") | V20: =IF(F20>50,IF(F20<=70,"X",""),"") | W20: =IF(F20>70,IF(F20<=100,"X",""),"") | Y20: =IF(P20="X",$I20,"") -> 7 | Z20: =IF(Q20="X",$I20,"") | AA20: =IF(R20="X",$I20,"") | AB20: =IF(S20="X",$I20,"") | AC20: =IF(T20="X",$I20,"") | AD20: =IF(U20="X",$I20,"") | AE20: =IF(V20="X",$I20,"") | AF20: =IF(W20="X",$I20,"") | AH20: =IF(P20="X",$J20,"") -> 4 | AI20: =IF(Q20="X",$J20,"") | AJ20: =IF(R20="X",$J20,"") | AK20: =IF(S20="X",$J20,"") | AL20: =IF(T20="X",$J20,"") | AM20: =IF(U20="X",$J20,"") | AN20: =IF(V20="X",$J20,"") | AO20: =IF(W20="X",$J20,"") | AQ20: =IF(AND(P20="X",$BJ20="F"),$K20,"") | AR20: =IF(AND(Q20="X",$BJ20="F"),$K20,"") | AS20: =IF(AND(R20="X",$BJ20="F"),$K20,"") | AT20: =IF(AND(S20="X",$BJ20="F"),$K20,"") | AU20: =IF(AND(T20="X",$BJ20="F"),$K20,"") | AV20: =IF(AND(U20="X",$BJ20="F"),$K20,"") | AW20: =IF(AND(V20="X",$BJ20="F"),$K20,"") | AX20: =IF(AND(W20="X",$BJ20="F"),$K20,"") | AZ20: =IF(AND(P20="X",$BJ20="P"),$K20,"") -> 8 | BA20: =IF(AND(Q20="X",$BJ20="P"),$K20,"") | BB20: =IF(AND(R20="X",$BJ20="P"),$K20,"") | BC20: =IF(AND(S20="X",$BJ20="P"),$K20,"") | BD20: =IF(AND(T20="X",$BJ20="P"),$K20,"") | BE20: =IF(AND(U20="X",$BJ20="P"),$K20,"") | BF20: =IF(AND(V20="X",$BJ20="P"),$K20,"") | BG20: =IF(AND(W20="X",$BJ20="P"),$K20,"") | BJ20: =IF(L20="","",IF(L20="SI","P","F")) -> P | BL20: =IF(P20="X",$BJ20,"") -> P | BM20: =IF(Q20="X",$BJ20,"") | BN20: =IF(R20="X",$BJ20,"") | BO20: =IF(S20="X",$BJ20,"") | BP20: =IF(T20="X",$BJ20,"") | BQ20: =IF(U20="X",$BJ20,"") | BR20: =IF(V20="X",$BJ20,"") | BS20: =IF(W20="X",$BJ20,"") | BU20: =IF(H20="SI",E20,"") -> 1 | BW20: =IF(H20="SI",IF(F20<=9,"X",""),"") -> X | BX20: =IF(H20="SI",IF(F20>=10,IF(F20<=15,"X",""),"")) | BY20: =IF(H20="SI",IF(F20>=16,IF(F20<=20,"X",""),"")) | BZ20: =IF(H20="SI",IF(F20>=21,IF(F20<=30,"X",""),"")) | CA20: =IF(H20="SI",IF(F20>=31,IF(F20<=40,"X",""),"")) | CB20: =IF(H20="SI",IF(F20>=41,IF(F20<=50,"X",""),"")) | CC20: =IF(H20="SI",IF(F20>=51,IF(F20<=70,"X",""),"")) | CD20: =IF(H20="SI",IF(F20>=71,IF(F20<=90,"X",""),""))
A21: 16 | P21: =IF(F21<10,IF(F21>=1,"X",""),"") | Q21: =IF(F21>=10,IF(F21<=15,"X",""),"") | R21: =IF(F21>15,IF(F21<=20,"X",""),"") | S21: =IF(F21>20,IF(F21<=30,"X",""),"") | T21: =IF(F21>30,IF(F21<=40,"X",""),"") | U21: =IF(F21>40,IF(F21<=50,"X",""),"") | V21: =IF(F21>50,IF(F21<=70,"X",""),"") | W21: =IF(F21>70,IF(F21<=100,"X",""),"") | Y21: =IF(P21="X",$I21,"") | Z21: =IF(Q21="X",$I21,"") | AA21: =IF(R21="X",$I21,"") | AB21: =IF(S21="X",$I21,"") | AC21: =IF(T21="X",$I21,"") | AD21: =IF(U21="X",$I21,"") | AE21: =IF(V21="X",$I21,"") | AF21: =IF(W21="X",$I21,"") | AH21: =IF(P21="X",$J21,"") | AI21: =IF(Q21="X",$J21,"") | AJ21: =IF(R21="X",$J21,"") | AK21: =IF(S21="X",$J21,"") | AL21: =IF(T21="X",$J21,"") | AM21: =IF(U21="X",$J21,"") | AN21: =IF(V21="X",$J21,"") | AO21: =IF(W21="X",$J21,"") | AQ21: =IF(AND(P21="X",$BJ21="F"),$K21,"") | AR21: =IF(AND(Q21="X",$BJ21="F"),$K21,"") | AS21: =IF(AND(R21="X",$BJ21="F"),$K21,"") | AT21: =IF(AND(S21="X",$BJ21="F"),$K21,"") | AU21: =IF(AND(T21="X",$BJ21="F"),$K21,"") | AV21: =IF(AND(U21="X",$BJ21="F"),$K21,"") | AW21: =IF(AND(V21="X",$BJ21="F"),$K21,"") | AX21: =IF(AND(W21="X",$BJ21="F"),$K21,"") | AZ21: =IF(AND(P21="X",$BJ21="P"),$K21,"") | BA21: =IF(AND(Q21="X",$BJ21="P"),$K21,"") | BB21: =IF(AND(R21="X",$BJ21="P"),$K21,"") | BC21: =IF(AND(S21="X",$BJ21="P"),$K21,"") | BD21: =IF(AND(T21="X",$BJ21="P"),$K21,"") | BE21: =IF(AND(U21="X",$BJ21="P"),$K21,"") | BF21: =IF(AND(V21="X",$BJ21="P"),$K21,"") | BG21: =IF(AND(W21="X",$BJ21="P"),$K21,"") | BJ21: =IF(L21="","",IF(L21="SI","P","F")) | BL21: =IF(P21="X",$BJ21,"") | BM21: =IF(Q21="X",$BJ21,"") | BN21: =IF(R21="X",$BJ21,"") | BO21: =IF(S21="X",$BJ21,"") | BP21: =IF(T21="X",$BJ21,"") | BQ21: =IF(U21="X",$BJ21,"") | BR21: =IF(V21="X",$BJ21,"") | BS21: =IF(W21="X",$BJ21,"") | BU21: =IF(H21="SI",E21,"") | BW21: =IF(H21="SI",IF(F21<=9,"X",""),"") | BX21: =IF(H21="SI",IF(F21>=10,IF(F21<=15,"X",""),"")) -> FALSE | BY21: =IF(H21="SI",IF(F21>=16,IF(F21<=20,"X",""),"")) -> FALSE | BZ21: =IF(H21="SI",IF(F21>=21,IF(F21<=30,"X",""),"")) -> FALSE | CA21: =IF(H21="SI",IF(F21>=31,IF(F21<=40,"X",""),"")) -> FALSE | CB21: =IF(H21="SI",IF(F21>=41,IF(F21<=50,"X",""),"")) -> FALSE | CC21: =IF(H21="SI",IF(F21>=51,IF(F21<=70,"X",""),"")) -> FALSE | CD21: =IF(H21="SI",IF(F21>=71,IF(F21<=90,"X",""),"")) -> FALSE
A22: 17 | P22: =IF(F22<10,IF(F22>=1,"X",""),"") | Q22: =IF(F22>=10,IF(F22<=15,"X",""),"") | R22: =IF(F22>15,IF(F22<=20,"X",""),"") | S22: =IF(F22>20,IF(F22<=30,"X",""),"") | T22: =IF(F22>30,IF(F22<=40,"X",""),"") | U22: =IF(F22>40,IF(F22<=50,"X",""),"") | V22: =IF(F22>50,IF(F22<=70,"X",""),"") | W22: =IF(F22>70,IF(F22<=100,"X",""),"") | Y22: =IF(P22="X",$I22,"") | Z22: =IF(Q22="X",$I22,"") | AA22: =IF(R22="X",$I22,"") | AB22: =IF(S22="X",$I22,"") | AC22: =IF(T22="X",$I22,"") | AD22: =IF(U22="X",$I22,"") | AE22: =IF(V22="X",$I22,"") | AF22: =IF(W22="X",$I22,"") | AH22: =IF(P22="X",$J22,"") | AI22: =IF(Q22="X",$J22,"") | AJ22: =IF(R22="X",$J22,"") | AK22: =IF(S22="X",$J22,"") | AL22: =IF(T22="X",$J22,"") | AM22: =IF(U22="X",$J22,"") | AN22: =IF(V22="X",$J22,"") | AO22: =IF(W22="X",$J22,"") | AQ22: =IF(AND(P22="X",$BJ22="F"),$K22,"") | AR22: =IF(AND(Q22="X",$BJ22="F"),$K22,"") | AS22: =IF(AND(R22="X",$BJ22="F"),$K22,"") | AT22: =IF(AND(S22="X",$BJ22="F"),$K22,"") | AU22: =IF(AND(T22="X",$BJ22="F"),$K22,"") | AV22: =IF(AND(U22="X",$BJ22="F"),$K22,"") | AW22: =IF(AND(V22="X",$BJ22="F"),$K22,"") | AX22: =IF(AND(W22="X",$BJ22="F"),$K22,"") | AZ22: =IF(AND(P22="X",$BJ22="P"),$K22,"") | BA22: =IF(AND(Q22="X",$BJ22="P"),$K22,"") | BB22: =IF(AND(R22="X",$BJ22="P"),$K22,"") | BC22: =IF(AND(S22="X",$BJ22="P"),$K22,"") | BD22: =IF(AND(T22="X",$BJ22="P"),$K22,"") | BE22: =IF(AND(U22="X",$BJ22="P"),$K22,"") | BF22: =IF(AND(V22="X",$BJ22="P"),$K22,"") | BG22: =IF(AND(W22="X",$BJ22="P"),$K22,"") | BJ22: =IF(L22="","",IF(L22="SI","P","F")) | BL22: =IF(P22="X",$BJ22,"") | BM22: =IF(Q22="X",$BJ22,"") | BN22: =IF(R22="X",$BJ22,"") | BO22: =IF(S22="X",$BJ22,"") | BP22: =IF(T22="X",$BJ22,"") | BQ22: =IF(U22="X",$BJ22,"") | BR22: =IF(V22="X",$BJ22,"") | BS22: =IF(W22="X",$BJ22,"") | BU22: =IF(H22="SI",E22,"") | BW22: =IF(H22="SI",IF(F22<=9,"X",""),"") | BX22: =IF(H22="SI",IF(F22>=10,IF(F22<=15,"X",""),"")) -> FALSE | BY22: =IF(H22="SI",IF(F22>=16,IF(F22<=20,"X",""),"")) -> FALSE | BZ22: =IF(H22="SI",IF(F22>=21,IF(F22<=30,"X",""),"")) -> FALSE | CA22: =IF(H22="SI",IF(F22>=31,IF(F22<=40,"X",""),"")) -> FALSE | CB22: =IF(H22="SI",IF(F22>=41,IF(F22<=50,"X",""),"")) -> FALSE | CC22: =IF(H22="SI",IF(F22>=51,IF(F22<=70,"X",""),"")) -> FALSE | CD22: =IF(H22="SI",IF(F22>=71,IF(F22<=90,"X",""),"")) -> FALSE
A23: 18 | P23: =IF(F23<10,IF(F23>=1,"X",""),"") | Q23: =IF(F23>=10,IF(F23<=15,"X",""),"") | R23: =IF(F23>15,IF(F23<=20,"X",""),"") | S23: =IF(F23>20,IF(F23<=30,"X",""),"") | T23: =IF(F23>30,IF(F23<=40,"X",""),"") | U23: =IF(F23>40,IF(F23<=50,"X",""),"") | V23: =IF(F23>50,IF(F23<=70,"X",""),"") | W23: =IF(F23>70,IF(F23<=100,"X",""),"") | Y23: =IF(P23="X",$I23,"") | Z23: =IF(Q23="X",$I23,"") | AA23: =IF(R23="X",$I23,"") | AB23: =IF(S23="X",$I23,"") | AC23: =IF(T23="X",$I23,"") | AD23: =IF(U23="X",$I23,"") | AE23: =IF(V23="X",$I23,"") | AF23: =IF(W23="X",$I23,"") | AH23: =IF(P23="X",$J23,"") | AI23: =IF(Q23="X",$J23,"") | AJ23: =IF(R23="X",$J23,"") | AK23: =IF(S23="X",$J23,"") | AL23: =IF(T23="X",$J23,"") | AM23: =IF(U23="X",$J23,"") | AN23: =IF(V23="X",$J23,"") | AO23: =IF(W23="X",$J23,"") | AQ23: =IF(AND(P23="X",$BJ23="F"),$K23,"") | AR23: =IF(AND(Q23="X",$BJ23="F"),$K23,"") | AS23: =IF(AND(R23="X",$BJ23="F"),$K23,"") | AT23: =IF(AND(S23="X",$BJ23="F"),$K23,"") | AU23: =IF(AND(T23="X",$BJ23="F"),$K23,"") | AV23: =IF(AND(U23="X",$BJ23="F"),$K23,"") | AW23: =IF(AND(V23="X",$BJ23="F"),$K23,"") | AX23: =IF(AND(W23="X",$BJ23="F"),$K23,"") | AZ23: =IF(AND(P23="X",$BJ23="P"),$K23,"") | BA23: =IF(AND(Q23="X",$BJ23="P"),$K23,"") | BB23: =IF(AND(R23="X",$BJ23="P"),$K23,"") | BC23: =IF(AND(S23="X",$BJ23="P"),$K23,"") | BD23: =IF(AND(T23="X",$BJ23="P"),$K23,"") | BE23: =IF(AND(U23="X",$BJ23="P"),$K23,"") | BF23: =IF(AND(V23="X",$BJ23="P"),$K23,"") | BG23: =IF(AND(W23="X",$BJ23="P"),$K23,"") | BJ23: =IF(L23="","",IF(L23="SI","P","F")) | BL23: =IF(P23="X",$BJ23,"") | BM23: =IF(Q23="X",$BJ23,"") | BN23: =IF(R23="X",$BJ23,"") | BO23: =IF(S23="X",$BJ23,"") | BP23: =IF(T23="X",$BJ23,"") | BQ23: =IF(U23="X",$BJ23,"") | BR23: =IF(V23="X",$BJ23,"") | BS23: =IF(W23="X",$BJ23,"") | BU23: =IF(H23="SI",E23,"") | BW23: =IF(H23="SI",IF(F23<=9,"X",""),"") | BX23: =IF(H23="SI",IF(F23>=10,IF(F23<=15,"X",""),"")) -> FALSE | BY23: =IF(H23="SI",IF(F23>=16,IF(F23<=20,"X",""),"")) -> FALSE | BZ23: =IF(H23="SI",IF(F23>=21,IF(F23<=30,"X",""),"")) -> FALSE | CA23: =IF(H23="SI",IF(F23>=31,IF(F23<=40,"X",""),"")) -> FALSE | CB23: =IF(H23="SI",IF(F23>=41,IF(F23<=50,"X",""),"")) -> FALSE | CC23: =IF(H23="SI",IF(F23>=51,IF(F23<=70,"X",""),"")) -> FALSE | CD23: =IF(H23="SI",IF(F23>=71,IF(F23<=90,"X",""),"")) -> FALSE
A24: 19 | P24: =IF(F24<10,IF(F24>=1,"X",""),"") | Q24: =IF(F24>=10,IF(F24<=15,"X",""),"") | R24: =IF(F24>15,IF(F24<=20,"X",""),"") | S24: =IF(F24>20,IF(F24<=30,"X",""),"") | T24: =IF(F24>30,IF(F24<=40,"X",""),"") | U24: =IF(F24>40,IF(F24<=50,"X",""),"") | V24: =IF(F24>50,IF(F24<=70,"X",""),"") | W24: =IF(F24>70,IF(F24<=100,"X",""),"") | Y24: =IF(P24="X",$I24,"") | Z24: =IF(Q24="X",$I24,"") | AA24: =IF(R24="X",$I24,"") | AB24: =IF(S24="X",$I24,"") | AC24: =IF(T24="X",$I24,"") | AD24: =IF(U24="X",$I24,"") | AE24: =IF(V24="X",$I24,"") | AF24: =IF(W24="X",$I24,"") | AH24: =IF(P24="X",$J24,"") | AI24: =IF(Q24="X",$J24,"") | AJ24: =IF(R24="X",$J24,"") | AK24: =IF(S24="X",$J24,"") | AL24: =IF(T24="X",$J24,"") | AM24: =IF(U24="X",$J24,"") | AN24: =IF(V24="X",$J24,"") | AO24: =IF(W24="X",$J24,"") | AQ24: =IF(AND(P24="X",$BJ24="F"),$K24,"") | AR24: =IF(AND(Q24="X",$BJ24="F"),$K24,"") | AS24: =IF(AND(R24="X",$BJ24="F"),$K24,"") | AT24: =IF(AND(S24="X",$BJ24="F"),$K24,"") | AU24: =IF(AND(T24="X",$BJ24="F"),$K24,"") | AV24: =IF(AND(U24="X",$BJ24="F"),$K24,"") | AW24: =IF(AND(V24="X",$BJ24="F"),$K24,"") | AX24: =IF(AND(W24="X",$BJ24="F"),$K24,"") | AZ24: =IF(AND(P24="X",$BJ24="P"),$K24,"") | BA24: =IF(AND(Q24="X",$BJ24="P"),$K24,"") | BB24: =IF(AND(R24="X",$BJ24="P"),$K24,"") | BC24: =IF(AND(S24="X",$BJ24="P"),$K24,"") | BD24: =IF(AND(T24="X",$BJ24="P"),$K24,"") | BE24: =IF(AND(U24="X",$BJ24="P"),$K24,"") | BF24: =IF(AND(V24="X",$BJ24="P"),$K24,"") | BG24: =IF(AND(W24="X",$BJ24="P"),$K24,"") | BJ24: =IF(L24="","",IF(L24="SI","P","F")) | BL24: =IF(P24="X",$BJ24,"") | BM24: =IF(Q24="X",$BJ24,"") | BN24: =IF(R24="X",$BJ24,"") | BO24: =IF(S24="X",$BJ24,"") | BP24: =IF(T24="X",$BJ24,"") | BQ24: =IF(U24="X",$BJ24,"") | BR24: =IF(V24="X",$BJ24,"") | BS24: =IF(W24="X",$BJ24,"") | BU24: =IF(H24="SI",E24,"") | BW24: =IF(H24="SI",IF(F24<=9,"X",""),"") | BX24: =IF(H24="SI",IF(F24>=10,IF(F24<=15,"X",""),"")) -> FALSE | BY24: =IF(H24="SI",IF(F24>=16,IF(F24<=20,"X",""),"")) -> FALSE | BZ24: =IF(H24="SI",IF(F24>=21,IF(F24<=30,"X",""),"")) -> FALSE | CA24: =IF(H24="SI",IF(F24>=31,IF(F24<=40,"X",""),"")) -> FALSE | CB24: =IF(H24="SI",IF(F24>=41,IF(F24<=50,"X",""),"")) -> FALSE | CC24: =IF(H24="SI",IF(F24>=51,IF(F24<=70,"X",""),"")) -> FALSE | CD24: =IF(H24="SI",IF(F24>=71,IF(F24<=90,"X",""),"")) -> FALSE
A25: 20 | P25: =IF(F25<10,IF(F25>=1,"X",""),"") | Q25: =IF(F25>=10,IF(F25<=15,"X",""),"") | R25: =IF(F25>15,IF(F25<=20,"X",""),"") | S25: =IF(F25>20,IF(F25<=30,"X",""),"") | T25: =IF(F25>30,IF(F25<=40,"X",""),"") | U25: =IF(F25>40,IF(F25<=50,"X",""),"") | V25: =IF(F25>50,IF(F25<=70,"X",""),"") | W25: =IF(F25>70,IF(F25<=100,"X",""),"") | Y25: =IF(P25="X",$I25,"") | Z25: =IF(Q25="X",$I25,"") | AA25: =IF(R25="X",$I25,"") | AB25: =IF(S25="X",$I25,"") | AC25: =IF(T25="X",$I25,"") | AD25: =IF(U25="X",$I25,"") | AE25: =IF(V25="X",$I25,"") | AF25: =IF(W25="X",$I25,"") | AH25: =IF(P25="X",$J25,"") | AI25: =IF(Q25="X",$J25,"") | AJ25: =IF(R25="X",$J25,"") | AK25: =IF(S25="X",$J25,"") | AL25: =IF(T25="X",$J25,"") | AM25: =IF(U25="X",$J25,"") | AN25: =IF(V25="X",$J25,"") | AO25: =IF(W25="X",$J25,"") | AQ25: =IF(AND(P25="X",$BJ25="F"),$K25,"") | AR25: =IF(AND(Q25="X",$BJ25="F"),$K25,"") | AS25: =IF(AND(R25="X",$BJ25="F"),$K25,"") | AT25: =IF(AND(S25="X",$BJ25="F"),$K25,"") | AU25: =IF(AND(T25="X",$BJ25="F"),$K25,"") | AV25: =IF(AND(U25="X",$BJ25="F"),$K25,"") | AW25: =IF(AND(V25="X",$BJ25="F"),$K25,"") | AX25: =IF(AND(W25="X",$BJ25="F"),$K25,"") | AZ25: =IF(AND(P25="X",$BJ25="P"),$K25,"") | BA25: =IF(AND(Q25="X",$BJ25="P"),$K25,"") | BB25: =IF(AND(R25="X",$BJ25="P"),$K25,"") | BC25: =IF(AND(S25="X",$BJ25="P"),$K25,"") | BD25: =IF(AND(T25="X",$BJ25="P"),$K25,"") | BE25: =IF(AND(U25="X",$BJ25="P"),$K25,"") | BF25: =IF(AND(V25="X",$BJ25="P"),$K25,"") | BG25: =IF(AND(W25="X",$BJ25="P"),$K25,"") | BJ25: =IF(L25="","",IF(L25="SI","P","F")) | BL25: =IF(P25="X",$BJ25,"") | BM25: =IF(Q25="X",$BJ25,"") | BN25: =IF(R25="X",$BJ25,"") | BO25: =IF(S25="X",$BJ25,"") | BP25: =IF(T25="X",$BJ25,"") | BQ25: =IF(U25="X",$BJ25,"") | BR25: =IF(V25="X",$BJ25,"") | BS25: =IF(W25="X",$BJ25,"") | BU25: =IF(H25="SI",E25,"") | BW25: =IF(H25="SI",IF(F25<=9,"X",""),"") | BX25: =IF(H25="SI",IF(F25>=10,IF(F25<=15,"X",""),"")) -> FALSE | BY25: =IF(H25="SI",IF(F25>=16,IF(F25<=20,"X",""),"")) -> FALSE | BZ25: =IF(H25="SI",IF(F25>=21,IF(F25<=30,"X",""),"")) -> FALSE | CA25: =IF(H25="SI",IF(F25>=31,IF(F25<=40,"X",""),"")) -> FALSE | CB25: =IF(H25="SI",IF(F25>=41,IF(F25<=50,"X",""),"")) -> FALSE | CC25: =IF(H25="SI",IF(F25>=51,IF(F25<=70,"X",""),"")) -> FALSE | CD25: =IF(H25="SI",IF(F25>=71,IF(F25<=90,"X",""),"")) -> FALSE
A26: 21 | P26: =IF(F26<10,IF(F26>=1,"X",""),"") | Q26: =IF(F26>=10,IF(F26<=15,"X",""),"") | R26: =IF(F26>15,IF(F26<=20,"X",""),"") | S26: =IF(F26>20,IF(F26<=30,"X",""),"") | T26: =IF(F26>30,IF(F26<=40,"X",""),"") | U26: =IF(F26>40,IF(F26<=50,"X",""),"") | V26: =IF(F26>50,IF(F26<=70,"X",""),"") | W26: =IF(F26>70,IF(F26<=100,"X",""),"") | Y26: =IF(P26="X",$I26,"") | Z26: =IF(Q26="X",$I26,"") | AA26: =IF(R26="X",$I26,"") | AB26: =IF(S26="X",$I26,"") | AC26: =IF(T26="X",$I26,"") | AD26: =IF(U26="X",$I26,"") | AE26: =IF(V26="X",$I26,"") | AF26: =IF(W26="X",$I26,"") | AH26: =IF(P26="X",$J26,"") | AI26: =IF(Q26="X",$J26,"") | AJ26: =IF(R26="X",$J26,"") | AK26: =IF(S26="X",$J26,"") | AL26: =IF(T26="X",$J26,"") | AM26: =IF(U26="X",$J26,"") | AN26: =IF(V26="X",$J26,"") | AO26: =IF(W26="X",$J26,"") | AQ26: =IF(AND(P26="X",$BJ26="F"),$K26,"") | AR26: =IF(AND(Q26="X",$BJ26="F"),$K26,"") | AS26: =IF(AND(R26="X",$BJ26="F"),$K26,"") | AT26: =IF(AND(S26="X",$BJ26="F"),$K26,"") | AU26: =IF(AND(T26="X",$BJ26="F"),$K26,"") | AV26: =IF(AND(U26="X",$BJ26="F"),$K26,"") | AW26: =IF(AND(V26="X",$BJ26="F"),$K26,"") | AX26: =IF(AND(W26="X",$BJ26="F"),$K26,"") | AZ26: =IF(AND(P26="X",$BJ26="P"),$K26,"") | BA26: =IF(AND(Q26="X",$BJ26="P"),$K26,"") | BB26: =IF(AND(R26="X",$BJ26="P"),$K26,"") | BC26: =IF(AND(S26="X",$BJ26="P"),$K26,"") | BD26: =IF(AND(T26="X",$BJ26="P"),$K26,"") | BE26: =IF(AND(U26="X",$BJ26="P"),$K26,"") | BF26: =IF(AND(V26="X",$BJ26="P"),$K26,"") | BG26: =IF(AND(W26="X",$BJ26="P"),$K26,"") | BJ26: =IF(L26="","",IF(L26="SI","P","F")) | BL26: =IF(P26="X",$BJ26,"") | BM26: =IF(Q26="X",$BJ26,"") | BN26: =IF(R26="X",$BJ26,"") | BO26: =IF(S26="X",$BJ26,"") | BP26: =IF(T26="X",$BJ26,"") | BQ26: =IF(U26="X",$BJ26,"") | BR26: =IF(V26="X",$BJ26,"") | BS26: =IF(W26="X",$BJ26,"") | BU26: =IF(H26="SI",E26,"") | BW26: =IF(H26="SI",IF(F26<=9,"X",""),"") | BX26: =IF(H26="SI",IF(F26>=10,IF(F26<=15,"X",""),"")) -> FALSE | BY26: =IF(H26="SI",IF(F26>=16,IF(F26<=20,"X",""),"")) -> FALSE | BZ26: =IF(H26="SI",IF(F26>=21,IF(F26<=30,"X",""),"")) -> FALSE | CA26: =IF(H26="SI",IF(F26>=31,IF(F26<=40,"X",""),"")) -> FALSE | CB26: =IF(H26="SI",IF(F26>=41,IF(F26<=50,"X",""),"")) -> FALSE | CC26: =IF(H26="SI",IF(F26>=51,IF(F26<=70,"X",""),"")) -> FALSE | CD26: =IF(H26="SI",IF(F26>=71,IF(F26<=90,"X",""),"")) -> FALSE
A27: 22 | P27: =IF(F27<10,IF(F27>=1,"X",""),"") | Q27: =IF(F27>=10,IF(F27<=15,"X",""),"") | R27: =IF(F27>15,IF(F27<=20,"X",""),"") | S27: =IF(F27>20,IF(F27<=30,"X",""),"") | T27: =IF(F27>30,IF(F27<=40,"X",""),"") | U27: =IF(F27>40,IF(F27<=50,"X",""),"") | V27: =IF(F27>50,IF(F27<=70,"X",""),"") | W27: =IF(F27>70,IF(F27<=100,"X",""),"") | Y27: =IF(P27="X",$I27,"") | Z27: =IF(Q27="X",$I27,"") | AA27: =IF(R27="X",$I27,"") | AB27: =IF(S27="X",$I27,"") | AC27: =IF(T27="X",$I27,"") | AD27: =IF(U27="X",$I27,"") | AE27: =IF(V27="X",$I27,"") | AF27: =IF(W27="X",$I27,"") | AH27: =IF(P27="X",$J27,"") | AI27: =IF(Q27="X",$J27,"") | AJ27: =IF(R27="X",$J27,"") | AK27: =IF(S27="X",$J27,"") | AL27: =IF(T27="X",$J27,"") | AM27: =IF(U27="X",$J27,"") | AN27: =IF(V27="X",$J27,"") | AO27: =IF(W27="X",$J27,"") | AQ27: =IF(AND(P27="X",$BJ27="F"),$K27,"") | AR27: =IF(AND(Q27="X",$BJ27="F"),$K27,"") | AS27: =IF(AND(R27="X",$BJ27="F"),$K27,"") | AT27: =IF(AND(S27="X",$BJ27="F"),$K27,"") | AU27: =IF(AND(T27="X",$BJ27="F"),$K27,"") | AV27: =IF(AND(U27="X",$BJ27="F"),$K27,"") | AW27: =IF(AND(V27="X",$BJ27="F"),$K27,"") | AX27: =IF(AND(W27="X",$BJ27="F"),$K27,"") | AZ27: =IF(AND(P27="X",$BJ27="P"),$K27,"") | BA27: =IF(AND(Q27="X",$BJ27="P"),$K27,"") | BB27: =IF(AND(R27="X",$BJ27="P"),$K27,"") | BC27: =IF(AND(S27="X",$BJ27="P"),$K27,"") | BD27: =IF(AND(T27="X",$BJ27="P"),$K27,"") | BE27: =IF(AND(U27="X",$BJ27="P"),$K27,"") | BF27: =IF(AND(V27="X",$BJ27="P"),$K27,"") | BG27: =IF(AND(W27="X",$BJ27="P"),$K27,"") | BJ27: =IF(L27="","",IF(L27="SI","P","F")) | BL27: =IF(P27="X",$BJ27,"") | BM27: =IF(Q27="X",$BJ27,"") | BN27: =IF(R27="X",$BJ27,"") | BO27: =IF(S27="X",$BJ27,"") | BP27: =IF(T27="X",$BJ27,"") | BQ27: =IF(U27="X",$BJ27,"") | BR27: =IF(V27="X",$BJ27,"") | BS27: =IF(W27="X",$BJ27,"") | BU27: =IF(H27="SI",E27,"") | BW27: =IF(H27="SI",IF(F27<=9,"X",""),"") | BX27: =IF(H27="SI",IF(F27>=10,IF(F27<=15,"X",""),"")) -> FALSE | BY27: =IF(H27="SI",IF(F27>=16,IF(F27<=20,"X",""),"")) -> FALSE | BZ27: =IF(H27="SI",IF(F27>=21,IF(F27<=30,"X",""),"")) -> FALSE | CA27: =IF(H27="SI",IF(F27>=31,IF(F27<=40,"X",""),"")) -> FALSE | CB27: =IF(H27="SI",IF(F27>=41,IF(F27<=50,"X",""),"")) -> FALSE | CC27: =IF(H27="SI",IF(F27>=51,IF(F27<=70,"X",""),"")) -> FALSE | CD27: =IF(H27="SI",IF(F27>=71,IF(F27<=90,"X",""),"")) -> FALSE
A28: 23 | P28: =IF(F28<10,IF(F28>=1,"X",""),"") | Q28: =IF(F28>=10,IF(F28<=15,"X",""),"") | R28: =IF(F28>15,IF(F28<=20,"X",""),"") | S28: =IF(F28>20,IF(F28<=30,"X",""),"") | T28: =IF(F28>30,IF(F28<=40,"X",""),"") | U28: =IF(F28>40,IF(F28<=50,"X",""),"") | V28: =IF(F28>50,IF(F28<=70,"X",""),"") | W28: =IF(F28>70,IF(F28<=100,"X",""),"") | Y28: =IF(P28="X",$I28,"") | Z28: =IF(Q28="X",$I28,"") | AA28: =IF(R28="X",$I28,"") | AB28: =IF(S28="X",$I28,"") | AC28: =IF(T28="X",$I28,"") | AD28: =IF(U28="X",$I28,"") | AE28: =IF(V28="X",$I28,"") | AF28: =IF(W28="X",$I28,"") | AH28: =IF(P28="X",$J28,"") | AI28: =IF(Q28="X",$J28,"") | AJ28: =IF(R28="X",$J28,"") | AK28: =IF(S28="X",$J28,"") | AL28: =IF(T28="X",$J28,"") | AM28: =IF(U28="X",$J28,"") | AN28: =IF(V28="X",$J28,"") | AO28: =IF(W28="X",$J28,"") | AQ28: =IF(AND(P28="X",$BJ28="F"),$K28,"") | AR28: =IF(AND(Q28="X",$BJ28="F"),$K28,"") | AS28: =IF(AND(R28="X",$BJ28="F"),$K28,"") | AT28: =IF(AND(S28="X",$BJ28="F"),$K28,"") | AU28: =IF(AND(T28="X",$BJ28="F"),$K28,"") | AV28: =IF(AND(U28="X",$BJ28="F"),$K28,"") | AW28: =IF(AND(V28="X",$BJ28="F"),$K28,"") | AX28: =IF(AND(W28="X",$BJ28="F"),$K28,"") | AZ28: =IF(AND(P28="X",$BJ28="P"),$K28,"") | BA28: =IF(AND(Q28="X",$BJ28="P"),$K28,"") | BB28: =IF(AND(R28="X",$BJ28="P"),$K28,"") | BC28: =IF(AND(S28="X",$BJ28="P"),$K28,"") | BD28: =IF(AND(T28="X",$BJ28="P"),$K28,"") | BE28: =IF(AND(U28="X",$BJ28="P"),$K28,"") | BF28: =IF(AND(V28="X",$BJ28="P"),$K28,"") | BG28: =IF(AND(W28="X",$BJ28="P"),$K28,"") | BJ28: =IF(L28="","",IF(L28="SI","P","F")) | BL28: =IF(P28="X",$BJ28,"") | BM28: =IF(Q28="X",$BJ28,"") | BN28: =IF(R28="X",$BJ28,"") | BO28: =IF(S28="X",$BJ28,"") | BP28: =IF(T28="X",$BJ28,"") | BQ28: =IF(U28="X",$BJ28,"") | BR28: =IF(V28="X",$BJ28,"") | BS28: =IF(W28="X",$BJ28,"") | BU28: =IF(H28="SI",E28,"") | BW28: =IF(H28="SI",IF(F28<=9,"X",""),"") | BX28: =IF(H28="SI",IF(F28>=10,IF(F28<=15,"X",""),"")) -> FALSE | BY28: =IF(H28="SI",IF(F28>=16,IF(F28<=20,"X",""),"")) -> FALSE | BZ28: =IF(H28="SI",IF(F28>=21,IF(F28<=30,"X",""),"")) -> FALSE | CA28: =IF(H28="SI",IF(F28>=31,IF(F28<=40,"X",""),"")) -> FALSE | CB28: =IF(H28="SI",IF(F28>=41,IF(F28<=50,"X",""),"")) -> FALSE | CC28: =IF(H28="SI",IF(F28>=51,IF(F28<=70,"X",""),"")) -> FALSE | CD28: =IF(H28="SI",IF(F28>=71,IF(F28<=90,"X",""),"")) -> FALSE
A29: 24 | P29: =IF(F29<10,IF(F29>=1,"X",""),"") | Q29: =IF(F29>=10,IF(F29<=15,"X",""),"") | R29: =IF(F29>15,IF(F29<=20,"X",""),"") | S29: =IF(F29>20,IF(F29<=30,"X",""),"") | T29: =IF(F29>30,IF(F29<=40,"X",""),"") | U29: =IF(F29>40,IF(F29<=50,"X",""),"") | V29: =IF(F29>50,IF(F29<=70,"X",""),"") | W29: =IF(F29>70,IF(F29<=100,"X",""),"") | Y29: =IF(P29="X",$I29,"") | Z29: =IF(Q29="X",$I29,"") | AA29: =IF(R29="X",$I29,"") | AB29: =IF(S29="X",$I29,"") | AC29: =IF(T29="X",$I29,"") | AD29: =IF(U29="X",$I29,"") | AE29: =IF(V29="X",$I29,"") | AF29: =IF(W29="X",$I29,"") | AH29: =IF(P29="X",$J29,"") | AI29: =IF(Q29="X",$J29,"") | AJ29: =IF(R29="X",$J29,"") | AK29: =IF(S29="X",$J29,"") | AL29: =IF(T29="X",$J29,"") | AM29: =IF(U29="X",$J29,"") | AN29: =IF(V29="X",$J29,"") | AO29: =IF(W29="X",$J29,"") | AQ29: =IF(AND(P29="X",$BJ29="F"),$K29,"") | AR29: =IF(AND(Q29="X",$BJ29="F"),$K29,"") | AS29: =IF(AND(R29="X",$BJ29="F"),$K29,"") | AT29: =IF(AND(S29="X",$BJ29="F"),$K29,"") | AU29: =IF(AND(T29="X",$BJ29="F"),$K29,"") | AV29: =IF(AND(U29="X",$BJ29="F"),$K29,"") | AW29: =IF(AND(V29="X",$BJ29="F"),$K29,"") | AX29: =IF(AND(W29="X",$BJ29="F"),$K29,"") | AZ29: =IF(AND(P29="X",$BJ29="P"),$K29,"") | BA29: =IF(AND(Q29="X",$BJ29="P"),$K29,"") | BB29: =IF(AND(R29="X",$BJ29="P"),$K29,"") | BC29: =IF(AND(S29="X",$BJ29="P"),$K29,"") | BD29: =IF(AND(T29="X",$BJ29="P"),$K29,"") | BE29: =IF(AND(U29="X",$BJ29="P"),$K29,"") | BF29: =IF(AND(V29="X",$BJ29="P"),$K29,"") | BG29: =IF(AND(W29="X",$BJ29="P"),$K29,"") | BJ29: =IF(L29="","",IF(L29="SI","P","F")) | BL29: =IF(P29="X",$BJ29,"") | BM29: =IF(Q29="X",$BJ29,"") | BN29: =IF(R29="X",$BJ29,"") | BO29: =IF(S29="X",$BJ29,"") | BP29: =IF(T29="X",$BJ29,"") | BQ29: =IF(U29="X",$BJ29,"") | BR29: =IF(V29="X",$BJ29,"") | BS29: =IF(W29="X",$BJ29,"") | BU29: =IF(H29="SI",E29,"") | BW29: =IF(H29="SI",IF(F29<=9,"X",""),"") | BX29: =IF(H29="SI",IF(F29>=10,IF(F29<=15,"X",""),"")) -> FALSE | BY29: =IF(H29="SI",IF(F29>=16,IF(F29<=20,"X",""),"")) -> FALSE | BZ29: =IF(H29="SI",IF(F29>=21,IF(F29<=30,"X",""),"")) -> FALSE | CA29: =IF(H29="SI",IF(F29>=31,IF(F29<=40,"X",""),"")) -> FALSE | CB29: =IF(H29="SI",IF(F29>=41,IF(F29<=50,"X",""),"")) -> FALSE | CC29: =IF(H29="SI",IF(F29>=51,IF(F29<=70,"X",""),"")) -> FALSE | CD29: =IF(H29="SI",IF(F29>=71,IF(F29<=90,"X",""),"")) -> FALSE
A30: 25 | P30: =IF(F30<10,IF(F30>=1,"X",""),"") | Q30: =IF(F30>=10,IF(F30<=15,"X",""),"") | R30: =IF(F30>15,IF(F30<=20,"X",""),"") | S30: =IF(F30>20,IF(F30<=30,"X",""),"") | T30: =IF(F30>30,IF(F30<=40,"X",""),"") | U30: =IF(F30>40,IF(F30<=50,"X",""),"") | V30: =IF(F30>50,IF(F30<=70,"X",""),"") | W30: =IF(F30>70,IF(F30<=100,"X",""),"") | Y30: =IF(P30="X",$I30,"") | Z30: =IF(Q30="X",$I30,"") | AA30: =IF(R30="X",$I30,"") | AB30: =IF(S30="X",$I30,"") | AC30: =IF(T30="X",$I30,"") | AD30: =IF(U30="X",$I30,"") | AE30: =IF(V30="X",$I30,"") | AF30: =IF(W30="X",$I30,"") | AH30: =IF(P30="X",$J30,"") | AI30: =IF(Q30="X",$J30,"") | AJ30: =IF(R30="X",$J30,"") | AK30: =IF(S30="X",$J30,"") | AL30: =IF(T30="X",$J30,"") | AM30: =IF(U30="X",$J30,"") | AN30: =IF(V30="X",$J30,"") | AO30: =IF(W30="X",$J30,"") | AQ30: =IF(AND(P30="X",$BJ30="F"),$K30,"") | AR30: =IF(AND(Q30="X",$BJ30="F"),$K30,"") | AS30: =IF(AND(R30="X",$BJ30="F"),$K30,"") | AT30: =IF(AND(S30="X",$BJ30="F"),$K30,"") | AU30: =IF(AND(T30="X",$BJ30="F"),$K30,"") | AV30: =IF(AND(U30="X",$BJ30="F"),$K30,"") | AW30: =IF(AND(V30="X",$BJ30="F"),$K30,"") | AX30: =IF(AND(W30="X",$BJ30="F"),$K30,"") | AZ30: =IF(AND(P30="X",$BJ30="P"),$K30,"") | BA30: =IF(AND(Q30="X",$BJ30="P"),$K30,"") | BB30: =IF(AND(R30="X",$BJ30="P"),$K30,"") | BC30: =IF(AND(S30="X",$BJ30="P"),$K30,"") | BD30: =IF(AND(T30="X",$BJ30="P"),$K30,"") | BE30: =IF(AND(U30="X",$BJ30="P"),$K30,"") | BF30: =IF(AND(V30="X",$BJ30="P"),$K30,"") | BG30: =IF(AND(W30="X",$BJ30="P"),$K30,"") | BJ30: =IF(L30="","",IF(L30="SI","P","F")) | BL30: =IF(P30="X",$BJ30,"") | BM30: =IF(Q30="X",$BJ30,"") | BN30: =IF(R30="X",$BJ30,"") | BO30: =IF(S30="X",$BJ30,"") | BP30: =IF(T30="X",$BJ30,"") | BQ30: =IF(U30="X",$BJ30,"") | BR30: =IF(V30="X",$BJ30,"") | BS30: =IF(W30="X",$BJ30,"") | BU30: =IF(H30="SI",E30,"") | BW30: =IF(H30="SI",IF(F30<=9,"X",""),"") | BX30: =IF(H30="SI",IF(F30>=10,IF(F30<=15,"X",""),"")) -> FALSE | BY30: =IF(H30="SI",IF(F30>=16,IF(F30<=20,"X",""),"")) -> FALSE | BZ30: =IF(H30="SI",IF(F30>=21,IF(F30<=30,"X",""),"")) -> FALSE | CA30: =IF(H30="SI",IF(F30>=31,IF(F30<=40,"X",""),"")) -> FALSE | CB30: =IF(H30="SI",IF(F30>=41,IF(F30<=50,"X",""),"")) -> FALSE | CC30: =IF(H30="SI",IF(F30>=51,IF(F30<=70,"X",""),"")) -> FALSE | CD30: =IF(H30="SI",IF(F30>=71,IF(F30<=90,"X",""),"")) -> FALSE
A31: 26 | P31: =IF(F31<10,IF(F31>=1,"X",""),"") | Q31: =IF(F31>=10,IF(F31<=15,"X",""),"") | R31: =IF(F31>15,IF(F31<=20,"X",""),"") | S31: =IF(F31>20,IF(F31<=30,"X",""),"") | T31: =IF(F31>30,IF(F31<=40,"X",""),"") | U31: =IF(F31>40,IF(F31<=50,"X",""),"") | V31: =IF(F31>50,IF(F31<=70,"X",""),"") | W31: =IF(F31>70,IF(F31<=100,"X",""),"") | Y31: =IF(P31="X",$I31,"") | Z31: =IF(Q31="X",$I31,"") | AA31: =IF(R31="X",$I31,"") | AB31: =IF(S31="X",$I31,"") | AC31: =IF(T31="X",$I31,"") | AD31: =IF(U31="X",$I31,"") | AE31: =IF(V31="X",$I31,"") | AF31: =IF(W31="X",$I31,"") | AH31: =IF(P31="X",$J31,"") | AI31: =IF(Q31="X",$J31,"") | AJ31: =IF(R31="X",$J31,"") | AK31: =IF(S31="X",$J31,"") | AL31: =IF(T31="X",$J31,"") | AM31: =IF(U31="X",$J31,"") | AN31: =IF(V31="X",$J31,"") | AO31: =IF(W31="X",$J31,"") | AQ31: =IF(AND(P31="X",$BJ31="F"),$K31,"") | AR31: =IF(AND(Q31="X",$BJ31="F"),$K31,"") | AS31: =IF(AND(R31="X",$BJ31="F"),$K31,"") | AT31: =IF(AND(S31="X",$BJ31="F"),$K31,"") | AU31: =IF(AND(T31="X",$BJ31="F"),$K31,"") | AV31: =IF(AND(U31="X",$BJ31="F"),$K31,"") | AW31: =IF(AND(V31="X",$BJ31="F"),$K31,"") | AX31: =IF(AND(W31="X",$BJ31="F"),$K31,"") | AZ31: =IF(AND(P31="X",$BJ31="P"),$K31,"") | BA31: =IF(AND(Q31="X",$BJ31="P"),$K31,"") | BB31: =IF(AND(R31="X",$BJ31="P"),$K31,"") | BC31: =IF(AND(S31="X",$BJ31="P"),$K31,"") | BD31: =IF(AND(T31="X",$BJ31="P"),$K31,"") | BE31: =IF(AND(U31="X",$BJ31="P"),$K31,"") | BF31: =IF(AND(V31="X",$BJ31="P"),$K31,"") | BG31: =IF(AND(W31="X",$BJ31="P"),$K31,"") | BJ31: =IF(L31="","",IF(L31="SI","P","F")) | BL31: =IF(P31="X",$BJ31,"") | BM31: =IF(Q31="X",$BJ31,"") | BN31: =IF(R31="X",$BJ31,"") | BO31: =IF(S31="X",$BJ31,"") | BP31: =IF(T31="X",$BJ31,"") | BQ31: =IF(U31="X",$BJ31,"") | BR31: =IF(V31="X",$BJ31,"") | BS31: =IF(W31="X",$BJ31,"") | BU31: =IF(H31="SI",E31,"") | BW31: =IF(H31="SI",IF(F31<=9,"X",""),"") | BX31: =IF(H31="SI",IF(F31>=10,IF(F31<=15,"X",""),"")) -> FALSE | BY31: =IF(H31="SI",IF(F31>=16,IF(F31<=20,"X",""),"")) -> FALSE | BZ31: =IF(H31="SI",IF(F31>=21,IF(F31<=30,"X",""),"")) -> FALSE | CA31: =IF(H31="SI",IF(F31>=31,IF(F31<=40,"X",""),"")) -> FALSE | CB31: =IF(H31="SI",IF(F31>=41,IF(F31<=50,"X",""),"")) -> FALSE | CC31: =IF(H31="SI",IF(F31>=51,IF(F31<=70,"X",""),"")) -> FALSE | CD31: =IF(H31="SI",IF(F31>=71,IF(F31<=90,"X",""),"")) -> FALSE
A32: 27 | P32: =IF(F32<10,IF(F32>=1,"X",""),"") | Q32: =IF(F32>=10,IF(F32<=15,"X",""),"") | R32: =IF(F32>15,IF(F32<=20,"X",""),"") | S32: =IF(F32>20,IF(F32<=30,"X",""),"") | T32: =IF(F32>30,IF(F32<=40,"X",""),"") | U32: =IF(F32>40,IF(F32<=50,"X",""),"") | V32: =IF(F32>50,IF(F32<=70,"X",""),"") | W32: =IF(F32>70,IF(F32<=100,"X",""),"") | Y32: =IF(P32="X",$I32,"") | Z32: =IF(Q32="X",$I32,"") | AA32: =IF(R32="X",$I32,"") | AB32: =IF(S32="X",$I32,"") | AC32: =IF(T32="X",$I32,"") | AD32: =IF(U32="X",$I32,"") | AE32: =IF(V32="X",$I32,"") | AF32: =IF(W32="X",$I32,"") | AH32: =IF(P32="X",$J32,"") | AI32: =IF(Q32="X",$J32,"") | AJ32: =IF(R32="X",$J32,"") | AK32: =IF(S32="X",$J32,"") | AL32: =IF(T32="X",$J32,"") | AM32: =IF(U32="X",$J32,"") | AN32: =IF(V32="X",$J32,"") | AO32: =IF(W32="X",$J32,"") | AQ32: =IF(AND(P32="X",$BJ32="F"),$K32,"") | AR32: =IF(AND(Q32="X",$BJ32="F"),$K32,"") | AS32: =IF(AND(R32="X",$BJ32="F"),$K32,"") | AT32: =IF(AND(S32="X",$BJ32="F"),$K32,"") | AU32: =IF(AND(T32="X",$BJ32="F"),$K32,"") | AV32: =IF(AND(U32="X",$BJ32="F"),$K32,"") | AW32: =IF(AND(V32="X",$BJ32="F"),$K32,"") | AX32: =IF(AND(W32="X",$BJ32="F"),$K32,"") | AZ32: =IF(AND(P32="X",$BJ32="P"),$K32,"") | BA32: =IF(AND(Q32="X",$BJ32="P"),$K32,"") | BB32: =IF(AND(R32="X",$BJ32="P"),$K32,"") | BC32: =IF(AND(S32="X",$BJ32="P"),$K32,"") | BD32: =IF(AND(T32="X",$BJ32="P"),$K32,"") | BE32: =IF(AND(U32="X",$BJ32="P"),$K32,"") | BF32: =IF(AND(V32="X",$BJ32="P"),$K32,"") | BG32: =IF(AND(W32="X",$BJ32="P"),$K32,"") | BJ32: =IF(L32="","",IF(L32="SI","P","F")) | BL32: =IF(P32="X",$BJ32,"") | BM32: =IF(Q32="X",$BJ32,"") | BN32: =IF(R32="X",$BJ32,"") | BO32: =IF(S32="X",$BJ32,"") | BP32: =IF(T32="X",$BJ32,"") | BQ32: =IF(U32="X",$BJ32,"") | BR32: =IF(V32="X",$BJ32,"") | BS32: =IF(W32="X",$BJ32,"") | BU32: =IF(H32="SI",E32,"") | BW32: =IF(H32="SI",IF(F32<=9,"X",""),"") | BX32: =IF(H32="SI",IF(F32>=10,IF(F32<=15,"X",""),"")) -> FALSE | BY32: =IF(H32="SI",IF(F32>=16,IF(F32<=20,"X",""),"")) -> FALSE | BZ32: =IF(H32="SI",IF(F32>=21,IF(F32<=30,"X",""),"")) -> FALSE | CA32: =IF(H32="SI",IF(F32>=31,IF(F32<=40,"X",""),"")) -> FALSE | CB32: =IF(H32="SI",IF(F32>=41,IF(F32<=50,"X",""),"")) -> FALSE | CC32: =IF(H32="SI",IF(F32>=51,IF(F32<=70,"X",""),"")) -> FALSE | CD32: =IF(H32="SI",IF(F32>=71,IF(F32<=90,"X",""),"")) -> FALSE
... A130: 125 | P130: =IF(F130<10,IF(F130>=1,"X",""),"") | Q130: =IF(F130>=10,IF(F130<=15,"X",""),"") | R130: =IF(F130>15,IF(F130<=20,"X",""),"") | S130: =IF(F130>20,IF(F130<=30,"X",""),"") | T130: =IF(F130>30,IF(F130<=40,"X",""),"") | U130: =IF(F130>40,IF(F130<=50,"X",""),"") | V130: =IF(F130>50,IF(F130<=70,"X",""),"") | W130: =IF(F130>70,IF(F130<=100,"X",""),"") | Y130: =IF(P130="X",$I130,"") | Z130: =IF(Q130="X",$I130,"") | AA130: =IF(R130="X",$I130,"") | AB130: =IF(S130="X",$I130,"") | AC130: =IF(T130="X",$I130,"") | AD130: =IF(U130="X",$I130,"") | AE130: =IF(V130="X",$I130,"") | AF130: =IF(W130="X",$I130,"") | AH130: =IF(P130="X",$J130,"") | AI130: =IF(Q130="X",$J130,"") | AJ130: =IF(R130="X",$J130,"") | AK130: =IF(S130="X",$J130,"") | AL130: =IF(T130="X",$J130,"") | AM130: =IF(U130="X",$J130,"") | AN130: =IF(V130="X",$J130,"") | AO130: =IF(W130="X",$J130,"") | AQ130: =IF(AND(P130="X",$BJ130="F"),$K130,"") | AR130: =IF(AND(Q130="X",$BJ130="F"),$K130,"") | AS130: =IF(AND(R130="X",$BJ130="F"),$K130,"") | AT130: =IF(AND(S130="X",$BJ130="F"),$K130,"") | AU130: =IF(AND(T130="X",$BJ130="F"),$K130,"") | AV130: =IF(AND(U130="X",$BJ130="F"),$K130,"") | AW130: =IF(AND(V130="X",$BJ130="F"),$K130,"") | AX130: =IF(AND(W130="X",$BJ130="F"),$K130,"") | AZ130: =IF(AND(P130="X",$BJ130="P"),$K130,"") | BA130: =IF(AND(Q130="X",$BJ130="P"),$K130,"") | BB130: =IF(AND(R130="X",$BJ130="P"),$K130,"") | BC130: =IF(AND(S130="X",$BJ130="P"),$K130,"") | BD130: =IF(AND(T130="X",$BJ130="P"),$K130,"") | BE130: =IF(AND(U130="X",$BJ130="P"),$K130,"") | BF130: =IF(AND(V130="X",$BJ130="P"),$K130,"") | BG130: =IF(AND(W130="X",$BJ130="P"),$K130,"") | BJ130: =IF(L130="","",IF(L130="SI","P","F")) | BL130: =IF(P130="X",$BJ130,"") | BM130: =IF(Q130="X",$BJ130,"") | BN130: =IF(R130="X",$BJ130,"") | BO130: =IF(S130="X",$BJ130,"") | BP130: =IF(T130="X",$BJ130,"") | BQ130: =IF(U130="X",$BJ130,"") | BR130: =IF(V130="X",$BJ130,"") | BS130: =IF(W130="X",$BJ130,"") | BU130: =IF(H130="SI",E130,"") | BW130: =IF(H130="SI",IF(F130<=9,"X",""),"") | BX130: =IF(H130="SI",IF(F130>=10,IF(F130<=15,"X",""),"")) -> FALSE | BY130: =IF(H130="SI",IF(F130>=16,IF(F130<=20,"X",""),"")) -> FALSE | BZ130: =IF(H130="SI",IF(F130>=21,IF(F130<=30,"X",""),"")) -> FALSE | CA130: =IF(H130="SI",IF(F130>=31,IF(F130<=40,"X",""),"")) -> FALSE | CB130: =IF(H130="SI",IF(F130>=41,IF(F130<=50,"X",""),"")) -> FALSE | CC130: =IF(H130="SI",IF(F130>=51,IF(F130<=70,"X",""),"")) -> FALSE | CD130: =IF(H130="SI",IF(F130>=71,IF(F130<=90,"X",""),"")) -> FALSE
P131: =IF(F131<10,IF(F131>=1,"X",""),"") | Q131: =IF(F131>=10,IF(F131<=15,"X",""),"") | R131: =IF(F131>15,IF(F131<=20,"X",""),"") | S131: =IF(F131>20,IF(F131<=30,"X",""),"") | T131: =IF(F131>30,IF(F131<=40,"X",""),"") | U131: =IF(F131>40,IF(F131<=50,"X",""),"") | V131: =IF(F131>50,IF(F131<=70,"X",""),"") | W131: =IF(F131>70,IF(F131<=100,"X",""),"") | Y131: =IF(P131="X",$I131,"") | Z131: =IF(Q131="X",$I131,"") | AA131: =IF(R131="X",$I131,"") | AB131: =IF(S131="X",$I131,"") | AC131: =IF(T131="X",$I131,"") | AD131: =IF(U131="X",$I131,"") | AE131: =IF(V131="X",$I131,"") | AF131: =IF(W131="X",$I131,"") | AH131: =IF(P131="X",$J131,"") | AI131: =IF(Q131="X",$J131,"") | AJ131: =IF(R131="X",$J131,"") | AK131: =IF(S131="X",$J131,"") | AL131: =IF(T131="X",$J131,"") | AM131: =IF(U131="X",$J131,"") | AN131: =IF(V131="X",$J131,"") | AO131: =IF(W131="X",$J131,"") | AQ131: =IF(AND(P131="X",$BJ131="F"),$K131,"") | AR131: =IF(AND(Q131="X",$BJ131="F"),$K131,"") | AS131: =IF(AND(R131="X",$BJ131="F"),$K131,"") | AT131: =IF(AND(S131="X",$BJ131="F"),$K131,"") | AU131: =IF(AND(T131="X",$BJ131="F"),$K131,"") | AV131: =IF(AND(U131="X",$BJ131="F"),$K131,"") | AW131: =IF(AND(V131="X",$BJ131="F"),$K131,"") | AX131: =IF(AND(W131="X",$BJ131="F"),$K131,"") | AZ131: =IF(AND(P131="X",$BJ131="P"),$K131,"") | BA131: =IF(AND(Q131="X",$BJ131="P"),$K131,"") | BB131: =IF(AND(R131="X",$BJ131="P"),$K131,"") | BC131: =IF(AND(S131="X",$BJ131="P"),$K131,"") | BD131: =IF(AND(T131="X",$BJ131="P"),$K131,"") | BE131: =IF(AND(U131="X",$BJ131="P"),$K131,"") | BF131: =IF(AND(V131="X",$BJ131="P"),$K131,"") | BG131: =IF(AND(W131="X",$BJ131="P"),$K131,"") | BJ131: =IF(L131="","",IF(L131="SI","P","F")) | BL131: =IF(P131="X",$BJ131,"") | BM131: =IF(Q131="X",$BJ131,"") | BN131: =IF(R131="X",$BJ131,"") | BO131: =IF(S131="X",$BJ131,"") | BP131: =IF(T131="X",$BJ131,"") | BQ131: =IF(U131="X",$BJ131,"") | BR131: =IF(V131="X",$BJ131,"") | BS131: =IF(W131="X",$BJ131,"") | BU131: =IF(H131="SI",E131,"") | BW131: =IF(H131="SI",IF(F131<=9,"X",""),"")
E132: =+SUM(E6:E131) -> 15 | F132: =+SUM(F6:F131) -> 54 | G132: LONGITUD TUBERIA (m) | I132: =SUM(I6:I131) -> 129 | J132: =SUM(J6:J131) -> 96 | K132: =SUM(K6:K131) -> 121.5 | P132: =COUNTIF(' BENEFICIARIOS'!P6:P131,"X") -> 15 | Q132: =COUNTIF(Q6:Q131,"X") -> 0 | R132: =COUNTIF(' BENEFICIARIOS'!R6:R131,"X") -> 0 | S132: =COUNTIF(' BENEFICIARIOS'!S6:S131,"X") -> 0 | T132: =COUNTIF(' BENEFICIARIOS'!T6:T131,"X") -> 0 | U132: =COUNTIF(' BENEFICIARIOS'!U6:U131,"X") -> 0 | V132: =COUNTIF(' BENEFICIARIOS'!V6:V131,"X") -> 0 | W132: =COUNTIF(' BENEFICIARIOS'!W6:W131,"X") -> 0 | Y132: =SUM(Y6:Y131) -> 129 | Z132: =SUM(Z6:Z131) -> 0 | AA132: =SUM(AA6:AA131) -> 0 | AB132: =SUM(AB6:AB131) -> 0 | AC132: =SUM(AC6:AC131) -> 0 | AD132: =SUM(AD6:AD131) -> 0 | AE132: =SUM(AE6:AE131) -> 0 | AF132: =SUM(AF6:AF131) -> 0 | AH132: =SUM(AH6:AH131) -> 96 | AI132: =SUM(AI6:AI131) -> 0 | AJ132: =SUM(AJ6:AJ131) -> 0 | AK132: =SUM(AK6:AK131) -> 0 | AL132: =SUM(AL6:AL131) -> 0 | AM132: =SUM(AM6:AM131) -> 0 | AN132: =SUM(AN6:AN131) -> 0 | AO132: =SUM(AO6:AO131) -> 0 | AQ132: =SUM(AQ6:AQ131) -> 0 | AR132: =SUM(AR6:AR131) -> 0 | AS132: =SUM(AS6:AS131) -> 0 | AT132: =SUM(AT6:AT131) -> 0 | AU132: =SUM(AU6:AU131) -> 0 | AV132: =SUM(AV6:AV131) -> 0 | AW132: =SUM(AW6:AW131) -> 0 | AX132: =SUM(AX6:AX131) -> 0 | AZ132: =SUM(AZ6:AZ131) -> 121.5 | BA132: =SUM(BA6:BA131) -> 0 | BB132: =SUM(BB6:BB131) -> 0 | BC132: =SUM(BC6:BC131) -> 0 | BD132: =SUM(BD6:BD131) -> 0 | BE132: =SUM(BE6:BE131) -> 0 | BF132: =SUM(BF6:BF131) -> 0 | BG132: =SUM(BG6:BG131) -> 0 | BI132: f | BJ132: =COUNTIF(BJ6:BJ131,"F") -> 0 | BL132: =COUNTIF(BL6:BL131,"F") -> 0 | BM132: =COUNTIF(BM6:BM131,"F") -> 0 | BN132: =COUNTIF(BN6:BN131,"F") -> 0 | BO132: =COUNTIF(BO6:BO131,"F") -> 0 | BP132: =COUNTIF(BP6:BP131,"F") -> 0 | BQ132: =COUNTIF(BQ6:BQ131,"F") -> 0 | BR132: =COUNTIF(BR6:BR131,"F") -> 0 | BS132: =COUNTIF(BS6:BS131,"F") -> 0 | BU132: =SUM(BU6:BU131) -> 15 | BW132: =COUNTIF(BW6:BW131,"X") -> 15 | BX132: =COUNTIF(BX6:BX131,"X") -> 0 | BY132: =COUNTIF(BY6:BY131,"X") -> 0 | BZ132: =COUNTIF(BZ6:BZ131,"X") -> 0 | CA132: =COUNTIF(CA6:CA131,"X") -> 0 | CB132: =COUNTIF(CB6:CB131,"X") -> 0 | CC132: =COUNTIF(CC6:CC131,"X") -> 0 | CD132: =COUNTIF(CD6:CD131,"X") -> 0
K133: =+#REF!-K132 -> #REF! | L133: =+#REF!-K132 -> #REF! | M133: Promedio | N133: =AVERAGE(N6:N131) -> 9.6 | P133: Total tanques de 1800 | Q133: =SUM(P132:W132) -> 15 | Y133: =IF(Y132=0,0,(AVERAGE(Y6:Y131))) -> 8.6 | Z133: =IF(Z132=0,0,(AVERAGE(Z6:Z131))) -> 0 | AA133: =IF(AA132=0,0,(AVERAGE(AA6:AA131))) -> 0 | AB133: =IF(AB132=0,0,(AVERAGE(AB6:AB131))) -> 0 | AC133: =IF(AC132=0,0,(AVERAGE(AC6:AC131))) -> 0 | AD133: =IF(AD132=0,0,(AVERAGE(AD6:AD131))) -> 0 | AE133: =IF(AE132=0,0,(AVERAGE(AE6:AE131))) -> 0 | AF133: =IF(AF132=0,0,(AVERAGE(AF6:AF131))) -> 0 | AH133: =IF(AH132=0,0,(AVERAGE(AH6:AH131))) -> 6.4 | AI133: =IF(AI132=0,0,(AVERAGE(AI6:AI131))) -> 0 | AJ133: =IF(AJ132=0,0,(AVERAGE(AJ6:AJ131))) -> 0 | AK133: =IF(AK132=0,0,(AVERAGE(AK6:AK131))) -> 0 | AL133: =IF(AL132=0,0,(AVERAGE(AL6:AL131))) -> 0 | AM133: =IF(AM132=0,0,(AVERAGE(AM6:AM131))) -> 0 | AN133: =IF(AN132=0,0,(AVERAGE(AN6:AN131))) -> 0 | AO133: =IF(AO132=0,0,(AVERAGE(AO6:AO131))) -> 0 | AQ133: =IF(AQ132=0,0,(AVERAGE(AQ6:AQ131))) -> 0 | AR133: =IF(AR132=0,0,(AVERAGE(AR6:AR131))) -> 0 | AS133: =IF(AS132=0,0,(AVERAGE(AS6:AS131))) -> 0 | AT133: =IF(AT132=0,0,(AVERAGE(AT6:AT131))) -> 0 | AU133: =IF(AU132=0,0,(AVERAGE(AU6:AU131))) -> 0 | AV133: =IF(AV132=0,0,(AVERAGE(AV6:AV131))) -> 0 | AW133: =IF(AW132=0,0,(AVERAGE(AW6:AW131))) -> 0 | AX133: =IF(AX132=0,0,(AVERAGE(AX6:AX131))) -> 0 | AZ133: =IF(AZ132=0,0,(AVERAGE(AZ6:AZ131))) -> 8.1 | BA133: =IF(BA132=0,0,(AVERAGE(BA6:BA131))) -> 0 | BB133: =IF(BB132=0,0,(AVERAGE(BB6:BB131))) -> 0 | BC133: =IF(BC132=0,0,(AVERAGE(BC6:BC131))) -> 0 | BD133: =IF(BD132=0,0,(AVERAGE(BD6:BD131))) -> 0 | BE133: =IF(BE132=0,0,(AVERAGE(BE6:BE131))) -> 0 | BF133: =IF(BF132=0,0,(AVERAGE(BF6:BF131))) -> 0 | BG133: =IF(BG132=0,0,(AVERAGE(BG6:BG131))) -> 0 | BI133: p | BJ133: =COUNTIF(BJ6:BJ131,"P") -> 15 | BL133: =COUNTIF(BL6:BL131,"P") -> 15 | BM133: =COUNTIF(BM6:BM131,"P") -> 0 | BN133: =COUNTIF(BN6:BN131,"P") -> 0 | BO133: =COUNTIF(BO6:BO131,"P") -> 0 | BP133: =COUNTIF(BP6:BP131,"P") -> 0 | BQ133: =COUNTIF(BQ6:BQ131,"P") -> 0 | BR133: =COUNTIF(BR6:BR131,"P") -> 0 | BS133: =COUNTIF(BS6:BS131,"P") -> 0
B134: APORTES PERCAPITA PARA AGUAS RESIDUALES DOMESTICAS | P134: Total Tanques > 1800 | Q134: =+SUM(Q132:W132) -> 0
I135: APORTES PERCAPITA PARA AGUAS RESIDUALES DOMESTICAS | BM135: F | BP135: Cantidad permisos requeridos | BS135: =+SUM(BL132:BS132) -> 0
I136: SEGUN EL COBRO DE TASAS RETRIBUTIVAS (EEPPM y CORANTIOQUIA) | N136: =+N140*15 -> 225 | BM136: P
A138: PARAMETRO | C138: INTERVALO | D138: VALOR SUGERIDO | I138: PARAMETRO | L138: VALOR
A139: DBO (20C) (gr/hab-dia) | C139: 25-80 | D139: 50 | I139: DBO (20C) (kg/hab-dia) | L139: 0.045 | M139: No. Total de tanques | N139: =+Q133 -> 15
A140: SST (gr/hab-dia) | C140: 30-100 | D140: 50 | I140: SST (kg/hab-dia) | L140: 0.0432 | M140: No. total viv. Beneficiadas | N140: =E132 -> 15
M141: Población Total beneficiada | N141: =+F132 -> 54
A143: TOTAL POBLACION | C143: =+F132 -> 54
A144: CARGA CONTAM. DBO (ton/dia) | C144: =+(L139*C143)/1000 -> 0.00243 | F144: CARGA CONTAM. DBO (kg/dia) | G144: =+(L139*F132) -> 2.43
A145: CARGA CONTAM. SST (ton/dia) | C145: =+(L140*F132)/1000 -> 0.0023328 | F145: CARGA CONTAM. SST (Kg/dia) | G145: =+(L140*F132) -> 2.3328
A146: TOTAL CARGA CONTAM. | C146: =SUM(C144:C145) -> 0.0047628 | F146: TOTAL CARGA CONTAM. | G146: =SUM(G144:G145) -> 4.7628
A148: CARGA CONTAM. DBO (ton/año) | C148: =+(L139*F132*365)/1000 -> 0.88695
A149: CARGA CONTAM. SST (ton/año) | C149: =+(L140*F132*365)/1000 -> 0.851472
A150: TOTAL CARGA CONTAM. | C150: =SUM(C148:C149) -> 1.738422

Sheet Salarios y transporte
B1: Remuneración del personal (jornales) | E1: 190-MEM2501-201Jornal 2025
B2: Salario dia Oficial con prestaciones | C2: 158065
B3: Salario dia Ayudante con prestaciones | C3: 82955
B4: Salario dia 2 Ayudantes con prestaciones | C4: =+C3*2 -> 165910
B5: Salario Oficial + Ayudante dia con prestaciones | C5: =+C3+C2 -> 241020
B6: Salario Oficial + 2 Ayudantes dia | C6: =+C2+C3*2 -> 323975
B7: Salario Oficial + 3 Ayudantes dia | C7: =+C2+3*C3 -> 406930
B8: Minero | C8: =+C3*2 -> 165910
B9: Nota: De acuerdo al conocimiento de los profesionales en la ejecución de obra, el salario del oficial se considera como dos veces el salario de un ayudante, es decir que equivale a dos mínimos.
B11: TRANSPORTE
B13: RESUMEN
B15: SELECCIONAR EL MUNICIPIO Y EL PROMEDIO DE DISTANCIAS DE LAS VEREDAS PARA EL CONVENIO
B16: Municipio/Capacidad del sistema | C16: Sistema de 1500-1800 | D16: Sistema de 2300-2500 | E16: Sistema de 3000-3300 | F16: Sistema de 4500-5000 | G16: Sistema de 6000-6500 | H16: Sistema de 7500-8000 | I16: Sistema de 10000-12000 | J16: Sistema mayor de 12000
A17: 1 | B17: =' BENEFICIARIOS'!C6 -> Angelópolis | C17: =VLOOKUP($B$17,$B$48:$K$127,3,FALSE) -> 305753.56 | D17: =VLOOKUP($B$17,$B$48:$K$127,4,FALSE) -> 314994.14 | E17: =VLOOKUP($B$17,$B$48:$K$127,5,FALSE) -> 323243.4 | F17: =VLOOKUP($B$17,$B$48:$K$127,6,FALSE) -> 388372.93 | G17: =VLOOKUP($B$17,$B$48:$K$127,7,FALSE) -> 388372.93 | H17: =VLOOKUP($B$17,$B$48:$K$127,8,FALSE) -> 388372.93 | I17: =VLOOKUP($B$17,$B$48:$K$127,9,FALSE) -> 468117.27 | J17: =VLOOKUP($B$17,$B$48:$K$127,10,FALSE) -> 0
B18: =IF(' BENEFICIARIOS'!N133<10,'Salarios y transporte'!B156,'Salarios y transporte'!B157) -> Distancia vereda < 10km | C18: =VLOOKUP(B$18,B$156:J$157,2,FALSE) -> 264493.48 | D18: =VLOOKUP(C$18,C$156:K$157,2,FALSE) -> 272487.09 | E18: =VLOOKUP(D$18,D$156:L$157,2,FALSE) -> 279623.15 | F18: =VLOOKUP(E$18,E$156:M$157,2,FALSE) -> 335963.75 | G18: =VLOOKUP(F$18,F$156:N$157,2,FALSE) -> 335963.75 | H18: =VLOOKUP(G$18,G$156:O$157,2,FALSE) -> 335963.75 | I18: =VLOOKUP(H$18,H$156:P$157,2,FALSE) -> 404946.94 | J18: =VLOOKUP(I$18,I$156:Q$157,2,FALSE) -> 0
B19: Promedio de las distancias veredales a la cabecera | C19: =' BENEFICIARIOS'!N133 -> 9.6
B21: VALOR TRANSPORTE CONVENIO
A22: 4 | B22: Cantidad tanques del convenio | C22: ='[96]ppto sistema septico'!F8 -> 15 | D22: ='[96]ppto sistema septico'!H8 -> 0 | E22: ='[96]ppto sistema septico'!J8 -> 0 | F22: ='[96]ppto sistema septico'!L8 -> 0 | G22: ='[96]ppto sistema septico'!N8 -> 0 | H22: ='[96]ppto sistema septico'!P8 -> 0 | I22: ='[96]ppto sistema septico'!R8 -> 0 | J22: ='[96]ppto sistema septico'!T8 -> 0
A23: 5 | B23: N° viajes x capacidad | C23: =ROUNDUP(C22/3,0) -> 5 | D23: =ROUNDUP(D22/3,0) -> 0 | E23: =ROUNDUP(E22/3,0) -> 0 | F23: =ROUNDUP(F22/2,0) -> 0 | G23: =ROUNDUP(G22/2,0) -> 0 | H23: =ROUNDUP(H22/1,0) -> 0 | I23: =ROUNDUP(I22/1,0) -> 0 | J23: =ROUNDUP(J22/1,0) -> 0
A24: 3=1+2 | B24: Valor transporte por sistema | C24: =C17+C18 -> 570247.04 | D24: =D17+D18 -> 587481.23 | E24: =E17+E18 -> 602866.54 | F24: =F17+F18 -> 724336.68 | G24: =G17+G18 -> 724336.68 | H24: =H17+H18 -> 724336.68 | I24: =I17+I18 -> 873064.21 | J24: =J17+J18 -> 0
A25: 6=5*3 | B25: Valor Transporte por capacidad | C25: =C24*C23 -> 2851235.2 | D25: =D24*D23 -> 0 | E25: =E24*E23 -> 0 | F25: =F24*F23 -> 0 | G25: =G24*G23 -> 0 | H25: =H24*H23 -> 0 | I25: =I24*I23 -> 0 | J25: =J24*J23 -> 0
A26: 7=6/4 | B26: Valor Transporte sistema por viaje | C26: =IFERROR(C25/C22,"0") -> 190082.35 | D26: =IFERROR(D25/D22,"0") -> 0 | E26: =IFERROR(E25/E22,"0") -> 0 | F26: =IFERROR(F25/F22,"0") -> 0 | G26: =IFERROR(G25/G22,"0") -> 0 | H26: =IFERROR(H25/H22,"0") -> 0 | I26: =IFERROR(I25/I22,"0") -> 0 | J26: =IFERROR(J25/J22,"0") -> 0
A27: Suma 6 | B27: Valor total transporte | C27: =SUM(C25:J25) -> 2851235.2
A28: Promedio 6 respecto 4 | B28: Valor unitario | C28: =C27/('[96]ppto sistema septico'!F8+'[96]ppto sistema septico'!H8+'[96]ppto sistema septico'!J8+'[96]ppto sistema septico'!L8+'[96]ppto sistema septico'!N8+'[96]ppto sistema septico'!P8+'[96]ppto sistema septico'!R8+'[96]ppto sistema septico'!T8) -> 190082.35
B30: VARIABLES
B32: Ver informe técnico: XXXXXX
B33: Transporte | C33: Valores empleados vigencia 2025 según informe técnico XXXXX | J33: Valores a emplear vigencia 2025 | K33: Valores a emplear vigencia 2024
C34: 1 | D34: 2 | E34: 3 | F34: 4 | G34: 5 | H34: 6 | I34: 7 | J34: Analisis de datos | K34: ANÁLISIS DE DATOS
C35: Fibraguas 110-COE2501-3474 | D35: Fibrasing 110-COE2501-3492 | E35: SoloFibras 110-COE2502-3672 | F35: Corantioquia 110-IT2407-5980 | G35: IPB 110-COE2502-4165 | H35: maproaguas 110-COE2502-4194 | I35: IDEFIBRAS SAS 110-COE2502-4196 | J35: mediana | O35: Promedio (1) IPC 13,12% | P35: Promedio (2) IPC 13,12% | Q35: Promedio (1) | R35: Promedio (2)
B36: Transporte por kilómetro recorrido para un sistema séptico y FAFA prefabricado en P.R.F.V (Poliéster Reforzado Con Fibra De Vidrio) con capacidad para atender una población de tres a nueve (3 a 9) habitantes. Volumen de 1.500-1.800 litros | C36: 12174.7 | D36: 2278.8 | E36: sin dato | F36: 9584.751 | G36: 17174.345 | H36: 7596 | I36: sin dato | J36: =+'Análisis precios transporte'!Q4 -> 9584.751 | K36: =+C36*1.055 -> 12844.308 | L36: =+D36*1.055 -> 2404.134 | M36: =+E36*1.055 -> #VALUE! | N36: =+F36*1.055 -> 10111.912 | O36: =+G36*1.055 -> 18118.934 | P36: =+H36*1.055 -> 8013.78 | Q36: =+I36*1.055 -> #VALUE! | R36: =+J36*1.055 -> 10111.912
B37: Transporte por kilómetro recorrido para un sistema séptico y FAFA prefabricado en P.R.F.V (Poliéster Reforzado Con Fibra De Vidrio)con capacidad para atender una población de diez a quince (10 a 15) habitantes. Volumen de 2.300-2.500 litros. | C37: 12174.7 | D37: 2734.56 | E37: sin dato | F37: 9874.4244 | G37: 17174.345 | H37: 7596 | I37: sin dato | J37: =+'Análisis precios transporte'!Q5 -> 9874.4244 | K37: =+C37*1.055 -> 12844.308 | L37: =+D37*1.055 -> 2884.9608 | M37: =+E37*1.055 -> #VALUE! | N37: =+F37*1.055 -> 10417.518 | O37: =+G37*1.055 -> 18118.934 | P37: =+H37*1.055 -> 8013.78 | Q37: =+I37*1.055 -> #VALUE! | R37: =+J37*1.055 -> 10417.518
B38: Transporte por kilómetro recorrido para un sistema séptico y FAFA prefabricado en P.R.F.V (Poliéster Reforzado Con Fibra De Vidrio)con capacidad para atender una población dieciséis a veinte (16 a 20) habitantes. Volumen de 3.000-3.300 litros. | C38: 12174.7 | D38: 3342.24 | E38: sin dato | F38: 10133.022 | G38: 17174.345 | H38: 7596 | I38: sin dato | J38: =+'Análisis precios transporte'!Q6 -> 10133.022 | K38: =+C38*1.055 -> 12844.308 | L38: =+D38*1.055 -> 3526.0632 | M38: =+E38*1.055 -> #VALUE! | N38: =+F38*1.055 -> 10690.338 | O38: =+G38*1.055 -> 18118.934 | P38: =+H38*1.055 -> 8013.78 | Q38: =+I38*1.055 -> #VALUE! | R38: =+J38*1.055 -> 10690.338
B39: Transporte por kilómetro recorrido para un sistema séptico y FAFA prefabricado en P.R.F.V (Poliéster Reforzado Con Fibra De Vidrio)con capacidad para atender una población de veinti uno a treinta (21 a 30) habitantes.Volumen de 4.500-5.000 litros. | C39: 12174.7 | D39: 3949.92 | E39: sin dato | F39: 12240.646 | G39: 17174.345 | H39: 7596 | I39: sin dato | J39: =+'Análisis precios transporte'!Q7 -> 12174.7 | K39: =+C39*1.055 -> 12844.308 | L39: =+D39*1.055 -> 4167.1656 | M39: =+E39*1.055 -> #VALUE! | N39: =+F39*1.055 -> 12913.881 | O39: =+G39*1.055 -> 18118.934 | P39: =+H39*1.055 -> 8013.78 | Q39: =+I39*1.055 -> #VALUE! | R39: =+J39*1.055 -> 12844.308
B40: Transporte por kilómetro recorrido para un sistema séptico y FAFA prefabricado en P.R.F.V (Poliéster Reforzado Con Fibra De Vidrio)con capacidad para atender una población de treinta y uno a cuarenta (31 a 40) habitantes.Volumen de6.000-6.500 litros. | C40: 12174.7 | D40: 5317.2 | E40: sin dato | F40: 14283.898 | G40: 17174.345 | H40: 10550 | I40: sin dato | J40: =+'Análisis precios transporte'!Q8 -> 12174.7 | K40: =+C40*1.055 -> 12844.308 | L40: =+D40*1.055 -> 5609.646 | M40: =+E40*1.055 -> #VALUE! | N40: =+F40*1.055 -> 15069.513 | O40: =+G40*1.055 -> 18118.934 | P40: =+H40*1.055 -> 11130.25 | Q40: =+I40*1.055 -> #VALUE! | R40: =+J40*1.055 -> 12844.308
B41: Transporte por kilómetro recorrido para un sistema séptico y FAFA prefabricado en P.R.F.V (Poliéster Reforzado Con Fibra De Vidrio)con capacidad para atender una población de cuarenta y uno a cincuenta (41 a 50) habitantes. Volumen de 7.500-8.000 litros. | C41: 12174.7 | D41: sin dato | E41: sin dato | F41: sin dato | G41: 17174.345 | H41: 10550 | I41: sin dato | J41: =+'Análisis precios transporte'!Q9 -> 12174.7 | K41: =+C41*1.055 -> 12844.308 | L41: =+D41*1.055 -> #VALUE! | M41: =+E41*1.055 -> #VALUE! | N41: =+F41*1.055 -> #VALUE! | O41: =+G41*1.055 -> 18118.934 | P41: =+H41*1.055 -> 11130.25 | Q41: =+I41*1.055 -> #VALUE! | R41: =+J41*1.055 -> 12844.308
B42: Transporte por kilómetro recorrido para un sistema séptico y FAFA prefabricado en P.R.F.V (Poliéster Reforzado Con Fibra De Vidrio)con capacidad para atender una población de cincuenta y uno a setenta (51 a 70) habitantes. Volumen de 10.000-12.000 litros. | C42: 12174.7 | D42: sin dato | E42: sin dato | F42: sin dato | G42: 17174.345 | H42: #VALUE! | I42: sin dato | J42: =+'Análisis precios transporte'!Q10 -> 14674.522 | K42: =+C42*1.055 -> 12844.308 | L42: =+D42*1.055 -> #VALUE! | M42: =+E42*1.055 -> #VALUE! | N42: =+F42*1.055 -> #VALUE! | O42: =+G42*1.055 -> 18118.934 | P42: =+H42*1.055 -> #VALUE! | Q42: =+I42*1.055 -> #VALUE! | R42: =+J42*1.055 -> 15481.621
B43: Transporte por kilómetro recorrido para un sistema séptico y FAFA prefabricado en P.R.F.V (Poliéster Reforzado Con Fibra De Vidrio)con capacidad para atender una población de setenta y uno a noventa (71 a 90) habitantes. Volumen > 12.000 litros. | C43: 0 | D43: 0 | E43: 0 | F43: 0 | G43: 0 | H43: 0 | I43: 0 | J43: =+'Análisis precios transporte'!Q11 -> 0 | K43: =+C43*1.055 -> 0 | L43: =+D43*1.055 -> 0 | M43: =+E43*1.055 -> 0 | N43: =+F43*1.055 -> 0 | O43: =+G43*1.055 -> 0 | P43: =+H43*1.055 -> 0 | Q43: =+I43*1.055 -> 0 | R43: =+J43*1.055 -> 0
A45: 1 | B45: Transporte de Medellín a Cabeceras municipales: Valor unitario por kilómetro recorrido.
B46: Municipios Corantioquia
B47: Municipio | C47: Distancia [km] | D47: Sistema de 1500-1800 | E47: Sistema de 2300-2500 | F47: Sistema de 3000-3300 | G47: Sistema de 4500-5000 | H47: Sistema de 6000-6500 | I47: Sistema de 7500-8000 | J47: Sistema de 10000-12000 | K47: Sistema mayor de 12000
B48: Medellín | C48: 0 | D48: =+C48*J$36 -> 0 | E48: =+C48*J$37 -> 0 | F48: =+C48*J$38 -> 0 | G48: =+C48*J$39 -> 0 | H48: =+C48*J$40 -> 0 | I48: =+C48*J$41 -> 0 | J48: =+C48*J$42 -> 0 | K48: =+C48*R$43 -> 0
A49: P2 | B49: Bello | C49: 2 | D49: =+C49*J$36 -> 19169.502 | E49: =+C49*J$37 -> 19748.849 | F49: =+C49*J$38 -> 20266.044 | G49: =+C49*J$39 -> 24349.4 | H49: =+C49*J$40 -> 24349.4 | I49: =+C49*J$41 -> 24349.4 | J49: =+C49*J$42 -> 29349.045 | K49: =+C49*R$43 -> 0
A50: P2 | B50: Envigado | C50: 5 | D50: =+C50*J$36 -> 47923.755 | E50: =+C50*J$37 -> 49372.122 | F50: =+C50*J$38 -> 50665.109 | G50: =+C50*J$39 -> 60873.5 | H50: =+C50*J$40 -> 60873.5 | I50: =+C50*J$41 -> 60873.5 | J50: =+C50*J$42 -> 73372.612 | K50: =+C50*R$43 -> 0
A51: P2 | B51: Itagüí | C51: 5 | D51: =+C51*J$36 -> 47923.755 | E51: =+C51*J$37 -> 49372.122 | F51: =+C51*J$38 -> 50665.109 | G51: =+C51*J$39 -> 60873.5 | H51: =+C51*J$40 -> 60873.5 | I51: =+C51*J$41 -> 60873.5 | J51: =+C51*J$42 -> 73372.612 | K51: =+C51*R$43 -> 0
A52: P2 | B52: Sabaneta | C52: 7.5 | D52: =+C52*J$36 -> 71885.632 | E52: =+C52*J$37 -> 74058.183 | F52: =+C52*J$38 -> 75997.664 | G52: =+C52*J$39 -> 91310.25 | H52: =+C52*J$40 -> 91310.25 | I52: =+C52*J$41 -> 91310.25 | J52: =+C52*J$42 -> 110058.92 | K52: =+C52*R$43 -> 0
A53: P2 | B53: La Estrella | C53: 9.5 | D53: =+C53*J$36 -> 91055.134 | E53: =+C53*J$37 -> 93807.032 | F53: =+C53*J$38 -> 96263.707 | G53: =+C53*J$39 -> 115659.65 | H53: =+C53*J$40 -> 115659.65 | I53: =+C53*J$41 -> 115659.65 | J53: =+C53*J$42 -> 139407.96 | K53: =+C53*R$43 -> 0
A54: P2 | B54: Copacabana | C54: 10.6 | D54: =+C54*J$36 -> 101598.36 | E54: =+C54*J$37 -> 104668.9 | F54: =+C54*J$38 -> 107410.03 | G54: =+C54*J$39 -> 129051.82 | H54: =+C54*J$40 -> 129051.82 | I54: =+C54*J$41 -> 129051.82 | J54: =+C54*J$42 -> 155549.94 | K54: =+C54*R$43 -> 0
A55: P2 | B55: Caldas | C55: 16.2 | D55: =+C55*J$36 -> 155272.97 | E55: =+C55*J$37 -> 159965.68 | F55: =+C55*J$38 -> 164154.95 | G55: =+C55*J$39 -> 197230.14 | H55: =+C55*J$40 -> 197230.14 | I55: =+C55*J$41 -> 197230.14 | J55: =+C55*J$42 -> 237727.26 | K55: =+C55*R$43 -> 0
A56: P2 | B56: Girardota | C56: 17.8 | D56: =+C56*J$36 -> 170608.57 | E56: =+C56*J$37 -> 175764.75 | F56: =+C56*J$38 -> 180367.79 | G56: =+C56*J$39 -> 216709.66 | H56: =+C56*J$40 -> 216709.66 | I56: =+C56*J$41 -> 216709.66 | J56: =+C56*J$42 -> 261206.5 | K56: =+C56*R$43 -> 0
A57: P2 | B57: Heliconia | C57: 21.6 | D57: =+C57*J$36 -> 207030.62 | E57: =+C57*J$37 -> 213287.57 | F57: =+C57*J$38 -> 218873.27 | G57: =+C57*J$39 -> 262973.52 | H57: =+C57*J$40 -> 262973.52 | I57: =+C57*J$41 -> 262973.52 | J57: =+C57*J$42 -> 316969.69 | K57: =+C57*R$43 -> 0
A58: P2 | B58: San Jerónimo | C58: 30.3 | D58: =+C58*J$36 -> 290417.95 | E58: =+C58*J$37 -> 299195.06 | F58: =+C58*J$38 -> 307030.56 | G58: =+C58*J$39 -> 368893.41 | H58: =+C58*J$40 -> 368893.41 | I58: =+C58*J$41 -> 368893.41 | J58: =+C58*J$42 -> 444638.03 | K58: =+C58*R$43 -> 0
A59: P2 | B59: Armenia | C59: 51 | D59: =+C59*J$36 -> 488822.3 | E59: =+C59*J$37 -> 503595.65 | F59: =+C59*J$38 -> 516784.11 | G59: =+C59*J$39 -> 620909.7 | H59: =+C59*J$40 -> 620909.7 | I59: =+C59*J$41 -> 620909.7 | J59: =+C59*J$42 -> 748400.65 | K59: =+C59*R$43 -> 0 | L59: =+(52+49+52)/3 -> 51
A60: P2 | B60: Angelópolis | C60: 31.9 | D60: =+C60*J$36 -> 305753.56 | E60: =+C60*J$37 -> 314994.14 | F60: =+C60*J$38 -> 323243.4 | G60: =+C60*J$39 -> 388372.93 | H60: =+C60*J$40 -> 388372.93 | I60: =+C60*J$41 -> 388372.93 | J60: =+C60*J$42 -> 468117.27 | K60: =+C60*R$43 -> 0
A61: P2 | B61: San Pedro de los Milagros | C61: 32.3 | D61: =+C61*J$36 -> 309587.46 | E61: =+C61*J$37 -> 318943.91 | F61: =+C61*J$38 -> 327296.6 | G61: =+C61*J$39 -> 393242.81 | H61: =+C61*J$40 -> 393242.81 | I61: =+C61*J$41 -> 393242.81 | J61: =+C61*J$42 -> 473987.08 | K61: =+C61*R$43 -> 0
A62: P2 | B62: Amagá | C62: 33.1 | D62: =+C62*J$36 -> 317255.26 | E62: =+C62*J$37 -> 326843.45 | F62: =+C62*J$38 -> 335403.02 | G62: =+C62*J$39 -> 402982.57 | H62: =+C62*J$40 -> 402982.57 | I62: =+C62*J$41 -> 402982.57 | J62: =+C62*J$42 -> 485726.69 | K62: =+C62*R$43 -> 0
A63: P2 | B63: Barbosa | C63: 33.5 | D63: =+C63*J$36 -> 321089.16 | E63: =+C63*J$37 -> 330793.22 | F63: =+C63*J$38 -> 339456.23 | G63: =+C63*J$39 -> 407852.45 | H63: =+C63*J$40 -> 407852.45 | I63: =+C63*J$41 -> 407852.45 | J63: =+C63*J$42 -> 491596.5 | K63: =+C63*R$43 -> 0
A64: P2 | B64: Ebéjico | C64: 48 | D64: =+C64*J$36 -> 460068.05 | E64: =+C64*J$37 -> 473972.37 | F64: =+C64*J$38 -> 486385.05 | G64: =+C64*J$39 -> 584385.6 | H64: =+C64*J$40 -> 584385.6 | I64: =+C64*J$41 -> 584385.6 | J64: =+C64*J$42 -> 704377.08 | K64: =+C64*R$43 -> 0 | L64: =(44+44+56)/3 -> 48
A65: P2 | B65: Donmatías | C65: 40.9 | D65: =+C65*J$36 -> 392016.31 | E65: =+C65*J$37 -> 403863.96 | F65: =+C65*J$38 -> 414440.59 | G65: =+C65*J$39 -> 497945.23 | H65: =+C65*J$40 -> 497945.23 | I65: =+C65*J$41 -> 497945.23 | J65: =+C65*J$42 -> 600187.97 | K65: =+C65*R$43 -> 0
A66: P2 | B66: Sopetrán | C66: 42.3 | D66: =+C66*J$36 -> 405434.97 | E66: =+C66*J$37 -> 417688.15 | F66: =+C66*J$38 -> 428626.82 | G66: =+C66*J$39 -> 514989.81 | H66: =+C66*J$40 -> 514989.81 | I66: =+C66*J$41 -> 514989.81 | J66: =+C66*J$42 -> 620732.3 | K66: =+C66*R$43 -> 0
A67: P2 | B67: Entrerríos | C67: 42.8 | D67: =+C67*J$36 -> 410227.34 | E67: =+C67*J$37 -> 422625.37 | F67: =+C67*J$38 -> 433693.33 | G67: =+C67*J$39 -> 521077.16 | H67: =+C67*J$40 -> 521077.16 | I67: =+C67*J$41 -> 521077.16 | J67: =+C67*J$42 -> 628069.56 | K67: =+C67*R$43 -> 0
A68: P2 | B68: Santa Bárbara | C68: 52 | D68: =+C68*J$36 -> 498407.05 | E68: =+C68*J$37 -> 513470.07 | F68: =+C68*J$38 -> 526917.13 | G68: =+C68*J$39 -> 633084.4 | H68: =+C68*J$40 -> 633084.4 | I68: =+C68*J$41 -> 633084.4 | J68: =+C68*J$42 -> 763075.17 | K68: =+C68*R$43 -> 0
A69: P2 | B69: Montebello | C69: 46.2 | D69: =+C69*J$36 -> 442815.49 | E69: =+C69*J$37 -> 456198.41 | F69: =+C69*J$38 -> 468145.61 | G69: =+C69*J$39 -> 562471.14 | H69: =+C69*J$40 -> 562471.14 | I69: =+C69*J$41 -> 562471.14 | J69: =+C69*J$42 -> 677962.94 | K69: =+C69*R$43 -> 0
A70: P2 | B70: Santa Fe de Antioquia | C70: 62 | D70: =+C70*J$36 -> 594254.56 | E70: =+C70*J$37 -> 612214.31 | F70: =+C70*J$38 -> 628247.35 | G70: =+C70*J$39 -> 754831.4 | H70: =+C70*J$40 -> 754831.4 | I70: =+C70*J$41 -> 754831.4 | J70: =+C70*J$42 -> 909820.39 | K70: =+C70*R$43 -> 0 | L70: =+(56+68)/2 -> 62
A71: P2 | B71: Fredonia | C71: 51.2 | D71: =+C71*J$36 -> 490739.25 | E71: =+C71*J$37 -> 505570.53 | F71: =+C71*J$38 -> 518810.72 | G71: =+C71*J$39 -> 623344.64 | H71: =+C71*J$40 -> 623344.64 | I71: =+C71*J$41 -> 623344.64 | J71: =+C71*J$42 -> 751335.55 | K71: =+C71*R$43 -> 0
A72: P2 | B72: Titiribí | C72: 51.3 | D72: =+C72*J$36 -> 491697.72 | E72: =+C72*J$37 -> 506557.97 | F72: =+C72*J$38 -> 519824.02 | G72: =+C72*J$39 -> 624562.11 | H72: =+C72*J$40 -> 624562.11 | I72: =+C72*J$41 -> 624562.11 | J72: =+C72*J$42 -> 752803 | K72: =+C72*R$43 -> 0
A73: P2 | B73: Venecia | C73: 51.6 | D73: =+C73*J$36 -> 494573.15 | E73: =+C73*J$37 -> 509520.3 | F73: =+C73*J$38 -> 522863.92 | G73: =+C73*J$39 -> 628214.52 | H73: =+C73*J$40 -> 628214.52 | I73: =+C73*J$41 -> 628214.52 | J73: =+C73*J$42 -> 757205.36 | K73: =+C73*R$43 -> 0
A74: P2 | B74: Belmira | C74: 56.4 | D74: =+C74*J$36 -> 540579.95 | E74: =+C74*J$37 -> 556917.54 | F74: =+C74*J$38 -> 571502.43 | G74: =+C74*J$39 -> 686653.08 | H74: =+C74*J$40 -> 686653.08 | I74: =+C74*J$41 -> 686653.08 | J74: =+C74*J$42 -> 827643.07 | K74: =+C74*R$43 -> 0
A75: P2 | B75: Olaya | C75: 64.9 | D75: =+C75*J$36 -> 622050.34 | E75: =+C75*J$37 -> 640850.14 | F75: =+C75*J$38 -> 657633.11 | G75: =+C75*J$39 -> 790138.03 | H75: =+C75*J$40 -> 790138.03 | I75: =+C75*J$41 -> 790138.03 | J75: =+C75*J$42 -> 952376.51 | K75: =+C75*R$43 -> 0
A76: P2 | B76: Santa Rosa de Osos | C76: 74 | D76: =+C76*J$36 -> 709271.57 | E76: =+C76*J$37 -> 730707.41 | F76: =+C76*J$38 -> 749843.61 | G76: =+C76*J$39 -> 900927.8 | H76: =+C76*J$40 -> 900927.8 | I76: =+C76*J$41 -> 900927.8 | J76: =+C76*J$42 -> 1085914.7 | K76: =+C76*R$43 -> 0
A77: P2 | B77: Liborina | C77: 72.4 | D77: =+C77*J$36 -> 693935.97 | E77: =+C77*J$37 -> 714908.33 | F77: =+C77*J$38 -> 733630.78 | G77: =+C77*J$39 -> 881448.28 | H77: =+C77*J$40 -> 881448.28 | I77: =+C77*J$41 -> 881448.28 | J77: =+C77*J$42 -> 1062435.4 | K77: =+C77*R$43 -> 0
A78: P2 | B78: La Pintada | C78: 73.5 | D78: =+C78*J$36 -> 704479.2 | E78: =+C78*J$37 -> 725770.19 | F78: =+C78*J$38 -> 744777.1 | G78: =+C78*J$39 -> 894840.45 | H78: =+C78*J$40 -> 894840.45 | I78: =+C78*J$41 -> 894840.45 | J78: =+C78*J$42 -> 1078577.4 | K78: =+C78*R$43 -> 0
A79: P2 | B79: Anzá | C79: 74 | D79: =+C79*J$36 -> 709271.57 | E79: =+C79*J$37 -> 730707.41 | F79: =+C79*J$38 -> 749843.61 | G79: =+C79*J$39 -> 900927.8 | H79: =+C79*J$40 -> 900927.8 | I79: =+C79*J$41 -> 900927.8 | J79: =+C79*J$42 -> 1085914.7 | K79: =+C79*R$43 -> 0
A80: P2 | B80: Cisneros | C80: 79.1 | D80: =+C80*J$36 -> 758153.8 | E80: =+C80*J$37 -> 781066.97 | F80: =+C80*J$38 -> 801522.02 | G80: =+C80*J$39 -> 963018.77 | H80: =+C80*J$40 -> 963018.77 | I80: =+C80*J$41 -> 963018.77 | J80: =+C80*J$42 -> 1160754.7 | K80: =+C80*R$43 -> 0
A81: P2 | B81: Gómez Plata | C81: 85 | D81: =+C81*J$36 -> 814703.83 | E81: =+C81*J$37 -> 839326.08 | F81: =+C81*J$38 -> 861306.85 | G81: =+C81*J$39 -> 1034849.5 | H81: =+C81*J$40 -> 1034849.5 | I81: =+C81*J$41 -> 1034849.5 | J81: =+C81*J$42 -> 1247334.4 | K81: =+C81*R$43 -> 0
A82: P2 | B82: Concordia | C82: 86.2 | D82: =+C82*J$36 -> 826205.53 | E82: =+C82*J$37 -> 851175.39 | F82: =+C82*J$38 -> 873466.48 | G82: =+C82*J$39 -> 1049459.1 | H82: =+C82*J$40 -> 1049459.1 | I82: =+C82*J$41 -> 1049459.1 | J82: =+C82*J$42 -> 1264943.8 | K82: =+C82*R$43 -> 0
... A117: P1 | B117: Remedios | C117: 183 | D117: =+C117*J$36 -> 1754009.4 | E117: =+C117*J$37 -> 1807019.7 | F117: =+C117*J$38 -> 1854343 | G117: =+C117*J$39 -> 2227970.1 | H117: =+C117*J$40 -> 2227970.1 | I117: =+C117*J$41 -> 2227970.1 | J117: =+C117*J$42 -> 2685437.6 | K117: =+C117*R$43 -> 0
A118: P1 | B118: Ituango | C118: 201 | D118: =+C118*J$36 -> 1926534.9 | E118: =+C118*J$37 -> 1984759.3 | F118: =+C118*J$38 -> 2036737.4 | G118: =+C118*J$39 -> 2447114.7 | H118: =+C118*J$40 -> 2447114.7 | I118: =+C118*J$41 -> 2447114.7 | J118: =+C118*J$42 -> 2949579 | K118: =+C118*R$43 -> 0 | L118: =(190+206+207)/3 -> 201
A119: P1 | B119: Segovia | C119: 190.6 | D119: =+C119*J$36 -> 1826853.5 | E119: =+C119*J$37 -> 1882065.3 | F119: =+C119*J$38 -> 1931354 | G119: =+C119*J$39 -> 2320497.8 | H119: =+C119*J$40 -> 2320497.8 | I119: =+C119*J$41 -> 2320497.8 | J119: =+C119*J$42 -> 2796964 | K119: =+C119*R$43 -> 0
A120: P1 | B120: Tarazá | C120: 212.3 | D120: =+C120*J$36 -> 2034842.6 | E120: =+C120*J$37 -> 2096340.3 | F120: =+C120*J$38 -> 2151240.5 | G120: =+C120*J$39 -> 2584688.8 | H120: =+C120*J$40 -> 2584688.8 | I120: =+C120*J$41 -> 2584688.8 | J120: =+C120*J$42 -> 3115401.1 | K120: =+C120*R$43 -> 0
A121: P1 | B121: Puerto Nare | C121: 219.7 | D121: =+C121*J$36 -> 2105769.8 | E121: =+C121*J$37 -> 2169411 | F121: =+C121*J$38 -> 2226224.9 | G121: =+C121*J$39 -> 2674781.6 | H121: =+C121*J$40 -> 2674781.6 | I121: =+C121*J$41 -> 2674781.6 | J121: =+C121*J$42 -> 3223992.6 | K121: =+C121*R$43 -> 0
A122: P1 | B122: Cáceres | C122: 219.8 | D122: =+C122*J$36 -> 2106728.3 | E122: =+C122*J$37 -> 2170398.5 | F122: =+C122*J$38 -> 2227238.2 | G122: =+C122*J$39 -> 2675999.1 | H122: =+C122*J$40 -> 2675999.1 | I122: =+C122*J$41 -> 2675999.1 | J122: =+C122*J$42 -> 3225460 | K122: =+C122*R$43 -> 0
A123: P1 | B123: Caucasia | C123: 275.1 | D123: =+C123*J$36 -> 2636765 | E123: =+C123*J$37 -> 2716454.2 | F123: =+C123*J$38 -> 2787594.3 | G123: =+C123*J$39 -> 3349260 | H123: =+C123*J$40 -> 3349260 | I123: =+C123*J$41 -> 3349260 | J123: =+C123*J$42 -> 4036961.1 | K123: =+C123*R$43 -> 0
A124: P1 | B124: Yondó | C124: 330.4 | D124: =+C124*J$36 -> 3166801.7 | E124: =+C124*J$37 -> 3262509.8 | F124: =+C124*J$38 -> 3347950.4 | G124: =+C124*J$39 -> 4022520.9 | H124: =+C124*J$40 -> 4022520.9 | I124: =+C124*J$41 -> 4022520.9 | J124: =+C124*J$42 -> 4848462.2 | K124: =+C124*R$43 -> 0
A125: P1 | B125: Nechí | C125: 349.7 | D125: =+C125*J$36 -> 3351787.4 | E125: =+C125*J$37 -> 3453086.2 | F125: =+C125*J$38 -> 3543517.7 | G125: =+C125*J$39 -> 4257492.6 | H125: =+C125*J$40 -> 4257492.6 | I125: =+C125*J$41 -> 4257492.6 | J125: =+C125*J$42 -> 5131680.5 | K125: =+C125*R$43 -> 0
A126: P1 | B126: El Bagre | C126: 318 | D126: =+C126*J$36 -> 3047950.8 | E126: =+C126*J$37 -> 3140067 | F126: =+C126*J$38 -> 3222300.9 | G126: =+C126*J$39 -> 3871554.6 | H126: =+C126*J$40 -> 3871554.6 | I126: =+C126*J$41 -> 3871554.6 | J126: =+C126*J$42 -> 4666498.2 | K126: =+C126*R$43 -> 0 | L126: =(281+354)/2 -> 317.5
A127: P1 | B127: Zaragoza | C127: 260 | D127: =+C127*J$36 -> 2492035.2 | E127: =+C127*J$37 -> 2567350.3 | F127: =+C127*J$38 -> 2634585.7 | G127: =+C127*J$39 -> 3165422 | H127: =+C127*J$40 -> 3165422 | I127: =+C127*J$41 -> 3165422 | J127: =+C127*J$42 -> 3815375.8 | K127: =+C127*R$43 -> 0
B129: Nota: Distancias tomadas de: https://www.antioquiadatos.gov.co/index.php/1-6-distancias-y-tiempos-por-carretera-desde-medellin-hasta-los-demas-municipios-de-antioquia-ano-2017
A131: 2 | B131: Transporte de cabeceras municipales a sitio de instalación zona veredal.
B132: Promedio del transporte según distancia de las veredas del municipio
B133: Transporte interno | C133: Valor del transporte por cada pozo con capacidad de 3 a 9 personas. Volumen de 1,500-1,800 litros. | D133: Valor del transporte por cada pozo con capacidad 10 a 15 personas. Volumen de 2,300-2,500 litros. | E133: Valor del transporte por cada pozo con capacidad 16 a 20 personas. Volumen de 3,000-3,300 litros. | F133: Valor del transporte por cada pozo con capacidad 21 a 30 personas. Volumen de 4,500-5,000 litros. | G133: Valor del transporte por cada pozo con capacidad 31 a 40 personas. Volumen de 6,000-6,500 litros. | H133: Valor del transporte por cada pozo con capacidad 41 a 50 personas. Volumen de 7,500-8,000 litros. | I133: Valor del transporte por cada pozo con capacidad 51 a 70 personas. Volumen de 10,000-12,000 litros. | J133: Valor del transporte por cada pozo con capacidad 71 a 90 personas. Volumen > 12,000 litros.
B134: =C49 -> 2 | C134: =B134*J$36 -> 19169.502 | D134: =B134*J$37 -> 19748.849 | E134: =B134*J$38 -> 20266.044 | F134: =B134*J$39 -> 24349.4 | G134: =B134*J$40 -> 24349.4 | H134: =B134*J$41 -> 24349.4 | I134: =B134*J$42 -> 29349.045 | J134: =B134*R$43 -> 0
B135: =C50 -> 5 | C135: =B135*J$36 -> 47923.755 | D135: =B135*J$37 -> 49372.122 | E135: =B135*J$38 -> 50665.109 | F135: =B135*J$39 -> 60873.5 | G135: =B135*J$40 -> 60873.5 | H135: =B135*J$41 -> 60873.5 | I135: =B135*J$42 -> 73372.612 | J135: =B135*R$43 -> 0
B136: =C51 -> 5 | C136: =B136*J$36 -> 47923.755 | D136: =B136*J$37 -> 49372.122 | E136: =B136*J$38 -> 50665.109 | F136: =B136*J$39 -> 60873.5 | G136: =B136*J$40 -> 60873.5 | H136: =B136*J$41 -> 60873.5 | I136: =B136*J$42 -> 73372.612 | J136: =B136*R$43 -> 0
B137: =C52 -> 7.5 | C137: =B137*J$36 -> 71885.632 | D137: =B137*J$37 -> 74058.183 | E137: =B137*J$38 -> 75997.664 | F137: =B137*J$39 -> 91310.25 | G137: =B137*J$40 -> 91310.25 | H137: =B137*J$41 -> 91310.25 | I137: =B137*J$42 -> 110058.92 | J137: =B137*R$43 -> 0
B138: =C53 -> 9.5 | C138: =B138*J$36 -> 91055.134 | D138: =B138*J$37 -> 93807.032 | E138: =B138*J$38 -> 96263.707 | F138: =B138*J$39 -> 115659.65 | G138: =B138*J$40 -> 115659.65 | H138: =B138*J$41 -> 115659.65 | I138: =B138*J$42 -> 139407.96 | J138: =B138*R$43 -> 0
B139: =C54 -> 10.6 | C139: =B139*J$36 -> 101598.36 | D139: =B139*J$37 -> 104668.9 | E139: =B139*J$38 -> 107410.03 | F139: =B139*J$39 -> 129051.82 | G139: =B139*J$40 -> 129051.82 | H139: =B139*J$41 -> 129051.82 | I139: =B139*J$42 -> 155549.94 | J139: =B139*R$43 -> 0
B140: =C55 -> 16.2 | C140: =B140*J$36 -> 155272.97 | D140: =B140*J$37 -> 159965.68 | E140: =B140*J$38 -> 164154.95 | F140: =B140*J$39 -> 197230.14 | G140: =B140*J$40 -> 197230.14 | H140: =B140*J$41 -> 197230.14 | I140: =B140*J$42 -> 237727.26 | J140: =B140*R$43 -> 0
B141: =C56 -> 17.8 | C141: =B141*J$36 -> 170608.57 | D141: =B141*J$37 -> 175764.75 | E141: =B141*J$38 -> 180367.79 | F141: =B141*J$39 -> 216709.66 | G141: =B141*J$40 -> 216709.66 | H141: =B141*J$41 -> 216709.66 | I141: =B141*J$42 -> 261206.5 | J141: =B141*R$43 -> 0
B142: =C57 -> 21.6 | C142: =B142*J$36 -> 207030.62 | D142: =B142*J$37 -> 213287.57 | E142: =B142*J$38 -> 218873.27 | F142: =B142*J$39 -> 262973.52 | G142: =B142*J$40 -> 262973.52 | H142: =B142*J$41 -> 262973.52 | I142: =B142*J$42 -> 316969.69 | J142: =B142*R$43 -> 0
B143: =C58 -> 30.3 | C143: =B143*J$36 -> 290417.95 | D143: =B143*J$37 -> 299195.06 | E143: =B143*J$38 -> 307030.56 | F143: =B143*J$39 -> 368893.41 | G143: =B143*J$40 -> 368893.41 | H143: =B143*J$41 -> 368893.41 | I143: =B143*J$42 -> 444638.03 | J143: =B143*R$43 -> 0
...

Sheet A.P.U.
A1: ANÁLISIS DE PRECIOS UNITARIOS (A.P.U) | J1: Cantidad | K1: Cuando es cantidad se obtiene el valor total sin IVA como producto (multiplicación) de las columnas CAN/REN y valor unitario INCLUYE IVA
J2: Rendimiento | K2: Cuando es rendimiento se obtiene el valor total sin IVA como la relación (división) de las columnas CAN/REN y valor unitario INCLUYE IVA
A3: DESCRIPCION | B3: UN | C3: CAN/REN | D3: VALOR UNITARIO INCLUYE IVA | E3: IVA PARA TRÁMITE DE EXCLUSIÓN | F3: V/TOTAL SIN IVA | G3: V/TOTAL CON IVA
A5: EXCAVACIÓN MANUAL de material heterogéneo DE 0-4 m., bajo cualquier grado de humedad. Incluye: roca descompuesta, bolas de roca de volumen inferior a 0.35 m³., incluye cargue y transporte interno y su medida será en el sitio. NO INCLUYE BOTADERO.
A6: Dos ayudantes (día) | B6: día (Rend) | C6: 4 | D6: ='Salarios y transporte'!C4 -> 165910 | F6: =+D6/C6 -> 41477.5 | G6: =+D6/C6 -> 41477.5
A7: Herramienta menor (0.05 MO) | B7: gl | C7: 0.05 | D7: =+G6 -> 41477.5 | F7: =+D7*C7 -> 2073.875 | G7: =+D7*C7 -> 2073.875
A9: COSTO DIRECTO (m3) | F9: =SUM(F6:F7) -> 43551.375 | G9: =SUM(G6:G7) -> 43551.375
A11: ex
A12: Material expansivo | B12: kg | C12: 4 | D12: ='Actualizacion de precios'!C16 -> 40712.45 | F12: =+D12*C12 -> 162849.8 | G12: =+D12*C12 -> 162849.8
A13: Minero | B13: día | C13: 4 | D13: ='Salarios y transporte'!C8 -> 165910 | F13: =+D13/C13 -> 41477.5 | G13: =+D13/C13 -> 41477.5
A14: Ayudante | B14: día | C14: 4 | D14: =+'Salarios y transporte'!C3 -> 82955 | F14: =+D14/C14 -> 20738.75 | G14: =+D14/C14 -> 20738.75
A15: Herramienta menor (0.05 MO) | B15: gl | C15: 0.05 | D15: =+G14+G13 -> 62216.25 | F15: =+D15*C15 -> 3110.8125 | G15: =+D15*C15 -> 3110.8125
A17: COSTO DIRECTO (m3) | F17: =SUM(F12:F16) -> 228176.86 | G17: =SUM(G12:G16) -> 228176.86
A19: LLENO Y APISONADO DE ZANJAS Y APIQUES CON MATERIAL SELECTO DE LA EXCAVACIÓN, INCLUYE ACARREO INTERNO (m3)
A20: Mano de obra (dos ayudantes) | B20: día | C20: 6 | D20: ='Salarios y transporte'!C4 -> 165910 | F20: =+D20/C20 -> 27651.667 | G20: =+D20/C20 -> 27651.667
A21: Herramienta menor (0.05 MO) | B21: gl | C21: 0.05 | D21: =+G20 -> 27651.667 | F21: =+D21*C21 -> 1382.5833 | G21: =+D21*C21 -> 1382.5833
A23: COSTO DIRECTO (m3) | F23: =SUM(F20:F22) -> 29034.25 | G23: =SUM(G20:G22) -> 29034.25
A25: REGADA DE MATERIAL PROVENIENTE DE LA EXCAVACIÓN Y CONFORMACIÓN DEL TERRENO (m3)
A26: Mano de obra (1 Ayudante) | B26: día | C26: 25 | D26: =+'Salarios y transporte'!C3 -> 82955 | F26: =+D26/C26 -> 3318.2 | G26: =+D26/C26 -> 3318.2
A27: Herramienta menor (0.05 MO) | B27: gl | C27: 0.05 | D27: =+G26 -> 3318.2 | F27: =+D27*C27 -> 165.91 | G27: =+D27*C27 -> 165.91
A29: COSTO DIRECTO (m3) | F29: =SUM(F26:F28) -> 3484.11 | G29: =SUM(G26:G28) -> 3484.11
A31: S.T.I. TUBERÍA PVC-S DE Ø2" (50 mm) INCLUYE ACCESORIOS (m). conexiones externas de diferentes derivaciones de redes provenientes de vivenda
A32: Suministro de tuberia PVC-S Ø2" | B32: m | C32: 1.05 | D32: ='Actualizacion de precios'!C31 -> 17548.518 | E32: =G32-F32 -> 2941.9575 | F32: =C32*(D32/1.19) -> 15483.987 | G32: =D32*C32 -> 18425.944 | I32: ='[96]ppto sistema septico'!V17 -> 166.5 | J32: =$I$32*(F32+F33+F35) -> 6011763.9 | K32: =$I$32*(G32+G33+G35) -> 7153999 | L32: =K32-J32 -> 1142235.1
A33: Accesorios | B33: gl | C33: 1 | D33: ='Actualizacion de precios'!C5 -> 22623.976 | E33: =G33-F33 -> 3612.2315 | F33: =C33*(D33/1.19) -> 19011.745 | G33: =+C33*(D33) -> 22623.976
A34: Transporte | B34: viaje | C34: 0.001 | D34: ='Salarios y transporte'!C28 -> 190082.35 | E34: =G34-F34 -> 0 | F34: =+D34*C34 -> 190.08235 | G34: =+D34*C34 -> 190.08235
A35: Soldadura y limpiador | B35: 1/128 Galón | C35: 0.15 | D35: ='Actualizacion de precios'!C19 -> 12780.27 | E35: =G35-F35 -> 306.0821 | F35: =+D35*C35/1.19 -> 1610.9584 | G35: =+D35*C35 -> 1917.0405
A36: Mano de obra (Oficial + 1 ayudante)/50m-día | B36: ml | C36: 50 | D36: ='Salarios y transporte'!C5 -> 241020 | E36: =G36-F36 -> 0 | F36: =+D36/C36 -> 4820.4 | G36: =+D36/C36 -> 4820.4
A37: Herramienta menor (0.05 MO) | B37: gl | C37: 0.05 | D37: =+G36 -> 4820.4 | E37: =G37-F37 -> 0 | F37: =+D37*C37 -> 241.02 | G37: =+D37*C37 -> 241.02
AA38: =+'A.P.U.'!G3120 -> 0
A39: COSTO DIRECTO (m) | F39: =SUM(F32:F38) -> 41358.192 | G39: =SUM(G32:G38) -> 48218.463 | N39: Purga lodos: 2 codo 45º en un tramo de 3 m. de longitud
A41: S.T.I. TUBERÍA PVC-S DE Ø4'' (100 mm) INCLUYE ACCESORIOS (m)
A42: Suministro de tuberia PVC-S Ø4" | B42: m | C42: 1.05 | D42: ='Actualizacion de precios'!C33 -> 36863.107 | E42: =G42-F42 -> 6179.9914 | F42: =C42*(D42/1.19) -> 32526.271 | G42: =D42*C42 -> 38706.262 | I42: =+'[96]ppto sistema septico'!V19 -> 0 | J42: =+$I$42*(F42+F43+F45) -> 0 | K42: =+$I$42*(G42+G43+G45) -> 0 | L42: =+K42-J42 -> 0
A43: Accesorios | B43: gl | C43: 1 | D43: ='Actualizacion de precios'!C6 -> 6140.9896 | E43: =G43-F43 -> 980.49413 | F43: =C43*(D43/1.19) -> 5160.4954 | G43: =+C43*(D43) -> 6140.9896
A44: Transporte | B44: viaje | C44: 0.001 | D44: ='Salarios y transporte'!C28 -> 190082.35 | E44: =G44-F44 -> 0 | F44: =+D44*C44 -> 190.08235 | G44: =+D44*C44 -> 190.08235
A45: Soldadura y limpiador | B45: 1/128 Galón | C45: 0.15 | D45: ='Actualizacion de precios'!C19 -> 12780.27 | E45: =G45-F45 -> 306.0821 | F45: =+D45*C45/1.19 -> 1610.9584 | G45: =+D45*C45 -> 1917.0405
A46: Mano de obra (Oficial + 1 ayudante)/40m-día | B46: ml | C46: 40 | D46: ='Salarios y transporte'!C5 -> 241020 | E46: =G46-F46 -> 0 | F46: =+D46/C46 -> 6025.5 | G46: =+D46/C46 -> 6025.5
A47: Herramienta menor (0.05 MO) | B47: gl | C47: 0.05 | D47: =+G46 -> 6025.5 | E47: =G47-F47 -> 0 | F47: =+D47*C47 -> 301.275 | G47: =+D47*C47 -> 301.275
A49: COSTO DIRECTO (m) | F49: =+SUM(F42:F47) -> 45814.582 | G49: =+SUM(G42:G47) -> 53281.149
A51: S.T.I. TUBERÍA PVC-S DE Ø3" (75 mm) INCLUYE ACCESORIOS (m). Y la purga VER ESQUEMA,conexiones externas de diferentes derivaciones
A52: Suministro de tuberia PVC-S Ø3" | B52: ml | C52: 1.05 | D52: ='Actualizacion de precios'!C32 -> 26211.123 | E52: =G52-F52 -> 4394.2177 | F52: =C52*(D52/1.19) -> 23127.462 | G52: =+C52*(D52) -> 27521.68 | I52: ='[96]ppto sistema septico'!V18 -> 129 | J52: =$I$52*(F52+F53+F55) -> 3856960.1 | K52: =$I$52*(G52+G53+G55) -> 4589782.5 | L52: =K52-J52 -> 732822.42
A53: Accesorios | B53: global | C53: 1 | D53: ='Actualizacion de precios'!C6 -> 6140.9896 | E53: =G53-F53 -> 980.49413 | F53: =C53*(D53/1.19) -> 5160.4954 | G53: =+C53*(D53) -> 6140.9896
A54: Transporte | B54: viaje | C54: 0.001 | D54: ='Salarios y transporte'!C28 -> 190082.35 | E54: =G54-F54 -> 0 | F54: =+D54*C54 -> 190.08235 | G54: =+D54*C54 -> 190.08235
A55: Soldadura y limpiador | B55: 1/128 Galón | C55: 0.15 | D55: ='Actualizacion de precios'!C19 -> 12780.27 | E55: =G55-F55 -> 306.0821 | F55: =+C55*D55/1.19 -> 1610.9584 | G55: =+C55*D55 -> 1917.0405
A56: Mano de obra (Oficial + ayudante)/40m-día | B56: ml | C56: 40 | D56: ='Salarios y transporte'!C5 -> 241020 | E56: =G56-F56 -> 0 | F56: =+D56/C56 -> 6025.5 | G56: =+D56/C56 -> 6025.5
A57: Herramienta menor (0.05 MO) | B57: gl | C57: 0.05 | D57: =+G56 -> 6025.5 | E57: =G57-F57 -> 0 | F57: =+D57*C57 -> 301.275 | G57: =+D57*C57 -> 301.275
A59: COSTO DIRECTO (m) | F59: =SUM(F52:F58) -> 36415.773 | G59: =SUM(G52:G58) -> 42096.567
A61: S.T.I. Tubería pvc-s de ø2" (50 mm). Trampa de grasa. Incluye accesorios
A62: Suministro de tuberia PVC-S Ø2" | B62: ml | C62: 1.05 | D62: ='Actualizacion de precios'!C31 -> 17548.518 | E62: =G62-F62 -> 2941.9575 | F62: =C62*(D62/1.19) -> 15483.987 | G62: =+C62*(D62) -> 18425.944 | I62: =+'[96]ppto sistema septico'!V20 -> 96 | J62: =+I62*(F62+F63+F65) -> 2136522.3 | K62: =+I62*(G62+G63+G65) -> 2542461.5 | L62: =+K62-J62 -> 405939.24
A63: Accesorios | B63: global | C63: 1 | D63: ='Actualizacion de precios'!C6 -> 6140.9896 | E63: =G63-F63 -> 980.49413 | F63: =C63*(D63/1.19) -> 5160.4954 | G63: =+C63*(D63) -> 6140.9896
A64: Transporte | B64: viaje | C64: 0.001 | D64: ='Salarios y transporte'!C28 -> 190082.35 | E64: =G64-F64 -> 0 | F64: =+D64*C64 -> 190.08235 | G64: =+D64*C64 -> 190.08235
A65: Soldadura y limpiador | B65: 1/128 Galón | C65: 0.15 | D65: ='Actualizacion de precios'!C19 -> 12780.27 | E65: =G65-F65 -> 306.0821 | F65: =+C65*D65/1.19 -> 1610.9584 | G65: =+C65*D65 -> 1917.0405
A66: Mano de obra (Oficial + ayudante)/40m-día | B66: ml | C66: 50 | D66: ='Salarios y transporte'!C5 -> 241020 | E66: =G66-F66 -> 0 | F66: =+D66/C66 -> 4820.4 | G66: =+D66/C66 -> 4820.4
A67: Herramienta menor (0.05 MO) | B67: gl | C67: 0.05 | D67: =+G66 -> 4820.4 | E67: =G67-F67 -> 0 | F67: =+D67*C67 -> 241.02 | G67: =+D67*C67 -> 241.02
A69: COSTO DIRECTO (m) | F69: =SUM(F62:F68) -> 27506.943 | G69: =SUM(G62:G68) -> 31735.477
A71: S.T.I. DE SIFÓN S.R. DE 135° EN PVC-S Ø3" PARA CONTROL DE OLORES. (un)
A72: Suministro de Sifón S.R. de 135° en PVC-S Ø3" | B72: un | C72: 1 | D72: ='Actualizacion de precios'!C29 -> 15619.275 | E72: =G72-F72 -> 2493.8338 | F72: =C72*(D72/1.19) -> 13125.441 | G72: =+C72*(D72) -> 15619.275 | I72: ='[96]ppto sistema septico'!V21 -> 15 | J72: =(F72+F73+F74+F75)*$I$72 -> 587253.78 | K72: =(G72+G73+G74+G75)*$I$72 -> 698832 | L72: =K72-J72 -> 111578.22
A73: Suministro de Codo 45° de PVC-S Ø3" CXE | B73: un | C73: 1 | D73: ='Actualizacion de precios'!C24 -> 12035.44 | E73: =G73-F73 -> 1921.6249 | F73: =C73*(D73/1.19) -> 10113.815 | G73: =+C73*(D73) -> 12035.44
A74: Suministro de Codo 90° de PVC-S Ø3" CXE | B74: un | C74: 1 | D74: ='Actualizacion de precios'!C27 -> 12543.95 | E74: =G74-F74 -> 2002.8155 | F74: =C74*(D74/1.19) -> 10541.134 | G74: =+C74*(D74) -> 12543.95
A75: Soldadura y limpiador | B75: 1/128 Galón | C75: 0.5 | D75: ='Actualizacion de precios'!C19 -> 12780.27 | E75: =G75-F75 -> 1020.2737 | F75: =+C75*D75/1.19 -> 5369.8613 | G75: =+D75*C75 -> 6390.135
A76: Transporte | B76: viaje | C76: 80 | D76: ='Salarios y transporte'!C28 -> 190082.35 | E76: =G76-F76 -> 0 | F76: =+D76/C76 -> 2376.0293 | G76: =+D76/C76 -> 2376.0293
A77: Mano de obra (Oficial) | B77: un | C77: 20 | D77: =+'Salarios y transporte'!C2 -> 158065 | F77: =+D77/C77 -> 7903.25 | G77: =+D77/C77 -> 7903.25
A78: Herramienta menor (0.05 MO) | B78: gl | C78: 0.05 | D78: =+G77 -> 7903.25 | F78: =+D78*C78 -> 395.1625 | G78: =+D78*C78 -> 395.1625
A80: COSTO DIRECTO (un) | F80: =SUM(F72:F79) -> 49824.694 | G80: =SUM(G72:G78) -> 57263.242
A82: S.T.I. DE SIFÓN S.R. DE 135° EN PVC-S Ø4" PARA CONTROL DE OLORES. (un)
A83: Suministro de Sifón S.R. de 135° en PVC-S Ø4" | B83: un | C83: 1 | D83: ='Actualizacion de precios'!C30 -> 34137.69 | E83: =G83-F83 -> 5450.5555 | F83: =C83*(D83/1.19) -> 28687.134 | G83: =+C83*(D83) -> 34137.69 | I83: =+'[96]ppto sistema septico'!V23 -> 0 | J83: =(F83+F84+F85+F86)*$I$83 -> 0 | K83: =(G83+G84+G85+G86)*$I$83 -> 0 | L83: =K83-J83 -> 0
A84: Suministro de Codo 45° de PVC-S Ø4" CXE | B84: un | C84: 1 | D84: ='Actualizacion de precios'!C25 -> 21197.06 | E84: =G84-F84 -> 3384.4045 | F84: =C84*(D84/1.19) -> 17812.655 | G84: =+C84*(D84) -> 21197.06
A85: Suministro de Codo 90° de PVC-S Ø4" CxE | B85: un | C85: 1 | D85: ='Actualizacion de precios'!C28 -> 23227.935 | E85: =G85-F85 -> 3708.6619 | F85: =C85*(D85/1.19) -> 19519.273 | G85: =+C85*(D85) -> 23227.935
A86: Soldadura y limpiador | B86: 1/128 Galón | C86: 0.75 | D86: ='Actualizacion de precios'!C19 -> 12780.27 | E86: =G86-F86 -> 1530.4105 | F86: =+C86*D86/1.19 -> 8054.792 | G86: =+D86*C86 -> 9585.2025
A87: Transporte | B87: viaje | C87: 60 | D87: ='Salarios y transporte'!C28 -> 190082.35 | E87: =G87-F87 -> 0 | F87: =+D87/C87 -> 3168.0391 | G87: =+D87/C87 -> 3168.0391
A88: Mano de obra (Oficial) | B88: ml | C88: 15 | D88: =+'Salarios y transporte'!C2 -> 158065 | F88: =+D88/C88 -> 10537.667 | G88: =+D88/C88 -> 10537.667
A89: Herramienta menor (0.05 MO) | B89: gl | C89: 0.05 | D89: =+G88 -> 10537.667 | F89: =+D89*C89 -> 526.88333 | G89: =+D89*C89 -> 526.88333
A91: COSTO DIRECTO (un) | F91: =SUM(F83:F90) -> 88306.444 | G91: =SUM(G83:G89) -> 102380.48
A93: S.T.I. sistema séptico y FAFA prefabricado en P.R.F.V (Poliéster Reforzado Con Fibra De Vidrio) con capacidad para atender una población entre tres a nueve (3 a 9) habitantes(INCLUYE: ACCESORIOS INTERNOS, MATERIAL FILTRANTE PARA EL FAFA EN POLIPROPILENO DE BAJA DENSIDAD QUE GARANTICEN UN ÁREA SUPERFICIAL DE CONTACTO ≥ DE 90m2/m3, TUBERÍA DE PVC-S Ø2" CON ACCESORIOS Y MALLA MOSQUITERA DOBLE Y TRANSPORTE Y ACARREO HASTA EL SITIO DE LAS OBRAS). ADICIONALMENTE INCLUYE EL PROCESO DE ARRANQUE Y PUESTA EN MARCHA DEL SISTEMA Y SUMINISTRO DE LODO PARA SU INOCULACIÓN (un). Volumen de 1,500-1,800 litros.
A94: sistema séptico y FAFA prefabricado en P.R.F.V (Poliéster Reforzado Con Fibra De Vidrio) con capacidad para atender una población entre tres a nueve (3 a 9) habitantes, (incluye: accesorios internos, material filtrante para el FAFA que garanticen un área superficial de contacto ≥ 90m2/m3, tubería de PVC-S ø2" con accesorios y malla mosquitera doble. Volumen de 1,500-1,800 litros. | B94: un | C94: 1 | D94: =+'VALOR UNITARIO SS Y TG'!D5 -> 4063356.2 | E94: =G94-F94 -> 648771.15 | F94: =C94*(D94/1.19) -> 3414585 | G94: =+C94*(D94) -> 4063356.2 | I94: ='[96]ppto sistema septico'!V24 -> 15 | J94: =I94*(F94+F97+F95) -> 51616404 | K94: =I94*(G97+G94+G95) -> 61423521 | L94: =K94-J94 -> 9807116.7
A95: Suministro de tuberia PVC-S Ø2" | B95: m | C95: 1 | D95: ='Actualizacion de precios'!C31 -> 17548.518 | E95: =G95-F95 -> 2801.8643 | F95: =C95*(D95/1.19) -> 14746.654 | G95: =+C95*(D95) -> 17548.518
A96: Suministro de Codo 90° de PVC-S Ø2" | B96: un | C96: 2 | D96: 0 | E96: =G96-F96 -> 0 | F96: =+C96*D96/1.19 -> 0 | G96: =+C96*(D96) -> 0
A97: Buje de 4x3 | B97: un | C97: 1 | D97: ='Actualizacion de precios'!C12 -> 13996.685 | E97: =G97-F97 -> 2234.7648 | F97: =+C97*D97/1.19 -> 11761.92 | G97: =+C97*(D97) -> 13996.685
A98: Malla mosquitera doble | B98: un | D98: 0 | F98: =+C98*D98/1.19 -> 0 | G98: =+C98*(D98) -> 0
A99: Transporte externo e interno | B99: un | C99: 1 | D99: ='Salarios y transporte'!C26 -> 190082.35 | F99: =+D99/C99 -> 190082.35 | G99: =+D99/C99 -> 190082.35
A100: COSTO SUMINISTRO Y TRANSPORTE (un) | F100: =SUM(F94:F99) -> 3631175.9 | G100: =SUM(G94:G99) -> 4284983.7
A101: Mano de obra (Oficial + 2 ayudantes) | B101: dia | C101: 0.6 | D101: ='Salarios y transporte'!C6 -> 323975 | F101: =+D101/C101 -> 539958.33 | G101: =+D101/C101 -> 539958.33
A102: Herramienta menor (0.05 MO) | B102: gl | C102: 0.05 | D102: =+G101 -> 539958.33 | F102: =+D102*C102 -> 26997.917 | G102: =+D102*C102 -> 26997.917
A103: COSTO INSTALACIÓN | F103: =SUM(F101:F102) -> 566956.25 | G103: =SUM(G101:G102) -> 566956.25
A104: COSTO DIRECTO (un) | F104: =F100+F101+F102 -> 4198132.2 | G104: =G100+G101+G102 -> 4851940
A106: S.T.I. Trampa de grasas prefabricada en P.R.F.V (Poliéster Reforzado con Fibra De Vidrio) con capacidad para atender una población de tres a nueve (3 a 9) habitantes.
A107: Trampa de grasas prefabricada en P.R.F.V (Poliéster Reforzado con Fibra De Vidrio) con capacidad para atender una población de tres a nueve (3 a 9) habitantes. | B107: un | C107: 1 | D107: =+'VALOR UNITARIO SS Y TG'!D19 -> 787598.28 | E107: =G107-F107 -> 125750.99 | F107: =C107*(D107/1.19) -> 661847.3 | G107: =+C107*(D107) -> 787598.28
A109: Suministro de Codo 90° de PVC-S Ø3" | B109: un | C109: 2 | D109: ='Actualizacion de precios'!C26 -> 5768.74 | E109: =G109-F109 -> 1842.1187 | F109: =+C109*D109/1.19 -> 9695.3613 | G109: =+C109*(D109) -> 11537.48
A110: Unión para tubería sanitaria Ø3" | B110: un | C110: 1 | D110: ='Actualizacion de precios'!C38 -> 5446.965 | E110: =G110-F110 -> 869.68349 | F110: =+C110*D110/1.19 -> 4577.2815 | G110: =+C110*(D110) -> 5446.965
A111: Transporte externo e interno | B111: un | C111: 5 | D111: ='Salarios y transporte'!C28 -> 190082.35 | F111: =+D111/C111 -> 38016.469 | G111: =+D111/C111 -> 38016.469
A112: COSTO SUMINISTRO Y TRANSPORTE (un) | F112: =SUM(F107:F111) -> 714136.41 | G112: =SUM(G107:G111) -> 842599.2 | I112: ='[96]ppto sistema septico'!V25 -> 15 | J112: =I112*(F107+F109+F110) -> 10141799 | K112: =I112*(G107+G109+G110) -> 12068741 | L112: =K112-J112 -> 1926941.8
A113: Mano de obra (Oficial) | B113: dia | C113: 2 | D113: ='Salarios y transporte'!C2 -> 158065 | F113: =+D113/C113 -> 79032.5 | G113: =+D113/C113 -> 79032.5
A114: Herramienta menor (0.05 MO) | B114: gl | C114: 0.05 | D114: =+G113 -> 79032.5 | F114: =+D114*C114 -> 3951.625 | G114: =+D114*C114 -> 3951.625
A115: COSTO INSTALACIÓN | F115: =SUM(F113:F114) -> 82984.125 | G115: =SUM(G113:G114) -> 82984.125
A116: COSTO DIRECTO (un) | F116: =F112+F113+F114 -> 797120.53 | G116: =G112+G113+G114 -> 925583.32
A118: S.T.I. sistema séptico y FAFA prefabricado en P.R.F.V (Poliéster Reforzado Con Fibra De Vidrio) con capacidad para atender una población de diez a quince (10 a 15) habitantes (INCLUYE: ACCESORIOS INTERNOS, MATERIAL FILTRANTE PARA EL FAFA EN POLIPROPILENO DE BAJA DENSIDAD QUE GARANTICEN UN ÁREA SUPERFICIAL DE CONTACTO ≥ DE 90m2/m3, TUBERÍA DE PVC-S Ø2" CON ACCESORIOS Y MALLA MOSQUITERA DOBLE Y TRANSPORTE Y ACARREO HASTA EL SITIO DE LAS OBRAS). ADICIONALMENTE INCLUYE EL PROCESO DE ARRANQUE Y PUESTA EN MARCHA DEL SISTEMA Y SUMINISTRO DE LODO PARA SU INOCULACIÓN (un). Volumen de 2,300-2,500 litros.
A119: sistema séptico y FAFA prefabricado en P.R.F.V (Poliéster Reforzado Con Fibra De Vidrio) con capacidad para atender una población de diez a quince (10 a 15) habitantes, (incluye: accesorios internos, material filtrante para el FAFA que garanticen un área superficial de contacto ≥ 90m2/m3, tubería de PVC-S ø2" con accesorios y malla mosquitera doble. Volumen de 2,300-2,500 litros. | B119: un | C119: 1 | D119: =+'VALOR UNITARIO SS Y TG'!D6 -> 5468740.2 | E119: =G119-F119 -> 873160.2 | F119: =+C119*D119/1.19 -> 4595580 | G119: =+C119*D119 -> 5468740.2 | I119: =+'[96]ppto sistema septico'!V26 -> 0 | J119: =I119*(F119+F122+F120) -> 0 | K119: =I119*(G119+G122+G120) -> 0 | L119: =K119-J119 -> 0
A120: Suministro de tuberia PVC-S Ø2" | B120: m | C120: 1 | D120: ='Actualizacion de precios'!C31 -> 17548.518 | E120: =G120-F120 -> 2801.8643 | F120: =C120*(D120/1.19) -> 14746.654 | G120: =+C120*(D120) -> 17548.518
A121: Suministro de Codo 90° de PVC-S Ø2" | B121: un | C121: 2 | D121: 0 | E121: =G121-F121 -> 0 | F121: =+C121*D121/1.19 -> 0 | G121: =+C121*D121 -> 0
A122: Buje de 4x3 | B122: un | C122: 0 | D122: ='Actualizacion de precios'!C12 -> 13996.685 | E122: =G122-F122 -> 0 | F122: =+C122*D122/1.19 -> 0 | G122: =+C122*D122 -> 0
A123: Malla mosquitera doble | B123: un | D123: 0 | E123: =G123-F123 -> 0 | F123: =+C123*D123/1.19 -> 0 | G123: =+C123*D123 -> 0
...

Sheet Actualizacion de precios
A1: Ver informe técnico: 110-IT2503-2224
A3: PAVCO
A4: DESCRIPCIÓN | B4: UN | C4: VALOR UNITARIO INCLUYE IVA | H4: Se actualiza con IPC 5,2% a corte del periodo 2024 (año corrido) o con catalogo Gerfor
A5: Accesorios | B5: gl | C5: =20384.5316864*1.052*1.055 -> 22623.976 | H5: Catalogo PAVCO
A6: Accesorios | B6: global | C6: =5533.12091136*1.052*1.055 -> 6140.9896
A7: Accesorios "Y doble" PVC Ø2 | B7: un | C7: =41319*1.055 -> 43591.545
A8: Accesorios codos de 90° PVC Ø2 | B8: un | C8: =4434*1.055 -> 4677.87
A9: Adaptador macho de 3" | B9: un | C9: =31145*1.055 -> 32857.975
A10: Adaptadores macho de 2" | B10: un | C10: =7923*1.055 -> 8358.765
A11: Buje 3" X 2" en PVC-S | B11: un | C11: =7531*1.055 -> 7945.205
A12: Buje de 4x3 | B12: un | C12: =13267*1.055 -> 13996.685
A13: Codo 90 PVC S Ø4" | B13: un | C13: =17859*1.055 -> 18841.245
A14: Extension de 50 cm en tuberia novafort de 12'' | B14: m | C14: =128187*1.052*1.055 -> 142269.62
A15: Malla mosquitera doble | B15: un | C15: 0
A16: Material expansivo (agente demoledor/cemento expansivo) | B16: kg | C16: =38590*1.055 -> 40712.45 | F16: https://www.homecenter.com.co/homecenter-co/product/251420/agente-demoledor-cras-10kg-balde/251420/
A17: Medio codo de 45°x2" | B17: un | C17: =5308*1.055 -> 5599.94
A18: Medio codo de 45°x3" | B18: un | C18: =11408*1.055 -> 12035.44
A19: Soldadura y limpiador | B19: 1/128 Galón | C19: =(4352+7762)*1.055 -> 12780.27
A20: Soldadura(1/32 galón), teflón (de 3/4"*1 m) y limpiador (1/32 galón) | B20: gl | C20: =(26032+11497)*1.055 -> 39593.095
A21: Suministro de adaptador hembra PVC de Ø2" | B21: un | C21: =13252*1.055 -> 13980.86
A22: Suministro de adaptador hembra PVC de Ø3" | B22: un | C22: =38934*1.055 -> 41075.37
A23: Suministro de adaptador macho rápido en PE de Ø3" | B23: un | C23: =31145*1.055 -> 32857.975 | F23: verificar
A24: Suministro de Codo 45° de PVC-S Ø3" CXE | B24: un | C24: =11408*1.055 -> 12035.44
A25: Suministro de Codo 45° de PVC-S Ø4" CXE | B25: un | C25: =20092*1.055 -> 21197.06
A26: Suministro de Codo 90° de PVC-S Ø2" | B26: un | C26: =5468*1.055 -> 5768.74
A27: Suministro de Codo 90° de PVC-S Ø3" CXE | B27: un | C27: =11890*1.055 -> 12543.95
A28: Suministro de Codo 90° de PVC-S Ø4" CxE | B28: un | C28: =22017*1.055 -> 23227.935
A29: Suministro de Sifón S.R. de 135° en PVC-S Ø3" | B29: un | C29: =14805*1.055 -> 15619.275
A30: Suministro de Sifón S.R. de 135° en PVC-S Ø4" | B30: un | C30: =32358*1.055 -> 34137.69
A31: Suministro de tuberia PVC-S Ø2" | B31: m | C31: =(99802/6)*1.055 -> 17548.518
A32: Suministro de tuberia PVC-S Ø3" | B32: m | C32: =(149068/6)*1.055 -> 26211.123
A33: Suministro de tuberia PVC-S Ø4" | B33: m | C33: =(209648/6)*1.055 -> 36863.107
A34: Suministro válvula de bola de Ø2" en PVC | B34: un | C34: =68415*1.055 -> 72177.825
A35: TEE PVC S Ø 4" | B35: un | C35: =23655*1.055 -> 24956.025
A36: Tubería PVS S perforada Ø 4" | B36: un | C36: =38328.85321216*1.052*1.055 -> 42539.661
A37: Unión para tubería sanitaria Ø2" | B37: un | C37: =3576*1.055 -> 3772.68
A38: Unión para tubería sanitaria Ø3" | B38: un | C38: =5163*1.055 -> 5446.965
A39: Suministro de tuberia PVC-S Ø2" perforada | B39: m | C39: =16530.13691392*1.052*1.055 -> 18346.138
A40: Otros No PAVCO
A41: DESCRIPCION | B41: UN | C41: VALOR UNITARIO INCLUYE IVA | F41: Proveedores
A42: =+'A.P.U.'!A392:G392 -> S.T.I. GEOTEXTIL NT REFERENCIA 1600 (m2) | B42: m2 | C42: =3686*1.055 -> 3888.73 | F42: https://www.homecenter.com.co/homecenter-co/product/149167/geotextil-nt-1600s-1mt-largo-x-35mt-ancho/149167/
A43: =+'A.P.U.'!A400:G400 -> S.T.I. CAJAS PLÁSTICAS DE GASEOSA RECICLADAS DE 0,41mx0,34mx0,25m COMO MEDIO DE SOPORTE (m3) | B43: un | C43: =12608.988672*1.052*1.055 -> 13994.212 | F43: Se actualiza el valor de acuerdo al IPC 5,2%
A44: Suministro de adaptador macho rápido en PE de Ø2" | B44: un | C44: =20153.0255533482*1.052*1.055 -> 22367.037 | F44: Se actualiza el valor de acuerdo al IPC 5,2%
A45: Suministro de apoyos metálicos para techo tipo invernadero | B45: un | C45: =110344.027106098*1.052*1.055 -> 122466.42 | F45: Se actualiza el valor de acuerdo al IPC 5,2%
A46: Suministro de material filtrante grava 1 1/2" | B46: m3 | C46: =180000*1.055 -> 189900 | F46: https://www.loencuentras.com.co/11-agregados-y-material-de-cantera | H46: 1m3 = 1,400 kg | I46: 40 kg | J46: 29550 | K46: =I47*J46/40 -> 1034250
A47: Suministro de pintura epóxica para protección de tuberia expuesta | B47: galon | C47: =214900*1.055 -> 226719.5 | F47: Pintura Epóxica Blanco 1 Galón - Homecenter.com.co | I47: 1400 | J47: x
A48: Suministro de tubería de polietileno C40 - Ø2" | B48: m | C48: =7184.1549482809*1.052*1.055 -> 7973.4062 | F48: Se actualiza el valor de acuerdo al IPC 5,2%
A49: Suministro de tubería de polietileno C40 - Ø3" | B49: m | C49: =14684.4896971942*1.052*1.055 -> 16297.728 | F49: Se actualiza el valor de acuerdo al IPC 5,2%
A50: Suministro válvula de bola de Ø3" en PVC | B50: un | C50: =102000*1.055 -> 107610 | F50: https://www.hidroequipos.com.co/valvulas.html
A51: Tapa en fibra de vidrio de 12'' de diámetro, con manila | B51: un | C51: =115000*1.055 -> 121325 | F51: consulta telefonica FISSAS Y SIPAS tel: 3225262324 4 4446099
A52: Techo tipo invernadero con cubierta en teja traslucida | B52: un | C52: =329900*1.055 -> 348044.5 | F52: https://www.homecenter.com.co/homecenter-co/category/cat5820029/tejas-traslucidas/
A53: Material triturado | B53: m3 | C53: =76514*1.052*1.055 -> 84919.828 | F53: el dato fue sacado de los APUS establecidos por el INVIAS para el valle de aburra en 2024, sumado al IPC (5,2%)
A54: Cemento gris x50kg | B54: kg | C54: =690*1.055 -> 727.95 | F54: https://www.homecenter.com.co/homecenter-co/product/13846/cemento-argos-gris-50kg/13846/
A55: Arena de concreto | B55: m3 | C55: =173500*1.055 -> 183042.5 | F55: Consulta telefónica a Urifer tel: 4448982
A56: Arena de pega | B56: m3 | C56: =115000*1.055 -> 121325 | F56: Consulta telefónica a Urifer tel: 4448982
A57: Triturado 3/4 | B57: m3 | C57: =169900*1.055 -> 179244.5 | F57: Consulta telefónica a Urifer tel: 4448982
A58: Sika 101 Mortero plus x 25 kg | B58: kg | C58: =(131900/25)*1.055 -> 5566.18 | F58: https://www.homecenter.com.co/homecenter-co/product/295420/sika-101-mortero-plus-recubrimiento-impermeable-gris-25kg/295420/
A59: Alambre recocido (negro) No.18 | B59: kg | C59: =7299*1.055 -> 7700.445 | F59: https://gyj.com.co/malambo/alambre-recocido-malambo-trefilados.html
A60: Agua | B60: m3 | C60: =2812*1.055 -> 2966.66 | F60: https://www.epm.com.co/content/dam/epm/clientes-y-usuarios/aguas/tarifas-aguas/2024/05-tarifas-aguas-fact-may-2024.pdf
A61: Varilla de hierro corrugado 3/8 x 6 m | B61: ml | C61: =2161.66666666667*1.055 -> 2280.5583 | F61: https://www.homecenter.com.co/homecenter-co/product/84303/varilla-corrugada-g60-w-3-3-8-pulg-x-6m/84303/
A62: Malla electrosoldada 084 (4,0x4,0mm) 15x15 cm x14m2 | B62: m2 | C62: =6635*1.055 -> 6999.925 | F62: https://www.homecenter.com.co/homecenter-co/product/43266/malla-15x15cm-40mm-xx-084-6x235m/43266/
A63: Ángulo 2x1/8 x 6m | B63: ml | C63: =(66400/6)*1.055 -> 11675.333 | F63: https://www.homecenter.com.co/homecenter-co/product/89828/angulo-6m-x-2-x-1-8-pulg/89828/
A64: Mortero | B64: Dosificación 1:4 | C64: =(537098*1.052)*1.055 -> 596103.59 | F64: el dato fue sacado de los APUS establecidos por el INVIAS para el valle de aburra en 2024, sumado al IPC (5,2%)
A65: Concreto | B65: 2000 psi (140 kg/cm2) | C65: =489782*1.052*1.055 -> 543589.45 | F65: el dato fue sacado de los APUS establecidos por el INVIAS para el valle de aburra en 2024, sumado al IPC (5,2%)
A66: Concreto | B66: 3000 psi (210 kg/cm2) | C66: =540221*1.052*1.055 -> 599569.68 | F66: el dato fue sacado de los APUS establecidos por el INVIAS para el valle de aburra en 2024, sumado al IPC (5,2%)
A67: Mezcladora de trompo | B67: día | C67: =51864*1.055 -> 54716.52 | F67: el dato fue sacado de los APUS establecidos por el INVIAS para el valle de aburra en 2024, sumado al IPC (5,2%)

Sheet VALOR UNITARIO SS Y TG
A1: Ver informe técnico:XXXXXXXX
A3: PRECIOS UNITARIOS SISTEMAS SÉPTICOS 2024
A4: CAPACIDAD DEL SISTEMA | B4: Valor usado 2023 | C4: Valor a usar 2024 | D4: Valor a usar 2025 | E4: Variación | F4: Variación 2024-2025
A5: Suministro sistema séptico y FAFA prefabricado en P.R.F.V (Poliéster Reforzado Con Fibra De Vidrio) con capacidad para atender una población de tres a nueve (3 a 9) habitantes, (incluye: accesorios internos, material filtrante para el FAFA que garanticen un área superficial de contacto ≥ 90m2/m3, tubería de PVC-S ø2" con accesorios y malla mosquitera doble. Volumen de 1,500-1,800 litros | B5: 3363362 | C5: 3661143.2 | D5: =+'ESTUDIO MERCADO '!M8 -> 4063356.2 | E5: =+((C5-B5)/B5) -> 0.088536759 | F5: =+(D5-C5)/C5 -> 0.10985994
A6: Suministro sistema séptico y FAFA prefabricado en P.R.F.V (Poliéster Reforzado Con Fibra De Vidrio) con capacidad para atender una población de diez a quince (10 a 15) habitantes, (incluye: accesorios internos, material filtrante para el FAFA que garanticen un área superficial de contacto ≥ 90m2/m3, tubería de PVC-S ø2" con accesorios y malla mosquitera doble. Volumen de 2,300-2,500 litros | B6: 4185235.3 | C6: 4939807.7 | D6: =+'ESTUDIO MERCADO '!M9 -> 5468740.2 | E6: =+((C6-B6)/B6) -> 0.18029391 | F6: =+(D6-C6)/C6 -> 0.10707552
A7: Suministro sistema séptico y FAFA prefabricado en P.R.F.V (Poliéster Reforzado Con Fibra De Vidrio) con capacidad para atender una población de dieciséis a veinte (16 a 20) habitantes, (incluye: accesorios internos, material filtrante para el FAFA que garanticen un área superficial de contacto ≥ 90m2/m3, tubería de PVC-S ø2" con accesorios y malla mosquitera doble. Volumen de 3,000-3,300 litros | B7: 5849730.9 | C7: 6465339.6 | D7: =+'ESTUDIO MERCADO '!M10 -> 6987834.7 | E7: =+((C7-B7)/B7) -> 0.1052371 | F7: =+(D7-C7)/C7 -> 0.080814795
A8: Suministro sistema séptico y FAFA prefabricado en P.R.F.V (Poliéster Reforzado Con Fibra De Vidrio) con capacidad para atender una población de veinti uno a treinta (21 a 30) habitantes, (incluye: accesorios internos, material filtrante para el FAFA que garanticen un área superficial de contacto ≥ 90m2/m3, tubería de PVC-S ø2" con accesorios y malla mosquitera doble. Volumen de 4,500-5,000 litros | B8: 8197169.8 | C8: 10002387 | D8: =+'ESTUDIO MERCADO '!M11 -> 10937480 | E8: =+((C8-B8)/B8) -> 0.2202244 | F8: =+(D8-C8)/C8 -> 0.093487068
A9: Suministro sistema séptico y FAFA prefabricado en P.R.F.V (Poliéster Reforzado Con Fibra De Vidrio) con capacidad para atender una población de treinta y uno a cuarenta (31 a 40) habitantes, (incluye: accesorios internos, material filtrante para el FAFA que garanticen un área superficial de contacto ≥ 90m2/m3, tubería de PVC-S ø2" con accesorios y malla mosquitera doble. Volumen de 6,000-6,500 litros. | B9: 10990728 | C9: 14138318 | D9: =+'ESTUDIO MERCADO '!M12 -> 15691554 | E9: =+((C9-B9)/B9) -> 0.28638595 | F9: =+(D9-C9)/C9 -> 0.10986002
A10: Suministro sistema séptico y FAFA prefabricado en P.R.F.V (Poliéster Reforzado Con Fibra De Vidrio) con capacidad para atender una población de cuarenta y uno a cincuenta (41 a 50) habitantes, (incluye: accesorios internos, material filtrante para el FAFA que garanticen un área superficial de contacto ≥ 90m2/m3, tubería de PVC-S ø2" con accesorios y malla mosquitera doble. Volumen de 7,500-8,000 litros. | B10: 15032575 | C10: 19019455 | D10: =+'ESTUDIO MERCADO '!M13 -> 21622999 | E10: =+((C10-B10)/B10) -> 0.26521601 | F10: =+(D10-C10)/C10 -> 0.13688844
A11: Suministro sistema séptico y FAFA prefabricado en P.R.F.V (Poliéster Reforzado Con Fibra De Vidrio) con capacidad para atender una población de cincuenta y uno a setenta (51 a 70) habitantes, (incluye: accesorios internos, material filtrante para el FAFA que garanticen un área superficial de contacto ≥ 90m2/m3, tubería de PVC-S ø2" con accesorios y malla mosquitera doble. Volumen de 10,000-12,000 litros. | B11: 19893570 | C11: 22015000 | D11: =+C11*1.052*1.055 -> 24433568 | E11: =+((C11-B11)/B11) -> 0.10663899 | F11: =+(D11-C11)/C11 -> 0.10986
A12: Suministro sistema séptico y FAFA prefabricado en P.R.F.V (Poliéster Reforzado Con Fibra De Vidrio) con capacidad para atender una población de setenta y uno a noventa (71 a 90) habitantes, (incluye: accesorios internos, material filtrante para el FAFA que garanticen un área superficial de contacto ≥ 90m2/m3, tubería de PVC-S ø2" con accesorios y malla mosquitera doble. Volumen > 12,000 litros. | B12: 25060552 | C12: 25060552 | E12: =+((C12-B12)/B12) -> 0 | F12: =+(D12-C12)/C12 -> -1
A13: Suministro de canal de entrada elaborado en P.R.F.V (Poliéster Reforzado con Fibra de Vidrio) L=2,20m | B13: 6082064 | C13: 6707959 | D13: =+'ESTUDIO MERCADO '!M15 -> 7237707.7 | E13: =+((C13-B13)/B13) -> 0.10290832 | F13: =+(D13-C13)/C13 -> 0.078973152
A14: Suministro de lecho de secado elaborado en P.R.F.V (Poliéster Reforzado con Fibra de Vidrio) Ø=1,2m h=1,0m. | B14: 5679063.9 | C14: 6206081 | D14: =+'ESTUDIO MERCADO '!M16 -> 6280108.4 | E14: =+((C14-B14)/B14) -> 0.0928 | F14: =+(D14-C14)/C14 -> 0.011928204
A15: NOTA: LOS PROMEDIOS INCLUYEN IVA DEL 19%
A17: PRECIOS UNITARIOSTRAMPAS DE GRASA 2023
A18: CAPACIDAD DE LA TRAMPA DE GRASA | B18: Valor usado 2023 | C18: Valor a usar 2024 | D18: Valor a usar 2025 | E18: Variación 2023-2024 | F18: Variación 2024-2025
A19: ='A.P.U.'!A107 -> Trampa de grasas prefabricada en P.R.F.V (Poliéster Reforzado con Fibra De Vidrio) con capacidad para atender una población de tres a nueve (3 a 9) habitantes. | B19: 536821.32 | C19: 682582.85 | D19: =+'ESTUDIO MERCADO '!M28 -> 787598.28 | E19: =+((C19-B19)/B19) -> 0.27152709 | F19: =+((D19-C19)/C19) -> 0.15385009
A20: ='A.P.U.'!A132 -> Trampa de grasas prefabricada en P.R.F.V (Poliéster Reforzado con Fibra De Vidrio) con capacidad para atender una población de diez a quince (10 a 15) habitantes. | B20: 596612.9 | C20: 834751.94 | D20: =+'ESTUDIO MERCADO '!M29 -> 1002861.4 | E20: =+((C20-B20)/B20) -> 0.39915168 | F20: =+((D20-C20)/C20) -> 0.20138856
A21: ='A.P.U.'!A157 -> Trampa de grasas prefabricada en P.R.F.V (Poliéster Reforzado con Fibra De Vidrio) con capacidad para atender una población de dieciséis a veinte (16 a 20) habitantes. | B21: 750512.54 | C21: 1022512.2 | D21: =+'ESTUDIO MERCADO '!M30 -> 1190251.3 | E21: =+((C21-B21)/B21) -> 0.36241861 | F21: =+((D21-C21)/C21) -> 0.16404604
A22: ='A.P.U.'!A181 -> Trampa de grasas prefabricada en P.R.F.V (Poliéster Reforzado con Fibra De Vidrio) con capacidad para atender una población de veinti uno a treinta (21 a 30) habitantes. | B22: 849118.14 | C22: 1400949.2 | D22: =+'ESTUDIO MERCADO '!M31 -> 1682618.6 | E22: =+((C22-B22)/B22) -> 0.64988721 | F22: =+((D22-C22)/C22) -> 0.20105616
A23: ='A.P.U.'!A205 -> Trampa de grasas prefabricada en P.R.F.V (Poliéster Reforzado con Fibra De Vidrio) con capacidad para atender una población de treinta y uno a cuarenta (31 a 40) habitantes. | B23: 1491309.9 | C23: 1753394.4 | D23: =+'ESTUDIO MERCADO '!M32 -> 2153819.7 | E23: =+((C23-B23)/B23) -> 0.17574114 | F23: =+((D23-C23)/C23) -> 0.22837146
A24: ='A.P.U.'!A229 -> Trampa de grasas prefabricada en P.R.F.V (Poliéster Reforzado con Fibra De Vidrio) con capacidad para atender una población de cuarenta y uno a cincuenta (41 a 50) habitantes. | B24: 1784901 | C24: 2132791.2 | D24: =+'ESTUDIO MERCADO '!M33 -> 2605162.2 | E24: =+((C24-B24)/B24) -> 0.19490729 | F24: =+((D24-C24)/C24) -> 0.22148017
A25: ='A.P.U.'!A252 -> Trampa de grasas prefabricada en P.R.F.V (Poliéster Reforzado con Fibra De Vidrio) con capacidad para atender una población de cincuenta y uno a setenta (51 a 70) habitantes. | B25: 2756556.8 | C25: 2117419.6 | D25: =+'ESTUDIO MERCADO '!M34 -> 0 | E25: =+((C25-B25)/B25) -> -0.23186069 | F25: =+((D25-C25)/C25) -> -1
A26: ='A.P.U.'!A276 -> Trampa de grasas prefabricada en P.R.F.V (Poliéster Reforzado con Fibra De Vidrio) con capacidad para atender una población de setenta y uno a noventa (71 a 90) habitantes. | B26: 3586383.8 | C26: 3586383.8 | D26: =+'ESTUDIO MERCADO '!M35 -> 0 | E26: =+((C26-B26)/B26) -> 0 | F26: =+((D26-C26)/C26) -> -1
A27: NOTA: LOS VALORES INCLUYEN IVA DEL 19%

Sheet ESTUDIO MERCADO 
B1: Ver informe técnico: xxx
B3: Ejercicio 1. Semáforo: Promedio de valores de cotización para tanques sépticos, canales de entrada y lechos de secado
B4: SUMINISTRO DE SISTEMA SÉPTICO DE ACUERDO A LA CAPACIDAD | C4: 1 | D4: 2 | E4: 3 | F4: 4 | G4: 5 | H4: 6 | I4: 7 | J4: Análisis de datos | K4: Análisis de datos | L4: Análisis de datos | M4: Análisis de datos
C5: Fibraguas SAS | D5: Fibrasing SAS | E5: SoloFibras | F5: Corantioquia indexado | G5: IPB SAS | H5: MaproAguas SAS | I5: Idefibras
C6: 110-COE2501-3474 | D6: 110-COE2501-3492 | E6: 110-COE2502-3672 | F6: 110-IT2407-5980 | G6: 110-COE2502-4165 | H6: 110-COE2502-4194 | I6: 110-COE2502-4196
C7: VALOR CON IVA DEL 19% | D7: VALOR CON IVA DEL 19% | E7: VALOR CON IVA DEL 19% | F7: VALOR CON IVA DEL 19% | G7: VALOR CON IVA DEL 19% | H7: VALOR CON IVA DEL 19% | I7: VALOR CON IVA DEL 19% | J7: Media Geométrica 1 | K7: Media Geométrica 2 | L7: Media Geométrica 3 | M7: MEDIANA
A8: 1 | B8: Suministro sistema séptico y FAFA prefabricado en P.R.F.V (Poliéster Reforzado Con Fibra De Vidrio) con capacidad para atender una población de tres a nueve (3 a 9) habitantes, (incluye: accesorios internos, material filtrante para el FAFA que garanticen un área superficial de contacto ≥ 90m2/m3, tubería de PVC-S ø2" con accesorios y malla mosquitera doble. Recogido en fábrica. Volumen de 1.500-1.800 Litros. | C8: 3058276.2 | D8: 4101555.1 | E8: 4404097.5 | F8: 4063356.2 | G8: 9196975.2 | H8: 2637500 | I8: 4061750 | J8: =+GEOMEAN(C8:I8) -> 4175168.1 | K8: =+GEOMEAN(C8,F8,D8,E8,G8,I8,H8) -> 4175168.1 | L8: =+GEOMEAN(C8,D8,F8,E8,I8) -> 3908193.5 | M8: =+MEDIAN(C8:I8) -> 4063356.2 | N8: =+M8/AD8 -> 1.052 | P8: =+C8*1.055 -> 3226481.4 | Q8: =+D8*1.055 -> 4327140.7 | R8: =+E8*1.055 -> 4646322.9 | S8: =+F8*1.055 -> 4286840.8 | T8: =+G8*1.055 -> 9702808.8 | U8: =+H8*1.055 -> 2782562.5 | V8: =+I8*1.055 -> 4285146.2 | AC8: =+K8/F8 -> 1.0275171 | AD8: =+F8/1.052 -> 3862505.9
A9: 2 | B9: Suministro sistema séptico y FAFA prefabricado en P.R.F.V (Poliéster Reforzado Con Fibra De Vidrio) con capacidad para atender una población de diez a quince (10 a 15) habitantes, (incluye: accesorios internos, material filtrante para el FAFA que garanticen un área superficial de contacto ≥ 90m2/m3, tubería de PVC-S ø2" con accesorios y malla mosquitera doble.Recogido en fábrica. Volumen de 2.300-2.500 Litros. | C9: 5351983.3 | D9: 5468740.2 | E9: 5814105 | F9: 5482606.3 | G9: 18393949 | H9: 5064000 | I9: 4702841.8 | J9: =+GEOMEAN(C9:I9) -> 6333280.4 | K9: =+GEOMEAN(C9,F9,D9,E9,G9,I9,H9) -> 6333280.4 | L9: =+GEOMEAN(C9,D9,F9,E9,I9) -> 5351141.9 | M9: =+MEDIAN(C9:I9) -> 5468740.2 | N9: =+M9/AD9 -> 1.0493394 | P9: =+C9*1.055 -> 5646342.4 | Q9: =+D9*1.055 -> 5769520.9 | R9: =+E9*1.055 -> 6133880.8 | S9: =+F9*1.055 -> 5784149.6 | T9: =+G9*1.055 -> 19405616 | U9: =+H9*1.055 -> 5342520 | V9: =+I9*1.055 -> 4961498.2 | AC9: =+K9/F9 -> 1.1551587 | AD9: =+F9/1.052 -> 5211602.9
A10: 3 | B10: Suministro sistema séptico y FAFA prefabricado en P.R.F.V (Poliéster Reforzado Con Fibra De Vidrio) con capacidad para atender una población de dieciséis a veinte (16 a 20) habitantes, (incluye: accesorios internos, material filtrante para el FAFA que garanticen un área superficial de contacto ≥ 90m2/m3, tubería de PVC-S ø2" con accesorios y malla mosquitera doble. Recogido en fábrica. Volumen de 3.000-3.300 Litros. | C10: 6881121.4 | D10: 6987834.7 | E10: 7468978 | F10: 7175622.3 | G10: 22992437 | H10: 6119000 | I10: 5771672.9 | J10: =+GEOMEAN(C10:I10) -> 7997526.4 | K10: =+GEOMEAN(C10,F10,D10,E10,G10,I10,H10) -> 7997526.4 | L10: =+GEOMEAN(C10,D10,F10,E10,I10) -> 6831009.1 | M10: =+MEDIAN(C10:I10) -> 6987834.7 | N10: =+M10/AD10 -> 1.0244689 | P10: =+C10*1.055 -> 7259583.1 | Q10: =+D10*1.055 -> 7372165.6 | R10: =+E10*1.055 -> 7879771.8 | S10: =+F10*1.055 -> 7570281.5 | T10: =+G10*1.055 -> 24257021 | U10: =+H10*1.055 -> 6455545 | V10: =+I10*1.055 -> 6089114.9 | AC10: =+K10/F10 -> 1.1145412 | AD10: =+F10/1.052 -> 6820933.7
A11: 4 | B11: Suministro sistema séptico y FAFA prefabricado en P.R.F.V (Poliéster Reforzado Con Fibra De Vidrio) con capacidad para atender una población de veinti uno a treinta (21 a 30) habitantes, (incluye: accesorios internos, material filtrante para el FAFA que garanticen un área superficial de contacto ≥ 90m2/m3, tubería de PVC-S ø2" con accesorios y malla mosquitera doble. Recogido en fábrica. Volumen de 4.500-5.000 Litros. | C11: 9939397.6 | D11: 10937480 | E11: 11665346 | F11: 11101249 | G11: 27590924 | H11: 7279500 | I11: 7481796.2 | J11: =+GEOMEAN(C11:I11) -> 11129833 | K11: =+GEOMEAN(C11,F11,D11,E11,G11,I11,H11) -> 11129833 | L11: =+GEOMEAN(C11,D11,F11,E11,I11) -> 10104400 | M11: =+MEDIAN(C11:I11) -> 10937480 | N11: =+M11/AD11 -> 1.0364806 | P11: =+C11*1.055 -> 10486065 | Q11: =+D11*1.055 -> 11539042 | R11: =+E11*1.055 -> 12306940 | S11: =+F11*1.055 -> 11711818 | T11: =+G11*1.055 -> 29108425 | U11: =+H11*1.055 -> 7679872.5 | V11: =+I11*1.055 -> 7893295 | AC11: =+K11/F11 -> 1.0025748 | AD11: =+F11/1.052 -> 10552518
A12: 5 | B12: Suministro sistema séptico y FAFA prefabricado en P.R.F.V (Poliéster Reforzado Con Fibra De Vidrio) con capacidad para atender una población de treinta y uno a cuarenta (31 a 40) habitantes, (incluye: accesorios internos, material filtrante para el FAFA que garanticen un área superficial de contacto ≥ 90m2/m3, tubería de PVC-S ø2" con accesorios y malla mosquitera doble. Recogido en fábrica. Volumen de 6.000-6.500 Litros. | C12: 13762243 | D12: 15950492 | E12: 17131301 | F12: 15691554 | G12: 41386386 | H12: 12660000 | I12: 8764391.4 | J12: =+GEOMEAN(C12:I12) -> 16021555 | K12: =+GEOMEAN(C12,F12,D12,E12,G12,I12,H12) -> 16021555 | L12: =+GEOMEAN(C12,D12,F12,E12,I12) -> 13890832 | M12: =+MEDIAN(C12:I12) -> 15691554 | N12: =+M12/AD12 -> 1.052 | P12: =+C12*1.055 -> 14519166 | Q12: =+D12*1.055 -> 16827769 | R12: =+E12*1.055 -> 18073523 | S12: =+F12*1.055 -> 16554589 | T12: =+G12*1.055 -> 43662637 | U12: =+H12*1.055 -> 13356300 | V12: =+I12*1.055 -> 9246432.9 | AC12: =+K12/F12 -> 1.0210305 | AD12: =+F12/1.052 -> 14915925
A13: 6 | B13: Suministro sistema séptico y FAFA prefabricado en P.R.F.V (Poliéster Reforzado Con Fibra De Vidrio) con capacidad para atender una población de cuarenta y uno a cincuenta (41 a 50) habitantes, (incluye: accesorios internos, material filtrante para el FAFA que garanticen un área superficial de contacto ≥ 90m2/m3, tubería de PVC-S ø2" con accesorios y malla mosquitera doble. Recogido en fábrica. Volumen de 7.500-8.000 Litros. | C13: 17585088 | D13: 22786418 | E13: 22137065 | F13: 21108932 | G13: 45984874 | H13: sin dato | I13: 12612103 | J13: =+GEOMEAN(C13:I13) -> 21842461 | K13: =+GEOMEAN(C13,F13,D13,E13,G13,I13,H13) -> 21842461 | L13: =+GEOMEAN(C13,D13,F13,E13,I13) -> 18820835 | M13: =+MEDIAN(C13:I13) -> 21622999 | N13: =+M13/AD13 -> 1.0776194 | P13: =+C13*1.055 -> 18552268 | Q13: =+D13*1.055 -> 24039670 | R13: =+E13*1.055 -> 23354604 | S13: =+F13*1.055 -> 22269924 | T13: =+G13*1.055 -> 48514042 | U13: =+H13*1.055 -> #VALUE! | V13: =+I13*1.055 -> 13305769 | AC13: =+K13/F13 -> 1.0347497 | AD13: =+F13/1.052 -> 20065525
A14: 7 | B14: Suministro sistema séptico y FAFA prefabricado en P.R.F.V (Poliéster Reforzado Con Fibra De Vidrio) con capacidad para atender una población de cincuenta y uno a setenta (51 a 70) habitantes, (incluye: accesorios internos, material filtrante para el FAFA que garanticen un área superficial de contacto ≥ 90m2/m3, tubería de PVC-S ø2" con accesorios y malla mosquitera doble. Recogido en fábrica. Volumen de 10.000-12.000 Litros. | C14: 24466210 | D14: #VALUE! | E14: 29516052 | F14: #VALUE! | G14: 55181849 | H14: #VALUE! | I14: 16032307 | J14: =+GEOMEAN(C14:I14) -> #VALUE! | K14: =+GEOMEAN(C14,F14,D14,E14,G14,I14,H14) -> #VALUE! | L14: =+GEOMEAN(C14,D14,F14,E14,I14) -> #VALUE! | M14: =+MEDIAN(C14:I14) -> #VALUE! | N14: =+M14/AD14 -> #VALUE! | P14: =+C14*1.055 -> 25811851 | Q14: =+D14*1.055 -> #VALUE! | R14: =+E14*1.055 -> 31139434 | S14: =+F14*1.055 -> #VALUE! | T14: =+G14*1.055 -> 58216851 | U14: =+H14*1.055 -> #VALUE! | V14: =+I14*1.055 -> 16914084 | AC14: =+K14/F14 -> #VALUE! | AD14: =+F14/1.052 -> #VALUE!
A15: 9 | B15: Suministro de canal de entrada elaborado en P.R.F.V (Poliéster Reforzado con Fibra de Vidrio) L=2,20m | C15: 7030520 | D15: 8810305 | E15: 9272395 | F15: 7444895.4 | G15: 5152366.8 | H15: sin dato | I15: 1883175 | J15: =+GEOMEAN(C15:I15) -> 5883752.5 | K15: =+GEOMEAN(C15,F15,D15,E15,G15,I15,H15) -> 5883752.5 | L15: =+GEOMEAN(C15,D15,F15,E15,I15) -> 6042044.5 | M15: =+MEDIAN(C15:I15) -> 7237707.7 | N15: =+M15/AD15 -> 1.0227234 | P15: =+C15*1.055 -> 7417198.6 | Q15: =+D15*1.055 -> 9294871.8 | R15: =+E15*1.055 -> 9782376.7 | S15: =+F15*1.055 -> 7854364.6 | T15: =+G15*1.055 -> 5435747 | U15: =+H15*1.055 -> #VALUE! | V15: =+I15*1.055 -> 1986749.6 | AC15: =+K15/F15 -> 0.79030694 | AD15: =+F15/1.052 -> 7076896.7
A16: 10 | B16: Suministro de lecho de secado elaborado en P.R.F.V (Poliéster Reforzado con Fibra de Vidrio) Ø=1,2m h=1,0m. | C16: 1280559 | D16: 8355019.7 | E16: 9173752.5 | F16: 6280108.4 | G16: 6583579.8 | H16: 3692500 | I16: 4394075 | J16: =+GEOMEAN(C16:I16) -> 4879313.9 | K16: =+GEOMEAN(C16,F16,D16,E16,G16,I16,H16) -> 4879313.9 | L16: =+GEOMEAN(C16,D16,F16,E16,I16) -> 4858987 | M16: =+MEDIAN(C16:I16) -> 6280108.4 | N16: =+M16/AD16 -> 1.052 | P16: =+C16*1.055 -> 1350989.7 | Q16: =+D16*1.055 -> 8814545.8 | R16: =+E16*1.055 -> 9678308.9 | S16: =+F16*1.055 -> 6625514.4 | T16: =+G16*1.055 -> 6945676.7 | U16: =+H16*1.055 -> 3895587.5 | V16: =+I16*1.055 -> 4635749.1 | AC16: =+K16/F16 -> 0.7769474 | AD16: =+F16/1.052 -> 5969684.8
B18: Suministro de canal de entrada y lechos de secado | C18: Valor empleado en la vigencia 2022 | D18: Valor a emplear vigencia 2023 IPC | E18: Valor a emplear vigencia 2024 IPC
C19: 110-IT2207-7799 | D19: IPC 13,12% | E19: IPC 9,28%
B20: Suministro de canal de entrada elaborado en P.R.F.V (Poliéster Reforzado con Fibra de Vidrio) L=2,20m | C20: 5376647.8 | D20: =+C20+C20*13.12% -> 6082064 | E20: =+D20+D20*9.28% -> 6646479.6
B21: Suministro de lecho de secado elaborado en P.R.F.V (Poliéster Reforzado con Fibra de Vidrio) Ø=1,2m h=1,0m. | C21: 5020388.9 | D21: =+C21+C21*13.12% -> 5679063.9 | E21: =+D21+D21*9.28% -> 6206081
B23: ESTUDIO DE MERCADO PARA TRAMPAS DE GRASA VIGENCIA 2025.
B24: SUMINISTRO DE TRAMPA DE GRASA DE ACUERDO A LA CAPACIDAD | C24: 1 | D24: 2 | E24: 3 | F24: 4 | G24: 5 | H24: 6 | I24: 7 | J24: Análisis de datos | K24: Análisis de datos | L24: Análisis de datos | M24: Análisis de datos
C25: Fibraguas SAS | D25: Fibrasing SAS | E25: SoloFibras | F25: Corantioquia indexado | G25: IPB SAS | H25: MAPROAGUAS | I25: IDEFIBRAS
C26: 110-COE2501-3474 | D26: 110-COE2501-3492 | E26: 110-COE2502-3672 | F26: 110-IT2407-5980 | G26: 110-COE2502-4165 | H26: 110-COE2502-4194 | I26: 110-COE2502-4196
C27: VALOR CON IVA DEL 19% | D27: VALOR CON IVA DEL 19% | E27: VALOR CON IVA DEL 19% | F27: VALOR CON IVA DEL 19% | G27: VALOR CON IVA DEL 19% | H27: VALOR CON IVA DEL 19% | I27: VALOR CON IVA DEL 19% | J27: Media Geométrica 1 | K27: Media Geométrica 2 | L27: Media Geométrica 3 | M27: MEDIANA
A28: 1 | B28: Trampa de grasas prefabricada en P.R.F.V (Poliéster Reforzado con Fibra De Vidrio) con capacidad para atender una población de tres a nueve (3-9) habitantes. | C28: 395466.75 | D28: 835501.97 | E28: 817625 | F28: 757571.57 | G28: 2003698.2 | H28: 369250 | I28: sin dato | J28: =+GEOMEAN(C28:I28) -> 730070.3 | K28: =+GEOMEAN(C28,F28,D28,E28) -> 672603.03 | L28: =+GEOMEAN(D28,E28,F28) -> 802863.6 | M28: =+MEDIAN(C28:I28) -> 787598.28 | N28: =+M28/(F28/1.052) -> 1.0936965 | P28: =+C28*1.055 -> 417217.42 | Q28: =+D28*1.055 -> 881454.58 | R28: =+E28*1.055 -> 862594.38 | S28: =+F28*1.055 -> 799238 | T28: =+G28*1.055 -> 2113901.6 | U28: =+H28*1.055 -> 389558.75
A29: 2 | B29: Trampa de grasas prefabricada en P.R.F.V (Poliéster Reforzado con Fibra De Vidrio) con capacidad para atender una población de diez a quince (10-15) habitantes. | C29: 395466.75 | D29: 1139320.9 | E29: 1079265 | F29: 926457.85 | G29: 4007396.4 | H29: 369250 | I29: sin dato | J29: =+GEOMEAN(C29:I29) -> 934649.48 | K29: =+GEOMEAN(C29,F29,G29,H29) -> 858083.62 | L29: =+GEOMEAN(D29,E29,F29) -> 1044399.4 | M29: =+MEDIAN(C29:I29) -> 1002861.4 | N29: =+M29/(F29/1.052) -> 1.1387568 | P29: =+C29*1.055 -> 417217.42 | Q29: =+D29*1.055 -> 1201983.5 | R29: =+E29*1.055 -> 1138624.6 | S29: =+F29*1.055 -> 977413.04 | T29: =+G29*1.055 -> 4227803.2 | U29: =+H29*1.055 -> 389558.75
A30: 3 | B30: Trampa de grasas prefabricada en P.R.F.V (Poliéster Reforzado con Fibra De Vidrio) con capacidad para atender una población de dieciséis a veinte (16 a 20) habitantes. | C30: 395466.75 | D30: 1245657.5 | E30: 1303241.5 | F30: 1134845.2 | G30: 6011094.6 | H30: 369250 | I30: sin dato | J30: =+GEOMEAN(C30:I30) -> 1083404.7 | K30: =+GEOMEAN(C30,F30,G30,H30) -> 999033.76 | L30: =+GEOMEAN(D30,E30,F30) -> 1225895.3 | M30: =+MEDIAN(C30:I30) -> 1190251.3 | N30: =+M30/(F30/1.052) -> 1.1033614 | P30: =+C30*1.055 -> 417217.42 | Q30: =+D30*1.055 -> 1314168.7 | R30: =+E30*1.055 -> 1374919.8 | S30: =+F30*1.055 -> 1197261.7 | T30: =+G30*1.055 -> 6341704.8 | U30: =+H30*1.055 -> 389558.75
A31: 4 | B31: Trampa de grasas prefabricada en P.R.F.V (Poliéster Reforzado con Fibra De Vidrio) con capacidad para atender una población de veinti uno a treinta (21 a 30) habitantes. | C31: 395466.75 | D31: 1822913.4 | E31: 1810380 | F31: 1554857.3 | G31: 8587278 | H31: 1002250 | I31: sin dato | J31: =+GEOMEAN(C31:I31) -> 1610749.4 | K31: =+GEOMEAN(C31,F31,G31,H31) -> 1516729.1 | L31: =+GEOMEAN(D31,E31,F31) -> 1724813.3 | M31: =+MEDIAN(C31:I31) -> 1682618.6 | N31: =+M31/(F31/1.052) -> 1.138442 | P31: =+C31*1.055 -> 417217.42 | Q31: =+D31*1.055 -> 1923173.6 | R31: =+E31*1.055 -> 1909950.9 | S31: =+F31*1.055 -> 1640374.4 | T31: =+G31*1.055 -> 9059578.3 | U31: =+H31*1.055 -> 1057373.7
A32: 5 | B32: Trampa de grasas prefabricada en P.R.F.V (Poliéster Reforzado con Fibra De Vidrio) con capacidad para atender una población de treinta y uno a cuarenta (31 a 40) habitantes. | C32: 395466.75 | D32: 2430551.2 | E32: 2361617.5 | F32: 1946021.9 | G32: 12880917 | H32: 1002250 | I32: sin dato | J32: =+GEOMEAN(C32:I32) -> 1961925.3 | K32: =+GEOMEAN(C32,F32,G32,H32) -> 1775395.6 | L32: =+GEOMEAN(D32,E32,F32) -> 2235393.7 | M32: =+MEDIAN(C32:I32) -> 2153819.7 | N32: =+M32/(F32/1.052) -> 1.1643334 | P32: =+C32*1.055 -> 417217.42 | Q32: =+D32*1.055 -> 2564231.5 | R32: =+E32*1.055 -> 2491506.5 | S32: =+F32*1.055 -> 2053053.1 | T32: =+G32*1.055 -> 13589367 | U32: =+H32*1.055 -> 1057373.7
A33: 6 | B33: Trampa de grasas prefabricada en P.R.F.V (Poliéster Reforzado con Fibra De Vidrio) con capacidad para atender una población de cuarenta y uno a cincuenta (41 a 50) habitantes. | C33: 420575.75 | D33: 3038189 | E33: 2843225 | F33: 2367099.4 | G33: 17174556 | H33: 1002250 | I33: sin dato | J33: =+GEOMEAN(C33:I33) -> 2299983.5 | K33: =+GEOMEAN(C33,F33,G33,H33) -> 2034607.2 | L33: =+GEOMEAN(D33,E33,F33) -> 2734518.3 | M33: =+MEDIAN(C33:I33) -> 2605162.2 | N33: =+M33/(F33/1.052) -> 1.1578012 | P33: =+C33*1.055 -> 443707.42 | Q33: =+D33*1.055 -> 3205289.4 | R33: =+E33*1.055 -> 2999602.4 | S33: =+F33*1.055 -> 2497289.9 | T33: =+G33*1.055 -> 18119157 | U33: =+H33*1.055 -> 1057373.7
A34: 7 | B34: Trampa de grasas prefabricada en P.R.F.V (Poliéster Reforzado con Fibra De Vidrio) con capacidad para atender una población de cincuenta y uno a setenta (51 a 70) habitantes. | C34: NO REPORTA VALOR | D34: NO REPORTA VALOR | E34: NO REPORTA VALOR | F34: NO REPORTA VALOR | G34: 2261000 | H34: 1982957 | I34: 833000 | J34: =+GEOMEAN(C34:I34) -> 1551504.2 | K34: =+GEOMEAN(C34,F34,G34,H34) -> 2117419.6 | L34: =+GEOMEAN(C34,E34,F34,G34,H34) -> 2117419.6

Sheet Análisis precios transporte
A1: Transporte | B1: Valores empleados vigencia 2025
B2: 1 | C2: 2 | D2: 3 | E2: 4 | I2: ANÁLISIS DE DATOS | K2: ANÁLISIS DE DATOS 1 | N2: ANÁLISIS DE DATOS 2
B3: Fibraguas 110-COE2501-3474 | C3: Fibrasing 110-COE2501-3492 | D3: SoloFibras 110-COE2502-3672 | E3: Corantioquia 110-IT2407-5980 | F3: IPB 110-COE2502-4165 | G3: maproaguas 110-COE2502-4194 | H3: IDEFIBRAS SAS 110-COE2502-4196 | I3: Promedio (1) | J3: Promedio (2) | K3: VARIANZA | L3: D. ESTANDAR | M3: COEF. VARIACIÓN | N3: VARIANZA | O3: D. ESTANDAR | P3: COEF. VARIACIÓN | Q3: MEDIANA
A4: Transporte por kilómetro recorrido para un sistema séptico y FAFA prefabricado en P.R.F.V (Poliéster Reforzado Con Fibra De Vidrio) con capacidad para atender una población de tres a nueve (3 a 9) habitantes. Volumen de 1.500-1.800 litros | B4: 12174.7 | C4: 2278.8 | D4: sin dato | E4: 9584.751 | F4: 17174.345 | G4: 7596 | H4: sin dato | I4: =AVERAGE(B4:G4) -> 9761.7192 | J4: =AVERAGE(C4:E4) -> 5931.7755 | K4: =+_xlfn.VAR.P(B4:E4) -> 17557066 | L4: =+SQRT(K4) -> 4190.1152 | M4: =+L4/I4 -> 0.42923948 | N4: =+_xlfn.VAR.P(C4:E4) -> 13344230 | O4: =+SQRT(N4) -> 3652.9755 | P4: =+O4/J4 -> 0.61583172 | Q4: =+MEDIAN(B4:H4) -> 9584.751 | R4: =+B4*1.055 -> 12844.308 | S4: =+C4*1.055 -> 2404.134 | T4: =+D4*1.055 -> #VALUE! | U4: =+E4*1.055 -> 10111.912 | V4: =+F4*1.055 -> 18118.934 | W4: =+G4*1.055 -> 8013.78 | X4: =+H4*1.055 -> #VALUE! | AD4: =+(Q4/(E4/1.052)) -> 1.052 | AE4: =+E4*1.052 -> 10083.158
A5: Transporte por kilómetro recorrido para un sistema séptico y FAFA prefabricado en P.R.F.V (Poliéster Reforzado Con Fibra De Vidrio)con capacidad para atender una población de diez a quince (10 a 15) habitantes. Volumen de 2.300-2.500 litros. | B5: 12174.7 | C5: 2734.56 | D5: sin dato | E5: 9874.4244 | F5: 17174.345 | G5: 7596 | H5: sin dato | I5: =AVERAGE(B5:G5) -> 9910.8059 | J5: =AVERAGE(C5:E5) -> 6304.4922 | K5: =+_xlfn.VAR.P(B5:E5) -> 16153908 | L5: =+SQRT(K5) -> 4019.1925 | M5: =+L5/I5 -> 0.4055364 | N5: =+_xlfn.VAR.P(C5:E5) -> 12744416 | O5: =+SQRT(N5) -> 3569.9322 | P5: =+O5/J5 -> 0.56625214 | Q5: =+MEDIAN(B5:H5) -> 9874.4244 | R5: =+B5*1.055 -> 12844.308 | S5: =+C5*1.055 -> 2884.9608 | T5: =+D5*1.055 -> #VALUE! | U5: =+E5*1.055 -> 10417.518 | V5: =+F5*1.055 -> 18118.934 | W5: =+G5*1.055 -> 8013.78 | X5: =+H5*1.055 -> #VALUE! | AD5: =+(Q5/(E5/1.052)) -> 1.052 | AE5: =+E5*1.052 -> 10387.894
A6: Transporte por kilómetro recorrido para un sistema séptico y FAFA prefabricado en P.R.F.V (Poliéster Reforzado Con Fibra De Vidrio)con capacidad para atender una población dieciséis a veinte (16 a 20) habitantes. Volumen de 3.000-3.300 litros. | B6: 12174.7 | C6: 3342.24 | D6: sin dato | E6: 10133.022 | F6: 17174.345 | G6: 7596 | H6: sin dato | I6: =AVERAGE(B6:G6) -> 10084.061 | J6: =AVERAGE(C6:E6) -> 6737.6309 | K6: =+_xlfn.VAR.P(B6:E6) -> 14255057 | L6: =+SQRT(K6) -> 3775.587 | M6: =+L6/I6 -> 0.37441135 | N6: =+_xlfn.VAR.P(C6:E6) -> 11528679 | O6: =+SQRT(N6) -> 3395.3909 | P6: =+O6/J6 -> 0.50394433 | Q6: =+MEDIAN(B6:H6) -> 10133.022 | R6: =+B6*1.055 -> 12844.308 | S6: =+C6*1.055 -> 3526.0632 | T6: =+D6*1.055 -> #VALUE! | U6: =+E6*1.055 -> 10690.338 | V6: =+F6*1.055 -> 18118.934 | W6: =+G6*1.055 -> 8013.78 | X6: =+H6*1.055 -> #VALUE! | AD6: =+(Q6/(E6/1.052)) -> 1.052 | AE6: =+E6*1.052 -> 10659.939
A7: Transporte por kilómetro recorrido para un sistema séptico y FAFA prefabricado en P.R.F.V (Poliéster Reforzado Con Fibra De Vidrio)con capacidad para atender una población de veinti uno a treinta (21 a 30) habitantes.Volumen de 4.500-5.000 litros. | B7: 12174.7 | C7: 3949.92 | D7: sin dato | E7: 12240.646 | F7: 17174.345 | G7: 7596 | H7: sin dato | I7: =AVERAGE(B7:G7) -> 10627.122 | J7: =AVERAGE(C7:E7) -> 8095.283 | K7: =+_xlfn.VAR.P(B7:E7) -> 15154166 | L7: =+SQRT(K7) -> 3892.8352 | M7: =+L7/I7 -> 0.36631132 | N7: =+_xlfn.VAR.P(C7:E7) -> 17184034 | O7: =+SQRT(N7) -> 4145.363 | P7: =+O7/J7 -> 0.51207141 | Q7: =+MEDIAN(B7:H7) -> 12174.7 | R7: =+B7*1.055 -> 12844.308 | S7: =+C7*1.055 -> 4167.1656 | T7: =+D7*1.055 -> #VALUE! | U7: =+E7*1.055 -> 12913.881 | V7: =+F7*1.055 -> 18118.934 | W7: =+G7*1.055 -> 8013.78 | X7: =+H7*1.055 -> #VALUE! | AD7: =+(Q7/(E7/1.052)) -> 1.0463324 | AE7: =+E7*1.052 -> 12877.16
A8: Transporte por kilómetro recorrido para un sistema séptico y FAFA prefabricado en P.R.F.V (Poliéster Reforzado Con Fibra De Vidrio)con capacidad para atender una población de treinta y uno a cuarenta (31 a 40) habitantes.Volumen de6.000-6.500 litros. | B8: 12174.7 | C8: 5317.2 | D8: sin dato | E8: 14283.898 | F8: 17174.345 | G8: 10550 | H8: sin dato | I8: =AVERAGE(B8:G8) -> 11900.029 | J8: =AVERAGE(C8:E8) -> 9800.5491 | K8: =+_xlfn.VAR.P(B8:E8) -> 14652856 | L8: =+SQRT(K8) -> 3827.9049 | M8: =+L8/I8 -> 0.3216719 | N8: =+_xlfn.VAR.P(C8:E8) -> 20100419 | O8: =+SQRT(N8) -> 4483.3491 | P8: =+O8/J8 -> 0.45745897 | Q8: =+MEDIAN(B8:H8) -> 12174.7 | R8: =+B8*1.055 -> 12844.308 | S8: =+C8*1.055 -> 5609.646 | T8: =+D8*1.055 -> #VALUE! | U8: =+E8*1.055 -> 15069.513 | V8: =+F8*1.055 -> 18118.934 | W8: =+G8*1.055 -> 11130.25 | X8: =+H8*1.055 -> #VALUE! | AD8: =+(Q8/(E8/1.052)) -> 0.8966589 | AE8: =+E8*1.052 -> 15026.661
A9: Transporte por kilómetro recorrido para un sistema séptico y FAFA prefabricado en P.R.F.V (Poliéster Reforzado Con Fibra De Vidrio)con capacidad para atender una población de cuarenta y uno a cincuenta (41 a 50) habitantes. Volumen de 7.500-8.000 litros. | B9: 12174.7 | C9: sin dato | D9: sin dato | E9: sin dato | F9: 17174.345 | G9: 10550 | H9: sin dato | I9: =AVERAGE(B9:G9) -> 13299.682 | J9: =AVERAGE(C9:E9) -> #DIV/0! | K9: =+_xlfn.VAR.P(B9:E9) -> 0 | L9: =+SQRT(K9) -> 0 | M9: =+L9/I9 -> 0 | N9: =+_xlfn.VAR.P(C9:E9) -> #DIV/0! | O9: =+SQRT(N9) -> #DIV/0! | P9: =+O9/J9 -> #DIV/0! | Q9: =+MEDIAN(B9:H9) -> 12174.7 | R9: =+B9*1.055 -> 12844.308 | S9: =+C9*1.055 -> #VALUE! | T9: =+D9*1.055 -> #VALUE! | U9: =+E9*1.055 -> #VALUE! | V9: =+F9*1.055 -> 18118.934 | W9: =+G9*1.055 -> 11130.25 | X9: =+H9*1.055 -> #VALUE! | AD9: =+(Q9/(E9/1.052)) -> #VALUE! | AE9: =+E9*1.052 -> #VALUE!
A10: Transporte por kilómetro recorrido para un sistema séptico y FAFA prefabricado en P.R.F.V (Poliéster Reforzado Con Fibra De Vidrio)con capacidad para atender una población de cincuenta y uno a setenta (51 a 70) habitantes. Volumen de 10.000-12.000 litros. | B10: 12174.7 | C10: sin dato | D10: sin dato | E10: sin dato | F10: 17174.345 | G10: sin dato | H10: sin dato | I10: =AVERAGE(B10:G10) -> 14674.522 | J10: =AVERAGE(C10:E10) -> #DIV/0! | K10: =+_xlfn.VAR.P(B10:E10) -> 0 | L10: =+SQRT(K10) -> 0 | M10: =+L10/I10 -> 0 | N10: =+_xlfn.VAR.P(C10:E10) -> #DIV/0! | O10: =+SQRT(N10) -> #DIV/0! | P10: =+O10/J10 -> #DIV/0! | Q10: =+MEDIAN(B10:H10) -> 14674.522 | R10: =+B10*1.055 -> 12844.308 | S10: =+C10*1.055 -> #VALUE! | T10: =+D10*1.055 -> #VALUE! | U10: =+E10*1.055 -> #VALUE! | V10: =+F10*1.055 -> 18118.934 | W10: =+G10*1.055 -> #VALUE! | X10: =+H10*1.055 -> #VALUE! | AD10: =+(Q10/(E10/1.052)) -> #VALUE! | AE10: =+E10*1.052 -> #VALUE!
